Workbook

Sheet Start Here
B1: Figmetric Take-Home Pay Year Planner
B2: Start here. Enter six numbers. See your year.
B3: Planner v1.1 engine · D3 layout — parameters as of 2026-10-13 · A projection of your year, paycheck by paycheck.
B4: Your paycheck has seasons. Bonuses land, Social Security stops mid-year, 401(k)s fill up — and every one of those moments changes what you actually take home. This planner maps the whole year so you can see them coming.
B6: STEP 1 — THE QUICK SIX · the only numbers you need
B7: 1 · Annual salary ($) | D7: =IF('Your Pay & Benefits'!C4="Annual salary","Your full-year pay before anything is taken out — what your offer letter or HR page calls your salary.","⚠ Pay basis on Your Pay & Benefits is 'Per-check gross' — this box is not in use; the per-check gross lives there.")
B8: 2 · Pay frequency | D8: How often a paycheck lands: Weekly, Biweekly, Semimonthly (twice a month), or Monthly.
B9: 3 · Work state | D9: The state your pay is taxed in. A few states are manual-entry — if yours is, a warning appears below and nothing is silently set to $0.
B10: 4 · Filing status (W-4 Step 1c) | D10: Exactly as on your W-4: Single, MFJ (married filing jointly), or HoH (head of household).
B11: 5 · 401(k) pre-tax (% of pay) | D11: =IF('Your Pay & Benefits'!C30="Percent","Your pre-tax 401(k) / 403(b) / 457 election as a share of gross pay — type 6% as 0.06. Leave blank if you don't contribute.","⚠ 401(k) mode on Your Pay & Benefits is 'Fixed $' — this % box is not in use.")
B12: 6 · First payday of the year | D12: The first payday of the planning year on your employer's cycle — everything is dated from here.
B13: =IF(COUNTA(C7:C12)=6,"✓ All six in — your year is live below.","You've filled "&COUNTA(C7:C12)&" of the 6. Your year builds as you go — nothing is guessed for you: a blank box stays blank.")
B15: YOUR YEAR AT A GLANCE — live from Your Year
B16: First paycheck | C16: Biggest REGULAR paycheck | D16: Biggest paycheck (incl. one-offs) | E16: Take-home for the year
B17: =IF('Your Year'!Y6="","—",'Your Year'!Y6) | C17: =IF(SUM('Your Year'!Y6:Y68)=0,"—",IF(COUNT('Your Year'!CF6:CF68)=0,"—",MAX('Your Year'!CF6:CF68))) | D17: =IF(SUM('Your Year'!Y6:Y68)=0,"—",MAX('Your Year'!Y6:Y68)) | E17: =IF(SUM('Your Year'!Y6:Y68)=0,"—",SUM('Your Year'!Y6:Y68))
B18: =IF('Your Year'!B6="","","on "&TEXT('Your Year'!B6,"mmm d, yyyy")) | C18: a normal payday — one-off payments not counted | D18: =IF(SUM('Your Year'!D6:D68)>0,"includes one-off pay — look for the ★ notes in Your Year","no one-off payments entered") | E18: =IF(SUM('Your Year'!BF6:BF68)=0,"",SUM('Your Year'!BF6:BF68)&" paydays · avg "&TEXT(IFERROR(AVERAGE('Your Year'!Y6:Y68),0),"$#,##0")&" per check")
B19: =IF(OR('Your Pay & Benefits'!$C$4<>"Annual salary",SUM('Your Year'!BF6:BF68)='Your Pay & Benefits'!$C$8),"","⚠ This pay cycle produces "&SUM('Your Year'!BF6:BF68)&" paydays in "&'Your Pay & Benefits'!$C$10&" instead of the standard "&'Your Pay & Benefits'!$C$8&". "&IF('Your Pay & Benefits'!$C$88="Actual paydays","Your salary is divided by "&SUM('Your Year'!BF6:BF68)&" so the year totals your salary (Your Pay & Benefits, row 88).","Your salary is divided by the standard "&'Your Pay & Benefits'!$C$8&" (payroll-style), so the year gross runs over the salary figure (Your Pay & Benefits, row 88)."))
B20: =IF(OR(AND(ISNUMBER(SEARCH("MANUAL",IFERROR(VLOOKUP('Your Pay & Benefits'!$C$21,StateTables!$A$6:$AB$56,5,FALSE),""))),NOT('Your Pay & Benefits'!$C$26),OR('Your Pay & Benefits'!$C$28="",'Your Pay & Benefits'!$C$28<=0)),AND(ISNUMBER(SEARCH("MANUAL",IFERROR(VLOOKUP('Second Earner'!$C$21,StateTables!$A$6:$AB$56,5,FALSE),""))),NOT('Second Earner'!$C$26),OR('Second Earner'!$C$28="",'Second Earner'!$C$28<=0))),"⚠ STATE TAX NOT ENTERED — "&IF(AND(ISNUMBER(SEARCH("MANUAL",IFERROR(VLOOKUP('Your Pay & Benefits'!$C$21,StateTables!$A$6:$AB$56,5,FALSE),""))),NOT('Your Pay & Benefits'!$C$26),OR('Your Pay & Benefits'!$C$28="",'Your Pay & Benefits'!$C$28<=0)),"Earner 1's state ("&'Your Pay & Benefits'!$C$21&") is manual-entry with no per-check amount entered (Your Pay & Benefits, row 28, 'State withholding per check'). ","")&IF(AND(ISNUMBER(SEARCH("MANUAL",IFERROR(VLOOKUP('Second Earner'!$C$21,StateTables!$A$6:$AB$56,5,FALSE),""))),NOT('Second Earner'!$C$26),OR('Second Earner'!$C$28="",'Second Earner'!$C$28<=0)),"Earner 2's state ("&'Second Earner'!$C$21&") is manual-entry with no per-check amount entered (Second Earner, row 28, 'State withholding per check'). ","")&"Until the amount from a recent pay stub is entered, this workbook projects $0 state withholding for that earner and overstates take-home pay.","")
B21: WHAT THIS ASSUMES — every default, in the open
B22: ="Pay — "&IF(OR('Your Pay & Benefits'!C5="",'Your Pay & Benefits'!C5=0),"salary not entered yet",TEXT('Your Pay & Benefits'!C5,"$#,##0")&" a year")&", "&IF(OR('Your Pay & Benefits'!C7="",'Your Pay & Benefits'!C7=0),"frequency not set",'Your Pay & Benefits'!C7)&", first payday "&IF(OR('Your Pay & Benefits'!C9="",'Your Pay & Benefits'!C9=0),"not set",TEXT('Your Pay & Benefits'!C9,"mmm d, yyyy"))&". Pay basis: "&'Your Pay & Benefits'!C4&". → change on Your Pay & Benefits, section 1."
B23: ="W-4 as filed — "&IF(OR('Your Pay & Benefits'!C12="",'Your Pay & Benefits'!C12=0),"filing status not set",'Your Pay & Benefits'!C12)&" · Step 2 box "&IF('Your Pay & Benefits'!C13,"checked","not checked")&" · Step 3 credits "&TEXT('Your Pay & Benefits'!C14,"$#,##0")&" · 4(a) other income "&TEXT('Your Pay & Benefits'!C15,"$#,##0")&" · 4(b) deductions "&TEXT('Your Pay & Benefits'!C16,"$#,##0")&" · 4(c) extra "&TEXT('Your Pay & Benefits'!C17,"$#,##0")&"/check · exempt: "&IF('Your Pay & Benefits'!C18,"YES","no")&" · age at year-end "&'Your Pay & Benefits'!C19&" (drives the 401(k) catch-up cap). → section 2."
B24: ="State — "&IF(OR('Your Pay & Benefits'!C21="",'Your Pay & Benefits'!C21=0),"not set yet",'Your Pay & Benefits'!C21&" · "&'Your Pay & Benefits'!C22&" · "&'Your Pay & Benefits'!C23&" regular allowance(s), "&'Your Pay & Benefits'!C24&" estimated-deduction allowance(s) · extra "&TEXT('Your Pay & Benefits'!C25,"$#,##0")&"/check · method: "&IF(ISNUMBER(SEARCH("MANUAL",IFERROR(VLOOKUP('Your Pay & Benefits'!C21,StateTables!$A$6:$AB$56,5,FALSE),""))),"MANUAL — you enter the per-check amount from your paystub (row 28); leave it blank and the projection uses $0 state tax and says so above","automatic — computed from the state's published method"))&". → section 3."
B25: ="Deductions — 401(k) pre-tax: "&IF('Your Pay & Benefits'!C30="Percent",TEXT('Your Pay & Benefits'!D31,"0.0%")&" of gross",TEXT('Your Pay & Benefits'!D31,"$#,##0")&"/check")&" · Roth: "&IF('Your Pay & Benefits'!C32="Percent",TEXT('Your Pay & Benefits'!D32,"0.0%")&" of gross",TEXT('Your Pay & Benefits'!D32,"$#,##0")&"/check")&" · HSA "&TEXT('Your Pay & Benefits'!D35,"$#,##0")&"/check ("&'Your Pay & Benefits'!C36&") · health FSA "&TEXT('Your Pay & Benefits'!D38,"$#,##0")&"/yr · dependent-care FSA "&TEXT('Your Pay & Benefits'!D39,"$#,##0")&"/yr · premiums "&TEXT('Your Pay & Benefits'!D40+'Your Pay & Benefits'!D41+'Your Pay & Benefits'!D42,"$#,##0")&"/check · other pre-tax "&TEXT('Your Pay & Benefits'!D43+'Your Pay & Benefits'!D44,"$#,##0")&" · post-tax "&TEXT('Your Pay & Benefits'!D45,"$#,##0")&" · imputed income "&TEXT('Your Pay & Benefits'!D46,"$#,##0")&". → section 4."
B26: ="Starting balances — "&IF(SUM('Your Pay & Benefits'!C48:C56)=0,"all zero: a January 1 start at this job is assumed. Starting mid-year? Enter your year-to-date numbers in section 5, or the caps will land late.","year-to-date entered (gross "&TEXT('Your Pay & Benefits'!C48,"$#,##0")&" · 401(k) "&TEXT('Your Pay & Benefits'!C51,"$#,##0")&" · federal withheld "&TEXT('Your Pay & Benefits'!C55,"$#,##0")&")")&" · In-year changes: "&IF(COUNTA('Changes & Events'!C6:C17)=0,"none — no raise assumed.",COUNTA('Changes & Events'!C6:C17)&" entered on Changes & Events.")
B27: ="Second earner — "&IF(OR('Second Earner'!C5="",'Second Earner'!C5=0),"none entered: the household numbers are Earner 1 alone.","Earner 2 earns "&TEXT('Second Earner'!C5,"$#,##0")&" ("&'Second Earner'!C21&") — see Second Earner and Household.")&" · One-off payments: "&IF(SUM('Your Pay & Benefits'!D58:D67)=0,"none entered.",TEXT(SUM('Your Pay & Benefits'!D58:D67),"$#,##0")&" across "&COUNT('Your Pay & Benefits'!C58:C67)&" dated payment(s) in section 6.")
B28: STEP 2 — MAKE IT EXACT (optional, when you're ready)
B29: Your benefits — premiums, HSA, FSA elections: Your Pay & Benefits, section 4. They re-price every check honestly (premiums and HSA also lower FICA; a 401(k) does not).
B30: A bonus or other one-off pay: Your Pay & Benefits, section 6 — it gets its own dated row in Your Year, taxed the way payroll taxes it.
B31: Check the planner against your real paystub: Your Pay & Benefits, section 9 (paystub check) — five lines, side by side, differences explained.
B32: A raise, a move, a new job, a re-filed W-4 mid-year: Changes & Events — each change starts on its own pay date.
B33: A second earner: the Second Earner tab (start with its Yes/No switch). Household merges both calendars; Your Goals reads the combined stream.
B34: Go further: Tax Levers (what each break is worth per check) · Your Goals (can we afford it, and by when) · Year-End True-Up (withholding vs. the real bill) · W-4 Guide (the forms, in plain English) · How This Works & Sources (method, tables, sources).
B35: TRY THE EXAMPLE (optional — see a finished year in 20 seconds)
B36: Type these six into the gold boxes above: salary 95000 · Biweekly · CA · Single · 401(k) 0 · first payday 2026-01-02. You should see: first paycheck $2,668.41 · take-home for the year $69,378.66. Then change the 401(k) box to 0.06 and watch the year re-price — that's the planner working. RESET: clear the six gold boxes — blank is how this file ships, and blank is a valid state.
B38: PLEASE READ — ACCURACY & LIMITS
B39: A projection, not payroll and not tax advice. Withholding is an estimate collected during the year; your final tax is settled when you file.
B40: Precise on mechanics, not 100% precise in outcome. Known drift sources: bonuses/equity withheld at supplemental rates, mid-year raises or job changes (re-run the planner when they happen), and employer payroll quirks (some employers use cumulative/YTD-aware withholding, which can differ from the standard annualized method used here).
... B45: Engine: certified fixbv3 line (values identical to build FM-YP-2026-1013-D2) + 401(k) wiring fix · D3 experience layout · October 13, 2026 · figmetric.com

Sheet Your Pay & Benefits
B1: Your Pay & Benefits — Earner 1 | E1: Two earners? Earner 2 has their own tab: Second Earner →
B2: Start Here drives the six blue cells (change them there). Everything else on this tab is the detail behind them: W-4, state certificate, benefits, starting balances, one-off pay — and the paystub check in section 9.
B3: 1 · Pay & schedule
B4: Pay basis | C4: Annual salary | E4: Choose 'Annual salary' or 'Per-check gross'.
B5: Annual salary ($) | C5: ='Start Here'!C7 | E5: ← set on Start Here (quick six)
B6: OR gross pay per check ($) | C6: 0 | E6: Used only when pay basis is 'Per-check gross'.
B7: Pay frequency | C7: ='Start Here'!C8 | E7: Weekly / Biweekly / Semimonthly / Monthly.
B8: Pay periods per year (auto) | C8: =IF(C7="Weekly",52,IF(C7="Biweekly",26,IF(C7="Semimonthly",24,12)))
B9: First pay date of the year | C9: ='Start Here'!C12 | E9: The first payday of the planning year on your employer's cycle. A biweekly cycle can produce 27 paydays in a year — the schedule handles that naturally.
B10: Planning year | C10: 2026
B11: 2 · Federal Form W-4 (as filed)
B12: Filing status (Step 1c) | C12: ='Start Here'!C10 | E12: Single / MFJ / HoH — exactly as on your W-4.
B13: Step 2 box checked? | C13: FALSE | E13: Only if you checked the multiple-jobs box in Step 2(c).
B14: Step 3 — dependents & credits ($/yr) | C14: 0
B15: Step 4(a) — other income ($/yr) | C15: 0
B16: Step 4(b) — deductions ($/yr) | C16: 0 | E16: Amount above the standard deduction, from the W-4 Deductions Worksheet.
B17: Step 4(c) — extra withholding ($/check) | C17: 0
B18: Exempt from federal withholding? | C18: FALSE
B19: Your age at year-end | C19: 40 | E19: Drives the 401(k) catch-up cap (50+: +$8,000; 60–63: +$11,250).
B20: 3 · State withholding certificate
B21: State | C21: ='Start Here'!C9 | E21: Most states compute live in v0.2 — see StateTables for which, and for the state-specific meaning of the allowance fields below.
B22: State filing status | C22: Single | E22: Single / Married / Head of household (as your state defines them).
B23: State regular allowances / exemptions | C23: 1
B24: State estimated-deduction allowances | C24: 0 | E24: CA DE 4 line 1b (Worksheet B) — one allowance per $1,000 of expected deductions above the standard deduction.
B25: Extra state withholding ($/check) | C25: 0
B26: Exempt from state withholding? | C26: FALSE
B27: Local withholding ($/check, if any) | C27: 0 | E27: Flat per-check local tax (e.g., a city tax your employer withholds). NYC, Yonkers and Philadelphia compute from the section-8 settings below; a generic local rate is also there.
B28: State withholding per check — copy from your paystub ($/check, manual-entry states only) | C28: 0 | E28: =IF(AND(ISNUMBER(SEARCH("MANUAL",IFERROR(VLOOKUP($C$21,StateTables!$A$6:$AB$56,5,FALSE),""))),NOT($C$26),OR($C$28="",$C$28<=0)),"⚠⚠ STATE TAX NOT ENTERED — "&$C$21&" is a manual-entry state and the 'State withholding per check' field in row 28 of this tab is blank or $0, so this plan currently shows $0 state withholding and take-home pay that is too high. Copy the amount from one regular pay stub — the line labeled 'State Tax', 'State WH' or 'ST W/H' beside your state code — into the yellow row-28 field now; until you do, treat every state and net figure in this workbook as INCOMPLETE.",IF(AND(ISNUMBER(SEARCH("MANUAL",IFERROR(VLOOKUP($C$21,StateTables!$A$6:$AB$56,5,FALSE),""))),NOT($C$26)),"✓ Manual-entry state: this plan uses the "&TEXT($C$28,"$#,##0.00")&" per check you copied from your pay stub into row 28 as the "&$C$21&" withholding on every paycheck — update it whenever your stub amount changes.","Manual-entry states only (CT, DC, GA, ME, NC, NM, UT): copy your state withholding per check from a regular pay stub — the line labeled 'State Tax', 'State WH' or 'ST W/H' beside your state code. Every other state ignores this field and computes automatically."))
B29: 4 · Your deductions
B30: 401(k)/403(b)/457 pre-tax — mode | C30: Percent | D30: 0 | E30: Percent = a decimal (0.05 = 5% of gross). Fixed = $ per check. Pre-tax 401(k) lowers income tax but NOT Social Security/Medicare tax.
B31: 401(k)/403(b)/457 pre-tax — value | D31: ='Start Here'!C11 | E31: ← % set on Start Here (quick six)
B32: Roth 401(k) — mode | C32: Percent | D32: 0 | E32: Roth is post-tax but counts toward the same IRS deferral cap as pre-tax.
B33: Roth 401(k) — value
B34: 401(k) deferral cap for you (auto) | C34: =24500+IF(AND(C19>=60,C19<=63),11250,IF(C19>=50,8000,0)) | E34: 2026 IRS cap $24,500 + catch-up by your age.
B35: HSA contribution ($/check, through payroll) | D35: 0 | E35: Through payroll it lowers income tax AND FICA. Requires an HDHP.
B36: HSA coverage tier | C36: Self-only | E36: Self-only / Family.
B37: HSA annual limit for you (auto) | C37: =(IF(C36="Family",'How This Works & Sources'!$C$12,'How This Works & Sources'!$C$11))+IF(C19>=55,1000,0)
B38: Health FSA — annual election ($/yr) | D38: 0 | E38: Spread evenly across checks; the IRS limit is enforced. Use-it-or-lose-it: elect what you will actually spend.
B39: Dependent-care FSA — annual election ($/yr) | D39: 0 | E39: Spread evenly; IRS limit enforced. Both spouses need earned income.
B40: Medical premium ($/check, pre-tax §125) | D40: 0
B41: Dental premium ($/check, pre-tax §125) | D41: 0
B42: Vision premium ($/check, pre-tax §125) | D42: 0
B43: Commuter/parking ($/check, pre-tax) | D43: 0
B44: Other pre-tax deduction ($/check) | D44: 0
B45: Other post-tax deduction ($/check) | D45: 0 | E45: Flat voluntary deductions that do not reduce any tax.
B46: Imputed income ($/check) | D46: 0 | E46: Taxable but not paid in cash (e.g., group-term life over $50K). It raises taxable wages without raising gross pay.
B47: 5 · Starting balances (skip if you start Jan 1 at this job)
B48: Gross wages already paid this year ($) | C48: 0
B49: Social Security wages already taxed ($) | C49: 0 | E49: From your last pay stub's YTD figures. Drives when the SS cap bites.
B50: Medicare wages already taxed ($) | C50: 0 | E50: Drives the $200,000 Additional Medicare threshold.
B51: 401(k) already deferred this year ($) | C51: 0
B52: Health FSA already deferred ($) | C52: 0
B53: Dependent-care FSA already deferred ($) | C53: 0
B54: HSA already contributed ($) | C54: 0
B55: Federal withholding already taken ($, info) | C55: 0 | E55: For your Year-End Year-End True-Up view; not used in the per-check math.
B56: State withholding already taken ($, info) | C56: 0
B57: Date | D57: Amount ($) | E57: 6 · One-off payments (bonuses, commissions, other one-time pay)
B58: One-off #1 | D58: 0 | E58: Each one-off gets its own row in the schedule on its date (or rides the row if it falls on a pay date). Federal withholding follows the method in row 89; states apply their published supplemental rule where one exists. Dates outside the planning year cannot be scheduled — see the warning under the table.
B59: One-off #2 | D59: 0
B60: One-off #3 | D60: 0
B61: One-off #4 | D61: 0
B62: One-off #5 | D62: 0
B63: One-off #6 | D63: 0
B64: One-off #7 | D64: 0
B65: One-off #8 | D65: 0
B66: One-off #9 | D66: 0
B67: One-off #10 | D67: 0
B68: One-off total entered | C68: =SUM(D58:D67)
B69: One-off total scheduled | C69: =SUM('Your Year'!D6:D68) | E69: If these two totals differ, a one-off date falls outside the planning year and could not be scheduled.
B70: =IF(SUMPRODUCT((C58:C67<>"")*(YEAR(C58:C67)<>C10))>0,"⚠ WARNING: a one-off date falls OUTSIDE the planning year — it cannot be scheduled and is excluded above. ","")&IF(SUMPRODUCT((C58:C67<>"")*(COUNTIF(C58:C67,C58:C67)>1))>0,"⚠ NOTE: duplicate one-off dates are combined into a single schedule row.","")
B71: 7 · In-year changes (raises, moves, new employer, new W-4)
B72: Life happens mid-year: use the Changes & Changes & Events tab. Each event takes effect on a pay date and the schedule resolves salary, 401(k), state, W-4, and employer (Social Security cap) changes from that date forward.
B73: 8 · State-specific settings (only the row for your state matters)
B74: MD county tax rate (decimal) | C74: 0.032 | E74: Maryland: your county's flat rate from the MD guide (2.25%–3.30%; Anne Arundel & Frederick are graduated — enter an approximate flat rate). Also used for MD lump-sum bonuses.
B75: MA — number of blind exemptions (you + spouse) | C75: 0 | E75: Massachusetts: each blind person subtracts $110/yr of tax.
B76: IN county tax rate (decimal) | C76: 0 | E76: Indiana: your Jan-1 county of residence rate (0.50%–3.00%, Departmental Notice #1 county table).
B77: NJ rate table letter (from your NJ-W4) | C77: A | E77: New Jersey: the rate table (A–E) you selected on Form NJ-W4.
B78: NYC resident? | C78: FALSE | E78: New York City resident tax applies if you live in NYC.
B79: Yonkers status | C79: None | E79: Resident: 16.75% of your NY State tax. Nonresident: 0.50% earnings tax on Yonkers wages.
B80: Philadelphia status | C80: None | E80: Philadelphia wage tax on gross pay: resident 3.74% → 3.735% from Jul 1, 2026; nonresident 3.43% → 3.425%.
B81: Local income-tax rate (decimal, generic) | C81: 0 | E81: Any other local wage tax your employer withholds as a % of gross pay (e.g., a PA Act 32 EIT or an Ohio/Kentucky city tax). Added to row 27's flat amount; not used for NYC/Yonkers/Philadelphia.
B82: AZ elected withholding % (decimal) | C82: 0.02 | E82: Arizona: the percentage you elected on Form A-4 (menu 0.5%–3.5% of federal taxable wages; 2.0% is the no-form default).
B83: Spouse works? (two-earner household) | C83: FALSE | E83: Missouri: married with a working spouse uses the $16,100 standard deduction; spouse not working uses $32,200.
B84: LA standard-deduction claim (0 / 1 / 2) | C84: 1 | E84: Louisiana Form L-4 Block A: 0 = none, 1 = single/MFS amount ($12,875), 2 = joint/HoH amount ($25,750).
B85: MS total exemption claimed ($/yr) | C85: 6000 | E85: Mississippi Form 89-350 Line 6 total: e.g. Single $6,000; Married $12,000; plus $1,500 per dependent; +$1,500 per age-65/blind condition.
B86: IN adopted-child exemptions (count) | C86: 0 | E86: Indiana WH-4 line 8: $3,000/yr each (other dependents use row 24 at $1,500/yr each).
B87: How rows 23–24 are read, by state: CA — DE 4 lines 1a/1b. KS — row 23 counts $9,160 personal exemptions (MFJ = 2 built in), row 24 counts $2,320 dependents. GA — row 24 counts $5,000 dependents. IA — row 23 counts $40 allowance units from your IA W-4 dollar total. VA — row 23 counts $930 exemptions, row 24 counts $800 age-65/blind exemptions. IN — rows 23/24/86 as labeled. Most other states: row 23 = exemptions/allowances on your state certificate, row 24 unused.
B88: Salary split in a 27/53-payday year | C88: Actual paydays | E88: Some years have 27 biweekly (or 53 weekly) paydays. 'Actual paydays' divides your annual salary by the real count so the year totals your salary; 'Standard periods' divides by 26/52 the way payroll does, so gross runs over salary. Applies only when the schedule starts in January (mid-year starters keep the standard split — use 'Per-check gross' for an exact check amount). Withholding annualization always uses standard periods.
B89: One-off (bonus) federal withholding method | C89: Flat 22% | E89: Flat 22%: the IRS optional flat rate on supplemental wages — available only when federal tax was withheld from your regular wages in the current or prior year (Pub 15). Aggregate: the bonus is taxed as extra annual wages at your marginal bracket. States keep their own published supplemental rules either way.
B91: 9 · Paystub check — calibrate against your last real check (optional)
B92: Copy the lines from ONE recent, ordinary paystub (no bonus, no arrears) for Earner 1. The planner puts its own first scheduled check beside yours. This check changes NOTHING by itself — any fix is entered by you, in the open, as the labeled adjustment in row 101.
B93: Line from your paystub | C93: Your last stub | D93: Planner's first check | E93: Difference | F93: What a difference usually means
B94: Gross pay | D94: =IF('Your Year'!$B$6="","",'Your Year'!C6) | E94: =IF(OR($C94="",$D94=""),"",$C94-$D94) | F94: A different salary or frequency — re-check quick six 1–2.
B95: Federal withholding | D95: =IF('Your Year'!$B$6="","",'Your Year'!P6) | E95: =IF(OR($C95="",$D95=""),"",$C95-$D95) | F95: The W-4 on file differs from section 2 (credits, 4(a)–4(c)).
B96: Social Security | D96: =IF('Your Year'!$B$6="","",'Your Year'!Q6) | E96: =IF(OR($C96="",$D96=""),"",$C96-$D96) | F96: Year-to-date wages (section 5) move the wage-base cap.
B97: Medicare (incl. additional) | D97: =IF('Your Year'!$B$6="","",'Your Year'!R6+'Your Year'!S6) | E97: =IF(OR($C97="",$D97=""),"",$C97-$D97) | F97: Includes the 0.9% additional Medicare tax once wages pass $200,000 (single) / $250,000 (MFJ).
B98: State withholding (incl. state programs) | D98: =IF('Your Year'!$B$6="","",'Your Year'!T6+'Your Year'!U6) | E98: =IF(OR($C98="",$D98=""),"",$C98-$D98) | F98: State certificate (section 3) — or a manual-state amount (row 28).
B99: NET PAY | D99: =IF('Your Year'!$B$6="","",'Your Year'!Y6) | E99: =IF(OR($C99="",$D99=""),"",$C99-$D99) | F99: The line that matters — see the verdict below.
B100: =IF(OR($C$99="",$D$99=""),"Enter your stub's net pay (row 99) — and the lines above — to see the verdict.",IF(ABS($E$99)<=MAX(5,0.01*ABS($C$99)),"✓ CLOSE ENOUGH — your stub and the planner agree within "&TEXT(ABS($E$99),"$#,##0.00")&" on the net line. Small gaps are normal: rounding, or a deduction that lands unevenly.","⚠ THE FIVE NUMBERS DON'T RECONCILE — net differs by "&TEXT(ABS($E$99),"$#,##0.00")&". Work down the Difference column: the biggest gap names the cause — a wrong frequency, a deduction not yet in section 4, or a mid-year start that needs section 5 balances. Fix the cause; don't paper over it."))
B101: LABELED ADJUSTMENT — "Paystub calibration": if one line differs by the same amount every check and you cannot find the cause, enter the federal difference as extra withholding (Step 4(c), row 17) and the state difference as extra state withholding (row 25), and note it as paystub calibration. The difference is filed under that label — never blended silently into the tax math, and the engine's own numbers stay untouched.
...

Sheet Your Year
B1: Your Year — Earner 1, paycheck by paycheck
B2: Paydays projected: | C2: =SUM(BF6:BF68) | D2: Total gross: | E2: =SUM(C6:C68)+SUM(D6:D68) | F2: Projected annual take-home: | G2: =SUM(Y6:Y68)
B3: Total federal WH: | C3: =SUM(P6:P68) | D3: Total FICA: | E3: =SUM(Q6:Q68)+SUM(R6:R68)+SUM(S6:S68) | F3: Total state WH: | G3: =SUM(T6:T68)
B4: ★ notes appear on the exact checks where a cap or threshold changes your pay. Type each real net into 'Actual net' as the year unfolds. ⚠ Manual-entry states: if the per-check amount on Your Pay & Benefits row 28 is blank, the State WH column is shaded red and shows $0 — that is missing data, not a real zero.
A5: # | B5: Pay date | C5: Gross pay | D5: One-off pay | E5: 401(k) pre-tax | F5: Roth 401(k) | G5: HSA | H5: Health FSA | I5: Dep-care FSA | J5: Premiums (§125) | K5: Other pre-tax | L5: Imputed income | M5: Federal taxable wages | N5: FICA wages | O5: State taxable wages | P5: Federal WH | Q5: Social Security | R5: Medicare | S5: Addl Medicare | T5: State WH | U5: State programs | V5: Local WH | W5: Other post-tax | X5: Total deducted | Y5: NET PAY | Z5: YTD gross | AA5: YTD net | AB5: SS wages YTD | AC5: 401(k) YTD | AD5: ★ Cap events | AE5: Actual net (you fill in) | AF5: Variance | AG5: Medicare wages YTD | AH5: Fed adj. annual wage (engine) | AI5: State annual wages (engine) | AJ5: State taxable, annual (engine) | AK5: Salary basis (resolved) | AL5: 401(k) mode (resolved) | AM5: 401(k) value (resolved) | AN5: State (resolved) | AO5: W-4 Step 3 (resolved) | AP5: W-4 4(a) (resolved) | AQ5: W-4 4(b) (resolved) | AR5: W-4 4(c) (resolved) | AS5: State reg allow. (resolved) | AT5: State est allow. (resolved) | AU5: State status (resolved) | AV5: Employer segment | AW5: Seg. SS marker (engine) | AX5: Seg. SS start balance (engine) | AY5: State annual wages, regular (engine) | AZ5: State taxable wages, annual (engine) | BA5: State bracket tax, annual (engine) | BB5: State direct tax / credits, annual (engine) | BC5: State one-off tax (engine) | BD5: FICA $ YTD (engine) | BE5: Payday count (engine) | BF5: Is payday row (engine) | BG5: Health FSA YTD (engine) | BH5: Dep-care FSA YTD (engine) | BI5: HSA YTD (engine) | BJ5: Health FSA election (resolved) | BK5: Dep-care FSA election (resolved) | BL5: HSA $/check (resolved) | BM5: Premiums $/check (resolved) | BN5: Commuter $/check (resolved) | BO5: Other pre-tax $/check (resolved) | BP5: Other post-tax $/check (resolved) | BQ5: Health FSA stopped (engine) | BR5: Dep-care FSA stopped (engine) | BS5: Health FSA event-started (engine) | BT5: Dep-care FSA event-started (engine) | BU5: Federal marginal rate (engine) | BV5: State marginal rate (engine) | BW5: State bracket tax, annual (engine) — part 1 of 3 | BX5: State bracket tax, annual (engine) — part 2 of 3 | BY5: State bracket tax, annual (engine) — part 3 of 3 | BZ5: State marginal rate (engine) — part 1 of 4 | CA5: State marginal rate (engine) — part 2 of 4 | CB5: State marginal rate (engine) — part 3 of 4 | CC5: State marginal rate (engine) — part 4 of 4 | CD5: Next scheduled pay date (engine) | CE5: Next one-off date (engine) | CF5: Regular net (strip helper)
A6: 1 | B6: =IF(AND($CD6="",$CE6=""),"",IF($CE6="",$CD6,IF($CD6="",$CE6,MIN($CD6,$CE6)))) | C6: =IF($B6="","",IF($BF6=0,0,IF('Your Pay & Benefits'!$C$4="Annual salary",ROUND($AK6/IF(AND('Your Pay & Benefits'!$C$88="Actual paydays",MONTH('Your Pay & Benefits'!$C$9)=1),MAX(1,MAX($BE$6:$BE$68)),'Your Pay & Benefits'!$C$8),2),$AK6))) | D6: =IF($B6="","",SUMIF('Your Pay & Benefits'!$C$58:$C$67,$B6,'Your Pay & Benefits'!$D$58:$D$67)) | E6: =IF($B6="","",ROUND(MAX(0,MIN(IF($AL6="Percent",$AM6*($C6+$D6),$AM6),MAX(0,'Your Pay & Benefits'!$C$34-'Your Pay & Benefits'!$C$51))),2)) | F6: =IF($B6="","",ROUND(MAX(0,MIN(IF('Your Pay & Benefits'!$C$32="Percent",'Your Pay & Benefits'!$D$32*($C6+$D6),'Your Pay & Benefits'!$D$32),MAX(0,'Your Pay & Benefits'!$C$34-'Your Pay & Benefits'!$C$51-$E6))),2)) | G6: =IF($B6="","",IF($BF6=0,0,ROUND(MAX(0,MIN($BL6,'Your Pay & Benefits'!$C$37-'Your Pay & Benefits'!$C$54-0)),2))) | H6: =IF($B6="","",IF(OR($BF6=0,$BQ6=1),0,ROUND(MAX(0,MIN(IF($BS6=1,ROUND(MAX(0,MIN($BJ6,'How This Works & Sources'!$C$13)-'Your Pay & Benefits'!$C$52)/MAX(1,MAX($BE$6:$BE$68)-(0)),2),ROUND(MIN($BJ6,'How This Works & Sources'!$C$13)/'Your Pay & Benefits'!$C$8,2)),MIN($BJ6,'How This Works & Sources'!$C$13)-'Your Pay & Benefits'!$C$52)),2))) | I6: =IF($B6="","",IF(OR($BF6=0,$BR6=1),0,ROUND(MAX(0,MIN(IF($BT6=1,ROUND(MAX(0,MIN($BK6,IF('Your Pay & Benefits'!$C$12="MFJ",'How This Works & Sources'!$C$14,'How This Works & Sources'!$C$15))-'Your Pay & Benefits'!$C$53)/MAX(1,MAX($BE$6:$BE$68)-(0)),2),ROUND(MIN($BK6,IF('Your Pay & Benefits'!$C$12="MFJ",'How This Works & Sources'!$C$14,'How This Works & Sources'!$C$15))/'Your Pay & Benefits'!$C$8,2)),MIN($BK6,IF('Your Pay & Benefits'!$C$12="MFJ",'How This Works & Sources'!$C$14,'How This Works & Sources'!$C$15))-'Your Pay & Benefits'!$C$53)),2))) | J6: =IF($B6="","",IF($BF6=0,0,$BM6)) | K6: =IF($B6="","",IF($BF6=0,0,$BN6+$BO6)) | L6: =IF($B6="","",IF($BF6=0,0,'Your Pay & Benefits'!$D$46)) | M6: =IF($B6="","",$C6+$D6+$L6-$E6-$G6-$H6-$I6-$J6-$K6) | N6: =IF($B6="","",$C6+$D6+$L6-$G6-$H6-$I6-$J6-$K6) | O6: =IF($B6="","",$C6+$D6+$L6-$E6-$H6-$I6-$J6-$K6-IF(OR($AN6="CA",$AN6="NJ"),0,$G6)) | P6: =IF($B6="","",IF('Your Pay & Benefits'!$C$18,0,ROUND(MAX(0,IF('Your Pay & Benefits'!$C$13,SUMPRODUCT(($AH6>INDEX('How This Works & Sources'!$B$29:$J$36,0,IF('Your Pay & Benefits'!$C$12="MFJ",1,IF('Your Pay & Benefits'!$C$12="HoH",7,4))))*($AH6-INDEX('How This Works & Sources'!$B$29:$J$36,0,IF('Your Pay & Benefits'!$C$12="MFJ",1,IF('Your Pay & Benefits'!$C$12="HoH",7,4))))*INDEX('How This Works & Sources'!$B$29:$J$36,0,IF('Your Pay & Benefits'!$C$12="MFJ",1,IF('Your Pay & Benefits'!$C$12="HoH",7,4))+2)),SUMPRODUCT(($AH6>INDEX('How This Works & Sources'!$B$19:$J$26,0,IF('Your Pay & Benefits'!$C$12="MFJ",1,IF('Your Pay & Benefits'!$C$12="HoH",7,4))))*($AH6-INDEX('How This Works & Sources'!$B$19:$J$26,0,IF('Your Pay & Benefits'!$C$12="MFJ",1,IF('Your Pay & Benefits'!$C$12="HoH",7,4))))*INDEX('How This Works & Sources'!$B$19:$J$26,0,IF('Your Pay & Benefits'!$C$12="MFJ",1,IF('Your Pay & Benefits'!$C$12="HoH",7,4))+2)))/'Your Pay & Benefits'!$C$8-$AO6/'Your Pay & Benefits'!$C$8)+$AR6+IF('Your Pay & Benefits'!$C$89="Aggregate",MAX(0,IF('Your Pay & Benefits'!$C$13,SUMPRODUCT((($AH6+$D6)>INDEX('How This Works & Sources'!$B$29:$J$36,0,IF('Your Pay & Benefits'!$C$12="MFJ",1,IF('Your Pay & Benefits'!$C$12="HoH",7,4))))*(($AH6+$D6)-INDEX('How This Works & Sources'!$B$29:$J$36,0,IF('Your Pay & Benefits'!$C$12="MFJ",1,IF('Your Pay & Benefits'!$C$12="HoH",7,4))))*INDEX('How This Works & Sources'!$B$29:$J$36,0,IF('Your Pay & Benefits'!$C$12="MFJ",1,IF('Your Pay & Benefits'!$C$12="HoH",7,4))+2)),SUMPRODUCT((($AH6+$D6)>INDEX('How This Works & Sources'!$B$19:$J$26,0,IF('Your Pay & Benefits'!$C$12="MFJ",1,IF('Your Pay & Benefits'!$C$12="HoH",7,4))))*(($AH6+$D6)-INDEX('How This Works & Sources'!$B$19:$J$26,0,IF('Your Pay & Benefits'!$C$12="MFJ",1,IF('Your Pay & Benefits'!$C$12="HoH",7,4))))*INDEX('How This Works & Sources'!$B$19:$J$26,0,IF('Your Pay & Benefits'!$C$12="MFJ",1,IF('Your Pay & Benefits'!$C$12="HoH",7,4))+2)))-IF('Your Pay & Benefits'!$C$13,SUMPRODUCT(($AH6>INDEX('How This Works & Sources'!$B$29:$J$36,0,IF('Your Pay & Benefits'!$C$12="MFJ",1,IF('Your Pay & Benefits'!$C$12="HoH",7,4))))*($AH6-INDEX('How This Works & Sources'!$B$29:$J$36,0,IF('Your Pay & Benefits'!$C$12="MFJ",1,IF('Your Pay & Benefits'!$C$12="HoH",7,4))))*INDEX('How This Works & Sources'!$B$29:$J$36,0,IF('Your Pay & Benefits'!$C$12="MFJ",1,IF('Your Pay & Benefits'!$C$12="HoH",7,4))+2)),SUMPRODUCT(($AH6>INDEX('How This Works & Sources'!$B$19:$J$26,0,IF('Your Pay & Benefits'!$C$12="MFJ",1,IF('Your Pay & Benefits'!$C$12="HoH",7,4))))*($AH6-INDEX('How This Works & Sources'!$B$19:$J$26,0,IF('Your Pay & Benefits'!$C$12="MFJ",1,IF('Your Pay & Benefits'!$C$12="HoH",7,4))))*INDEX('How This Works & Sources'!$B$19:$J$26,0,IF('Your Pay & Benefits'!$C$12="MFJ",1,IF('Your Pay & Benefits'!$C$12="HoH",7,4))+2)))),'How This Works & Sources'!$C$10*$D6),2))) | Q6: =IF($B6="","",ROUND('How This Works & Sources'!$C$4*MIN($N6,MAX(0,'How This Works & Sources'!$C$3-($AX6+'Your Pay & Benefits'!$C$49-$AW6))),2)) | R6: =IF($B6="","",ROUND('How This Works & Sources'!$C$5*$N6,2)) | S6: =IF($B6="","",ROUND('How This Works & Sources'!$C$6*MAX(0,MIN($N6,'Your Pay & Benefits'!$C$50+$N6-'How This Works & Sources'!$C$7)),2)) | T6: =IF($B6="","",IF('Your Pay & Benefits'!$C$26,0,IF($AN6="CA",ROUND(IF($AI6<=IF(($AS6+$AT6)>=2,VLOOKUP($AN6,StateTables!$A$6:$AB$56,10,FALSE),VLOOKUP($AN6,StateTables!$A$6:$AB$56,9,FALSE)),0,MAX(0,SUMPRODUCT(($AJ6>INDEX('How This Works & Sources'!$B$39:$J$48,0,IF($AU6="Married",4,IF($AU6="Head of household",7,1))))*($AJ6-INDEX('How This Works & Sources'!$B$39:$J$48,0,IF($AU6="Married",4,IF($AU6="Head of household",7,1))))*INDEX('How This Works & Sources'!$B$39:$J$48,0,IF($AU6="Married",4,IF($AU6="Head of household",7,1))+2))-VLOOKUP($AN6,StateTables!$A$6:$AB$56,11,FALSE)*$AS6)/'Your Pay & Benefits'!$C$8)+'Your Pay & Benefits'!$C$25+VLOOKUP($AN6,StateTables!$A$6:$AB$56,13,FALSE)*$D6,2),IF(VLOOKUP($AN6,StateTables!$A$6:$AB$56,4,FALSE)="None",0,IF(ISNUMBER(SEARCH("MANUAL",VLOOKUP($AN6,StateTables!$A$6:$AB$56,5,FALSE))),'Your Pay & Benefits'!$C$28,ROUND(MAX(0,$BA6+$BB6)/'Your Pay & Benefits'!$C$8+'Your Pay & Benefits'!$C$25+$BC6,2)))))) | U6: =IF($B6="","",IF(VLOOKUP($AN6,StateTables!$A$6:$AB$56,24,FALSE)="flatq",IF(OR(MONTH($B6)=1,MONTH($B6)=4,MONTH($B6)=7,MONTH($B6)=10),VLOOKUP($AN6,StateTables!$A$6:$AB$56,25,FALSE),0),IF(VLOOKUP($AN6,StateTables!$A$6:$AB$56,24,FALSE)="dbl",MIN(ROUND(0.005*$N6,2),ROUND(0.6*52/'Your Pay & Benefits'!$C$8,2)),IF(OR(VLOOKUP($AN6,StateTables!$A$6:$AB$56,15,FALSE)="",VLOOKUP($AN6,StateTables!$A$6:$AB$56,15,FALSE)=0),0,ROUND(VLOOKUP($AN6,StateTables!$A$6:$AB$56,15,FALSE)*IF(OR(VLOOKUP($AN6,StateTables!$A$6:$AB$56,16,FALSE)="",VLOOKUP($AN6,StateTables!$A$6:$AB$56,16,FALSE)=0),$N6,MIN($N6,MAX(0,VLOOKUP($AN6,StateTables!$A$6:$AB$56,16,FALSE)-($AX6+'Your Pay & Benefits'!$C$49-$AW6)))),2))))+IF(VLOOKUP($AN6,StateTables!$A$6:$AB$56,27,FALSE)="flatq",IF(OR(MONTH($B6)=1,MONTH($B6)=4,MONTH($B6)=7,MONTH($B6)=10),VLOOKUP($AN6,StateTables!$A$6:$AB$56,28,FALSE),0),IF(VLOOKUP($AN6,StateTables!$A$6:$AB$56,27,FALSE)="dbl",MIN(ROUND(0.005*$N6,2),ROUND(0.6*52/'Your Pay & Benefits'!$C$8,2)),IF(OR(VLOOKUP($AN6,StateTables!$A$6:$AB$56,18,FALSE)="",VLOOKUP($AN6,StateTables!$A$6:$AB$56,18,FALSE)=0),0,ROUND(VLOOKUP($AN6,StateTables!$A$6:$AB$56,18,FALSE)*IF(OR(VLOOKUP($AN6,StateTables!$A$6:$AB$56,19,FALSE)="",VLOOKUP($AN6,StateTables!$A$6:$AB$56,19,FALSE)=0),$N6,MIN($N6,MAX(0,VLOOKUP($AN6,StateTables!$A$6:$AB$56,19,FALSE)-($AX6+'Your Pay & Benefits'!$C$49-$AW6)))),2))))) | V6: =IF($B6="","",IF($AN6="NY",IF('Your Pay & Benefits'!$C$78,ROUND(SUMPRODUCT((MAX(0,($O6-$D6)*'Your Pay & Benefits'!$C$8-(IF($AU6="Married",5500,5000)+1000*$AS6))>INDEX('How This Works & Sources'!$B$184:$J$198,0,4))*(MAX(0,($O6-$D6)*'Your Pay & Benefits'!$C$8-(IF($AU6="Married",5500,5000)+1000*$AS6))-INDEX('How This Works & Sources'!$B$184:$J$198,0,4))*INDEX('How This Works & Sources'!$B$184:$J$198,0,4+2))/'Your Pay & Benefits'!$C$8+0.0425*$D6,2),0)+IF('Your Pay & Benefits'!$C$79="Resident",ROUND(0.1675*$T6,2),IF('Your Pay & Benefits'!$C$79="Nonresident",ROUND(0.005*MAX(0,($O6-$D6)-(IF($AU6="Married",7950,7400)+1000*$AS6)/'Your Pay & Benefits'!$C$8),2),0)),IF($AN6="PA",IF('Your Pay & Benefits'!$C$80="None",'Your Pay & Benefits'!$C$27+ROUND('Your Pay & Benefits'!$C$81*($C6+$D6),2),ROUND(IF('Your Pay & Benefits'!$C$80="Resident",IF($B6<DATE(2026,7,1),0.0374,0.03735),IF($B6<DATE(2026,7,1),0.0343,0.03425))*($C6+$D6),2)),IF($BF6=0,ROUND('Your Pay & Benefits'!$C$81*($C6+$D6),2),'Your Pay & Benefits'!$C$27+ROUND('Your Pay & Benefits'!$C$81*($C6+$D6),2))))) | W6: =IF($B6="","",IF($BF6=0,0,$BP6)) | X6: =IF($B6="","",SUM($E6:$K6)+$P6+$Q6+$R6+$S6+$T6+$U6+$V6+$W6) | Y6: =IF($B6="","",$C6+$D6-$X6) | Z6: =IF($B6="","",'Your Pay & Benefits'!$C$48+$C6+$D6) | AA6: =IF($B6="","",0+$Y6) | AB6: =IF($B6="","",'Your Pay & Benefits'!$C$49+MIN($N6,MAX(0,'How This Works & Sources'!$C$3-($AX6+'Your Pay & Benefits'!$C$49-$AW6)))) | AC6: =IF($B6="","",'Your Pay & Benefits'!$C$51+$E6+$F6) | AD6: =IF($B6="","",IF(AND('Your Pay & Benefits'!$C$49<'How This Works & Sources'!$C$3,$AB6>='How This Works & Sources'!$C$3),"★ Social Security maxed on this check — from the next check your net rises by about $"&TEXT(ROUND('How This Works & Sources'!$C$4*$N6,2),"#,##0.00")&". ","")&IF(AND('Your Pay & Benefits'!$C$51<'Your Pay & Benefits'!$C$34,$AC6>='Your Pay & Benefits'!$C$34),"★ 401(k) reaches the $"&TEXT('Your Pay & Benefits'!$C$34,"#,##0")&" cap on this check — deferrals stop and net pay rises. ","")&IF(AND('Your Pay & Benefits'!$C$50<'How This Works & Sources'!$C$7,$AG6>='How This Works & Sources'!$C$7),"★ Wages pass $200,000 — the 0.9% Additional Medicare Tax starts here. ","")&IF(AND($BJ6>0,$H6>0,'Your Pay & Benefits'!$C$52<MIN($BJ6,'How This Works & Sources'!$C$13),'Your Pay & Benefits'!$C$52+$H6>=MIN($BJ6,'How This Works & Sources'!$C$13)),"★ Health FSA election is now fully deferred for the year. ","")) | AF6: =IF(OR($B6="",$AE6=""),"",$AE6-$Y6) | AG6: =IF($B6="","",'Your Pay & Benefits'!$C$50+$N6) | AH6: =IF($B6="","",MAX(0,($M6-$D6)*'Your Pay & Benefits'!$C$8+$AP6-$AQ6-IF('Your Pay & Benefits'!$C$13,0,IF('Your Pay & Benefits'!$C$12="MFJ",'How This Works & Sources'!$C$8,'How This Works & Sources'!$C$9)))) | AI6: =IF($B6="","",$O6*'Your Pay & Benefits'!$C$8) | AJ6: =IF($B6="","",MAX(0,$AI6-VLOOKUP($AN6,StateTables!$A$6:$AB$56,12,FALSE)*$AT6-IF(($AS6+$AT6)>=2,VLOOKUP($AN6,StateTables!$A$6:$AB$56,8,FALSE),VLOOKUP($AN6,StateTables!$A$6:$AB$56,7,FALSE)))) | AK6: =IF($B6="","",IFERROR(LOOKUP(2,1/(('Changes & Events'!$C$6:$C$17="Salary change")*('Changes & Events'!$B$6:$B$17<=$B6)*('Changes & Events'!$B$6:$B$17<>"")),'Changes & Events'!$D$6:$D$17),IF('Your Pay & Benefits'!$C$4="Annual salary",'Your Pay & Benefits'!$C$5,'Your Pay & Benefits'!$C$6))) | AL6: =IF($B6="","",IFERROR(LOOKUP(2,1/(('Changes & Events'!$C$6:$C$17="401(k) change")*('Changes & Events'!$B$6:$B$17<=$B6)*('Changes & Events'!$B$6:$B$17<>"")),'Changes & Events'!$D$6:$D$17),'Your Pay & Benefits'!$C$30)) | AM6: =IF($B6="","",IFERROR(LOOKUP(2,1/(('Changes & Events'!$C$6:$C$17="401(k) change")*('Changes & Events'!$B$6:$B$17<=$B6)*('Changes & Events'!$B$6:$B$17<>"")),'Changes & Events'!$E$6:$E$17),'Your Pay & Benefits'!$D$31)) | AN6: =IF($B6="","",IFERROR(LOOKUP(2,1/(('Changes & Events'!$C$6:$C$17="State move")*('Changes & Events'!$B$6:$B$17<=$B6)*('Changes & Events'!$B$6:$B$17<>"")),'Changes & Events'!$D$6:$D$17),'Your Pay & Benefits'!$C$21)) | AO6: =IF($B6="","",IFERROR(LOOKUP(2,1/(('Changes & Events'!$C$6:$C$17="W-4 change")*('Changes & Events'!$B$6:$B$17<=$B6)*('Changes & Events'!$B$6:$B$17<>"")),'Changes & Events'!$D$6:$D$17),'Your Pay & Benefits'!$C$14)) | AP6: =IF($B6="","",IFERROR(LOOKUP(2,1/(('Changes & Events'!$C$6:$C$17="W-4 change")*('Changes & Events'!$B$6:$B$17<=$B6)*('Changes & Events'!$B$6:$B$17<>"")),'Changes & Events'!$E$6:$E$17),'Your Pay & Benefits'!$C$15)) | AQ6: =IF($B6="","",IFERROR(LOOKUP(2,1/(('Changes & Events'!$C$6:$C$17="W-4 change")*('Changes & Events'!$B$6:$B$17<=$B6)*('Changes & Events'!$B$6:$B$17<>"")),'Changes & Events'!$F$6:$F$17),'Your Pay & Benefits'!$C$16)) | AR6: =IF($B6="","",IFERROR(LOOKUP(2,1/(('Changes & Events'!$C$6:$C$17="W-4 change")*('Changes & Events'!$B$6:$B$17<=$B6)*('Changes & Events'!$B$6:$B$17<>"")),'Changes & Events'!$G$6:$G$17),'Your Pay & Benefits'!$C$17)) | AS6: =IF($B6="","",IFERROR(LOOKUP(2,1/((('Changes & Events'!$C$6:$C$17="State move")+('Changes & Events'!$C$6:$C$17="State cert change"))*('Changes & Events'!$B$6:$B$17<=$B6)*('Changes & Events'!$B$6:$B$17<>"")),'Changes & Events'!$F$6:$F$17),'Your Pay & Benefits'!$C$23)) | AT6: =IF($B6="","",IFERROR(LOOKUP(2,1/((('Changes & Events'!$C$6:$C$17="State move")+('Changes & Events'!$C$6:$C$17="State cert change"))*('Changes & Events'!$B$6:$B$17<=$B6)*('Changes & Events'!$B$6:$B$17<>"")),'Changes & Events'!$G$6:$G$17),'Your Pay & Benefits'!$C$24)) | AU6: =IF($B6="","",IFERROR(LOOKUP(2,1/(('Changes & Events'!$C$6:$C$17="State move")*('Changes & Events'!$B$6:$B$17<=$B6)*('Changes & Events'!$B$6:$B$17<>"")),'Changes & Events'!$E$6:$E$17),'Your Pay & Benefits'!$C$22)) | AV6: =IF($B6="","",1+COUNTIFS('Changes & Events'!$C$6:$C$17,"Employer change",'Changes & Events'!$B$6:$B$17,"<="&$B6,'Changes & Events'!$B$6:$B$17,"<>")) | AW6: =IF($B6="","",IF($AV6=1,'Your Pay & Benefits'!$C$49,IF(IFERROR(MATCH(IFERROR(LOOKUP(2,1/(('Changes & Events'!$C$6:$C$17="Employer change")*('Changes & Events'!$B$6:$B$17<=$B6)*('Changes & Events'!$B$6:$B$17<>"")),'Changes & Events'!$B$6:$B$17),""),$B$6:$B$68,1),1)<=1,'Your Pay & Benefits'!$C$49,INDEX($AB$6:$AB$68,MATCH(IFERROR(LOOKUP(2,1/(('Changes & Events'!$C$6:$C$17="Employer change")*('Changes & Events'!$B$6:$B$17<=$B6)*('Changes & Events'!$B$6:$B$17<>"")),'Changes & Events'!$B$6:$B$17),""),$B$6:$B$68,1)-1)))) | AX6: =IF($B6="","",IF($AV6=1,'Your Pay & Benefits'!$C$49,IFERROR(LOOKUP(2,1/(('Changes & Events'!$C$6:$C$17="Employer change")*('Changes & Events'!$B$6:$B$17<=$B6)*('Changes & Events'!$B$6:$B$17<>"")),'Changes & Events'!$D$6:$D$17),0))) | AY6: =IF($B6="","",($O6-$D6)*'Your Pay & Benefits'!$C$8) | AZ6: =IF($B6="","",IF($AN6="AL",MAX(0,$AY6-IF($AU6="Married",IF($AY6<=25999,8500,MAX(5000,8500-175*CEILING(($AY6-25999)/500,1))),IF($AU6="Head of household",IF($AY6<=25999,5200,MAX(2500,5200-135*CEILING(($AY6-25999)/500,1))),IF($AY6<=25999,3000,MAX(2500,3000-25*CEILING(($AY6-25999)/500,1)))))-($P6-'How This Works & Sources'!$C$10*$D6)*'Your Pay & Benefits'!$C$8-IF(OR($AU6="Married",$AU6="Head of household"),3000,1500)-$AT6*IF($AY6<=50000,1000,IF($AY6<=100000,500,300))),IF($AN6="AR",IF(MAX(0,$AY6-2470)<97701,INT(MAX(0,$AY6-2470)/100)*100+50,MAX(0,$AY6-2470)),IF($AN6="DE",MAX(0,$AI6-3250),IF($AN6="HI",MAX(0,$AI6-1144*$AS6-4350),IF($AN6="KS",MAX(0,$AI6-(9160*IF($AU6="Married",2,1)+2320*$AT6+IF($AU6="Head of household",2320,0))),IF($AN6="MD",MAX(0,$AI6-3400-3200*$AS6),IF($AN6="MN",MAX(0,$AY6-5300*$AS6),IF($AN6="MO",MAX(0,$AI6-IF($AU6="Head of household",24150,IF($AU6="Married",IF('Your Pay & Benefits'!$C$83,16100,32200),16100))),IF($AN6="MT",$AY6,IF($AN6="ND",($C6+$L6)*'Your Pay & Benefits'!$C$8,IF($AN6="NE",MAX(0,$AY6-2440*$AS6),IF($AN6="NJ",MAX(0,$AY6-1000*$AS6),IF($AN6="NY",MAX(0,$AY6-(IF($AU6="Married",7950,7400)+1000*$AS6)),IF($AN6="OH",MAX(0,$AY6-650*$AS6),IF($AN6="OK",MAX(0,$AY6-1000*$AS6),IF($AN6="RI",MAX(0,$AI6-1000*$AS6),IF($AN6="SC",MAX(0,$AI6-5000*$AS6-IF($AS6=0,0,MIN(0.1*$AI6,7500))),IF($AN6="VA",MAX(0,$AI6-IF($AU6="Married",17500,8750)-930*$AS6-800*$AT6),IF($AN6="VT",MAX(0,$AI6-5400*$AS6),IF($AN6="WI",MAX(0,$AI6-MAX(0,IF($AU6="Married",9461-0.2*MAX(0,$AI6-25727),6702-0.12*MAX(0,$AI6-17780)))-400*$AS6),IF($AN6="WV",MAX(0,$AI6-2000*$AS6),$AI6)))))))))))))))))))))) | BA6: =IF($B6="","",IF($BW6<>"",$BW6,IF($BX6<>"",$BX6,IF($BY6<>"",$BY6,0)))) | BB6: =IF($B6="","",IF($AN6="AR",-29*$AS6,IF($AN6="DE",-110*$AS6,IF($AN6="MD",$AZ6*'Your Pay & Benefits'!$C$74,IF($AN6="AZ",'Your Pay & Benefits'!$C$82*($M6-$D6)*'Your Pay & Benefits'!$C$8,IF($AN6="CO",0.044*MAX(0,$AY6-IF($AU6="Married",10000,5000)),IF($AN6="IA",MAX(0,0.038*MAX(0,$AY6-IF($AU6="Head of household",19500,IF($AU6="Married",26000,13000)))-40*$AS6),IF($AN6="ID",0.053*MAX(0,$AY6-IF($AU6="Married",32000,16094)),IF($AN6="IL",0.0495*MAX(0,$AY6-(2925*$AS6+1000*$AT6)),IF($AN6="IN",(0.0295+'Your Pay & Benefits'!$C$76)*MAX(0,$AY6-(1000*$AS6+1500*$AT6+3000*'Your Pay & Benefits'!$C$86)),IF($AN6="KY",0.035*MAX(0,$AI6-3360),IF($AN6="LA",IF('Your Pay & Benefits'!$C$84="0",0.0309*$AI6,0.0309*MAX(0,$AI6-IF('Your Pay & Benefits'!$C$84="2",25750,12875))),IF($AN6="MA",0.05*MIN(MAX(0,$AY6-MIN((0+$Q6+$R6+$S6),2000)-IF($AS6=0,0,IF($AS6=1,4400,1000*$AS6+3400))),1107750)+0.09*MAX(0,MAX(0,$AY6-MIN((0+$Q6+$R6+$S6),2000)-IF($AS6=0,0,IF($AS6=1,4400,1000*$AS6+3400)))-1107750)-IF($AU6="Head of household",120,0)-110*'Your Pay & Benefits'!$C$75,IF($AN6="MI",0.0425*MAX(0,$AY6-5900*$AS6),IF($AN6="MS",0.04*MAX(0,$AI6-IF($AU6="Head of household",3400,IF($AU6="Married",4600,2300))-'Your Pay & Benefits'!$C$85-10000),IF($AN6="OR",IF(OR($AU6="Married",AND($AU6="Single",$AS6>=3)),SUMPRODUCT((MAX(0,$AY6-MIN(($P6-'How This Works & Sources'!$C$10*$D6)*'Your Pay & Benefits'!$C$8,IF(OR($AU6="Married",AND($AU6="Single",$AS6>=3)),IF($AY6<250000,8750,IF($AY6<260000,7000,IF($AY6<270000,5250,IF($AY6<280000,3500,IF($AY6<290000,1750,0))))),IF($AY6<125000,8750,IF($AY6<130000,7000,IF($AY6<135000,5250,IF($AY6<140000,3500,IF($AY6<145000,1750,0)))))))-IF(OR($AU6="Married",AND($AU6="Single",$AS6>=3)),5820,2910))>INDEX('How This Works & Sources'!$B$211:$J$214,0,4))*(MAX(0,$AY6-MIN(($P6-'How This Works & Sources'!$C$10*$D6)*'Your Pay & Benefits'!$C$8,IF(OR($AU6="Married",AND($AU6="Single",$AS6>=3)),IF($AY6<250000,8750,IF($AY6<260000,7000,IF($AY6<270000,5250,IF($AY6<280000,3500,IF($AY6<290000,1750,0))))),IF($AY6<125000,8750,IF($AY6<130000,7000,IF($AY6<135000,5250,IF($AY6<140000,3500,IF($AY6<145000,1750,0)))))))-IF(OR($AU6="Married",AND($AU6="Single",$AS6>=3)),5820,2910))-INDEX('How This Works & Sources'!$B$211:$J$214,0,4))*INDEX('How This Works & Sources'!$B$211:$J$214,0,4+2)),SUMPRODUCT((MAX(0,$AY6-MIN(($P6-'How This Works & Sources'!$C$10*$D6)*'Your Pay & Benefits'!$C$8,IF(OR($AU6="Married",AND($AU6="Single",$AS6>=3)),IF($AY6<250000,8750,IF($AY6<260000,7000,IF($AY6<270000,5250,IF($AY6<280000,3500,IF($AY6<290000,1750,0))))),IF($AY6<125000,8750,IF($AY6<130000,7000,IF($AY6<135000,5250,IF($AY6<140000,3500,IF($AY6<145000,1750,0)))))))-IF(OR($AU6="Married",AND($AU6="Single",$AS6>=3)),5820,2910))>INDEX('How This Works & Sources'!$B$211:$J$214,0,1))*(MAX(0,$AY6-MIN(($P6-'How This Works & Sources'!$C$10*$D6)*'Your Pay & Benefits'!$C$8,IF(OR($AU6="Married",AND($AU6="Single",$AS6>=3)),IF($AY6<250000,8750,IF($AY6<260000,7000,IF($AY6<270000,5250,IF($AY6<280000,3500,IF($AY6<290000,1750,0))))),IF($AY6<125000,8750,IF($AY6<130000,7000,IF($AY6<135000,5250,IF($AY6<140000,3500,IF($AY6<145000,1750,0)))))))-IF(OR($AU6="Married",AND($AU6="Single",$AS6>=3)),5820,2910))-INDEX('How This Works & Sources'!$B$211:$J$214,0,1))*INDEX('How This Works & Sources'!$B$211:$J$214,0,1+2)))+263-263*IF(IF($AU6="Married",$AY6>200000,$AY6>100000),0,$AS6),IF($AN6="PA",0.0307*(($O6+$E6+$G6)*'Your Pay & Benefits'!$C$8),IF($AN6="NY",IF($AU6="Married",IF($AZ6>=2155350,0,IF($AZ6>=1077550,0.48,IF($AZ6>=373200,1.21,IF($AZ6>=323200,0.21,IF($AZ6>=211550,-0.19,IF($AZ6>=157650,-2.8,IF($AZ6>=107650,-0.8,IF($AZ6>=96800,0.05,IF($AZ6>=80650,-0.1,IF($AZ6>=13900,0.4,IF($AZ6>=11700,-0.3,IF($AZ6>=8500,0.5,0)))))))))))),IF($AZ6>=1077550,0,IF($AZ6>=265400,4.29,IF($AZ6>=215400,2.29,IF($AZ6>=157650,2.29,IF($AZ6>=107650,0.29,IF($AZ6>=96800,0.05,IF($AZ6>=80650,-0.1,IF($AZ6>=13900,0.4,IF($AZ6>=11700,-0.3,IF($AZ6>=8500,0.5,0))))))))))),0)))))))))))))))))) | BC6: =IF($B6="","",IF($AN6="AL",0.05*$D6,IF($AN6="AR",0.039*$D6,IF($AN6="ID",0.053*$D6,IF($AN6="IN",(0.0295+'Your Pay & Benefits'!$C$76)*$D6,IF($AN6="KS",0.05*$D6,IF($AN6="MA",0.09*MIN($D6,MAX(0,MAX(0,$AY6-MIN((0+$Q6+$R6+$S6),2000)-IF($AS6=0,0,IF($AS6=1,4400,1000*$AS6+3400)))+$D6-1107750))+0.05*($D6-MIN($D6,MAX(0,MAX(0,$AY6-MIN((0+$Q6+$R6+$S6),2000)-IF($AS6=0,0,IF($AS6=1,4400,1000*$AS6+3400)))+$D6-1107750))),IF($AN6="MD",(0.065+'Your Pay & Benefits'!$C$74)*$D6,IF($AN6="MI",0.0425*$D6,IF($AN6="MN",0.0625*$D6,IF($AN6="MO",0.047*$D6,IF($AN6="MT",0.05*$D6,IF($AN6="ND",0.015*$D6,IF($AN6="NE",0.035*$D6,IF($AN6="NJ",IF('Your Pay & Benefits'!$C$77="B",SUMPRODUCT(($D6*'Your Pay & Benefits'!$C$8>INDEX('How This Works & Sources'!$B$155:$J$162,0,4))*($D6*'Your Pay & Benefits'!$C$8-INDEX('How This Works & Sources'!$B$155:$J$162,0,4))*INDEX('How This Works & Sources'!$B$155:$J$162,0,4+2)),IF('Your Pay & Benefits'!$C$77="C",SUMPRODUCT(($D6*'Your Pay & Benefits'!$C$8>INDEX('How This Works & Sources'!$B$155:$J$162,0,7))*($D6*'Your Pay & Benefits'!$C$8-INDEX('How This Works & Sources'!$B$155:$J$162,0,7))*INDEX('How This Works & Sources'!$B$155:$J$162,0,7+2)),IF('Your Pay & Benefits'!$C$77="D",SUMPRODUCT(($D6*'Your Pay & Benefits'!$C$8>INDEX('How This Works & Sources'!$B$167:$J$179,0,1))*($D6*'Your Pay & Benefits'!$C$8-INDEX('How This Works & Sources'!$B$167:$J$179,0,1))*INDEX('How This Works & Sources'!$B$167:$J$179,0,1+2)),IF('Your Pay & Benefits'!$C$77="E",SUMPRODUCT(($D6*'Your Pay & Benefits'!$C$8>INDEX('How This Works & Sources'!$B$167:$J$179,0,4))*($D6*'Your Pay & Benefits'!$C$8-INDEX('How This Works & Sources'!$B$167:$J$179,0,4))*INDEX('How This Works & Sources'!$B$167:$J$179,0,4+2)),SUMPRODUCT(($D6*'Your Pay & Benefits'!$C$8>INDEX('How This Works & Sources'!$B$155:$J$162,0,1))*($D6*'Your Pay & Benefits'!$C$8-INDEX('How This Works & Sources'!$B$155:$J$162,0,1))*INDEX('How This Works & Sources'!$B$155:$J$162,0,1+2))))))/'Your Pay & Benefits'!$C$8,IF($AN6="NY",0.117*$D6,IF($AN6="OH",0.0275*$D6,IF($AN6="OK",0.045*$D6,IF($AN6="OR",0.08*$D6,IF($AN6="WI",IF($AY6<12760,0.0354,IF($AY6<25520,0.0465,IF($AY6<280950,0.053,0.0765)))*$D6,0)))))))))))))))))))) | BD6: =IF($B6="","",0+$Q6+$R6+$S6) | BE6: =IF($B6="",0,0+$BF6) | BF6: =IF($B6="","",IF(AND(IF(YEAR(IF('Your Pay & Benefits'!$C$7="Weekly",'Your Pay & Benefits'!$C$9+7*((0+1)-1),IF('Your Pay & Benefits'!$C$7="Biweekly",'Your Pay & Benefits'!$C$9+14*((0+1)-1),IF('Your Pay & Benefits'!$C$7="Semimonthly",DATE(YEAR('Your Pay & Benefits'!$C$9),MONTH('Your Pay & Benefits'!$C$9)+INT(((0+1)-1)/2),MIN(DAY('Your Pay & Benefits'!$C$9),DAY(EOMONTH(DATE(YEAR('Your Pay & Benefits'!$C$9),MONTH('Your Pay & Benefits'!$C$9)+INT(((0+1)-1)/2),1),0))))+IF(MOD((0+1)-1,2)=1,15,0),EDATE('Your Pay & Benefits'!$C$9,(0+1)-1)))))<>'Your Pay & Benefits'!$C$10,"",IF('Your Pay & Benefits'!$C$7="Weekly",'Your Pay & Benefits'!$C$9+7*((0+1)-1),IF('Your Pay & Benefits'!$C$7="Biweekly",'Your Pay & Benefits'!$C$9+14*((0+1)-1),IF('Your Pay & Benefits'!$C$7="Semimonthly",DATE(YEAR('Your Pay & Benefits'!$C$9),MONTH('Your Pay & Benefits'!$C$9)+INT(((0+1)-1)/2),MIN(DAY('Your Pay & Benefits'!$C$9),DAY(EOMONTH(DATE(YEAR('Your Pay & Benefits'!$C$9),MONTH('Your Pay & Benefits'!$C$9)+INT(((0+1)-1)/2),1),0))))+IF(MOD((0+1)-1,2)=1,15,0),EDATE('Your Pay & Benefits'!$C$9,(0+1)-1)))))<>"",$B6=IF(YEAR(IF('Your Pay & Benefits'!$C$7="Weekly",'Your Pay & Benefits'!$C$9+7*((0+1)-1),IF('Your Pay & Benefits'!$C$7="Biweekly",'Your Pay & Benefits'!$C$9+14*((0+1)-1),IF('Your Pay & Benefits'!$C$7="Semimonthly",DATE(YEAR('Your Pay & Benefits'!$C$9),MONTH('Your Pay & Benefits'!$C$9)+INT(((0+1)-1)/2),MIN(DAY('Your Pay & Benefits'!$C$9),DAY(EOMONTH(DATE(YEAR('Your Pay & Benefits'!$C$9),MONTH('Your Pay & Benefits'!$C$9)+INT(((0+1)-1)/2),1),0))))+IF(MOD((0+1)-1,2)=1,15,0),EDATE('Your Pay & Benefits'!$C$9,(0+1)-1)))))<>'Your Pay & Benefits'!$C$10,"",IF('Your Pay & Benefits'!$C$7="Weekly",'Your Pay & Benefits'!$C$9+7*((0+1)-1),IF('Your Pay & Benefits'!$C$7="Biweekly",'Your Pay & Benefits'!$C$9+14*((0+1)-1),IF('Your Pay & Benefits'!$C$7="Semimonthly",DATE(YEAR('Your Pay & Benefits'!$C$9),MONTH('Your Pay & Benefits'!$C$9)+INT(((0+1)-1)/2),MIN(DAY('Your Pay & Benefits'!$C$9),DAY(EOMONTH(DATE(YEAR('Your Pay & Benefits'!$C$9),MONTH('Your Pay & Benefits'!$C$9)+INT(((0+1)-1)/2),1),0))))+IF(MOD((0+1)-1,2)=1,15,0),EDATE('Your Pay & Benefits'!$C$9,(0+1)-1)))))),1,0)) | BG6: =IF($B6="","",'Your Pay & Benefits'!$C$52+$H6) | BH6: =IF($B6="","",'Your Pay & Benefits'!$C$53+$I6) | BI6: =IF($B6="","",0+$G6) | BJ6: =IF($B6="","",IFERROR(LOOKUP(2,1/(((('Changes & Events'!$C$6:$C$17="Deduction start"))*('Changes & Events'!$D$6:$D$17="Health FSA"))*('Changes & Events'!$B$6:$B$17<=$B6)*('Changes & Events'!$B$6:$B$17<>"")),'Changes & Events'!$E$6:$E$17),'Your Pay & Benefits'!$D$38)) | BK6: =IF($B6="","",IFERROR(LOOKUP(2,1/(((('Changes & Events'!$C$6:$C$17="Deduction start"))*('Changes & Events'!$D$6:$D$17="Dependent-care FSA"))*('Changes & Events'!$B$6:$B$17<=$B6)*('Changes & Events'!$B$6:$B$17<>"")),'Changes & Events'!$E$6:$E$17),'Your Pay & Benefits'!$D$39)) | BL6: =IF($B6="","",IFERROR(LOOKUP(2,1/(((('Changes & Events'!$C$6:$C$17="Deduction start")+('Changes & Events'!$C$6:$C$17="Deduction stop"))*('Changes & Events'!$D$6:$D$17="HSA"))*('Changes & Events'!$B$6:$B$17<=$B6)*('Changes & Events'!$B$6:$B$17<>"")),'Changes & Events'!$I$6:$I$17),'Your Pay & Benefits'!$D$35)) | BM6: =IF($B6="","",IFERROR(LOOKUP(2,1/(((('Changes & Events'!$C$6:$C$17="Deduction start")+('Changes & Events'!$C$6:$C$17="Deduction stop"))*('Changes & Events'!$D$6:$D$17="Premiums"))*('Changes & Events'!$B$6:$B$17<=$B6)*('Changes & Events'!$B$6:$B$17<>"")),'Changes & Events'!$I$6:$I$17),'Your Pay & Benefits'!$D$40+'Your Pay & Benefits'!$D$41+'Your Pay & Benefits'!$D$42)) | BN6: =IF($B6="","",IFERROR(LOOKUP(2,1/(((('Changes & Events'!$C$6:$C$17="Deduction start")+('Changes & Events'!$C$6:$C$17="Deduction stop"))*('Changes & Events'!$D$6:$D$17="Commuter"))*('Changes & Events'!$B$6:$B$17<=$B6)*('Changes & Events'!$B$6:$B$17<>"")),'Changes & Events'!$I$6:$I$17),'Your Pay & Benefits'!$D$43)) | BO6: =IF($B6="","",IFERROR(LOOKUP(2,1/(((('Changes & Events'!$C$6:$C$17="Deduction start")+('Changes & Events'!$C$6:$C$17="Deduction stop"))*('Changes & Events'!$D$6:$D$17="Other pre-tax"))*('Changes & Events'!$B$6:$B$17<=$B6)*('Changes & Events'!$B$6:$B$17<>"")),'Changes & Events'!$I$6:$I$17),'Your Pay & Benefits'!$D$44)) | BP6: =IF($B6="","",IFERROR(LOOKUP(2,1/(((('Changes & Events'!$C$6:$C$17="Deduction start")+('Changes & Events'!$C$6:$C$17="Deduction stop"))*('Changes & Events'!$D$6:$D$17="Other post-tax"))*('Changes & Events'!$B$6:$B$17<=$B6)*('Changes & Events'!$B$6:$B$17<>"")),'Changes & Events'!$I$6:$I$17),'Your Pay & Benefits'!$D$45)) | BQ6: =IF($B6="","",IFERROR(LOOKUP(2,1/(((('Changes & Events'!$C$6:$C$17="Deduction start")+('Changes & Events'!$C$6:$C$17="Deduction stop"))*('Changes & Events'!$D$6:$D$17="Health FSA"))*('Changes & Events'!$B$6:$B$17<=$B6)*('Changes & Events'!$B$6:$B$17<>"")),'Changes & Events'!$J$6:$J$17),0)) | BR6: =IF($B6="","",IFERROR(LOOKUP(2,1/(((('Changes & Events'!$C$6:$C$17="Deduction start")+('Changes & Events'!$C$6:$C$17="Deduction stop"))*('Changes & Events'!$D$6:$D$17="Dependent-care FSA"))*('Changes & Events'!$B$6:$B$17<=$B6)*('Changes & Events'!$B$6:$B$17<>"")),'Changes & Events'!$J$6:$J$17),0)) | BS6: =IF($B6="","",IF(SUMPRODUCT(('Changes & Events'!$C$6:$C$17="Deduction start")*('Changes & Events'!$B$6:$B$17<=$B6)*('Changes & Events'!$B$6:$B$17<>"")*('Changes & Events'!$D$6:$D$17="Health FSA"))>0,1,0)) | BT6: =IF($B6="","",IF(SUMPRODUCT(('Changes & Events'!$C$6:$C$17="Deduction start")*('Changes & Events'!$B$6:$B$17<=$B6)*('Changes & Events'!$B$6:$B$17<>"")*('Changes & Events'!$D$6:$D$17="Dependent-care FSA"))>0,1,0)) | BU6: =IF($B6="","",IF('Your Pay & Benefits'!$C$13,SUMPRODUCT(($AH6>=INDEX('How This Works & Sources'!$B$29:$J$36,0,IF('Your Pay & Benefits'!$C$12="MFJ",1,IF('Your Pay & Benefits'!$C$12="HoH",7,4))))*INDEX('How This Works & Sources'!$B$29:$J$36,0,IF('Your Pay & Benefits'!$C$12="MFJ",1,IF('Your Pay & Benefits'!$C$12="HoH",7,4))+2)),SUMPRODUCT(($AH6>=INDEX('How This Works & Sources'!$B$19:$J$26,0,IF('Your Pay & Benefits'!$C$12="MFJ",1,IF('Your Pay & Benefits'!$C$12="HoH",7,4))))*INDEX('How This Works & Sources'!$B$19:$J$26,0,IF('Your Pay & Benefits'!$C$12="MFJ",1,IF('Your Pay & Benefits'!$C$12="HoH",7,4))+2)))) | BV6: =IF($B6="","",IF($BZ6<>"",$BZ6,IF($CA6<>"",$CA6,IF($CB6<>"",$CB6,IF($CC6<>"",$CC6,0))))) | BW6: =IF($B6="","",IF($AN6="MD",IF(OR($AU6="Married",$AU6="Head of household"),SUMPRODUCT(($AZ6>INDEX('How This Works & Sources'!$B$114:$J$120,0,1))*($AZ6-INDEX('How This Works & Sources'!$B$114:$J$120,0,1))*INDEX('How This Works & Sources'!$B$114:$J$120,0,1+2)),SUMPRODUCT(($AZ6>INDEX('How This Works & Sources'!$B$103:$J$109,0,7))*($AZ6-INDEX('How This Works & Sources'!$B$103:$J$109,0,7))*INDEX('How This Works & Sources'!$B$103:$J$109,0,7+2))),IF($AN6="MO",SUMPRODUCT(($AZ6>INDEX('How This Works & Sources'!$B$125:$J$132,0,1))*($AZ6-INDEX('How This Works & Sources'!$B$125:$J$132,0,1))*INDEX('How This Works & Sources'!$B$125:$J$132,0,1+2)),IF($AN6="MT",IF($AU6="Head of household",SUMPRODUCT(($AZ6>INDEX('How This Works & Sources'!$B$137:$J$139,0,1))*($AZ6-INDEX('How This Works & Sources'!$B$137:$J$139,0,1))*INDEX('How This Works & Sources'!$B$137:$J$139,0,1+2)),IF($AU6="Married",SUMPRODUCT(($AZ6>INDEX('How This Works & Sources'!$B$125:$J$132,0,7))*($AZ6-INDEX('How This Works & Sources'!$B$125:$J$132,0,7))*INDEX('How This Works & Sources'!$B$125:$J$132,0,7+2)),SUMPRODUCT(($AZ6>INDEX('How This Works & Sources'!$B$125:$J$132,0,4))*($AZ6-INDEX('How This Works & Sources'!$B$125:$J$132,0,4))*INDEX('How This Works & Sources'!$B$125:$J$132,0,4+2)))),IF($AN6="ND",IF($AU6="Head of household",SUMPRODUCT(($AZ6>INDEX('How This Works & Sources'!$B$144:$J$150,0,1))*($AZ6-INDEX('How This Works & Sources'!$B$144:$J$150,0,1))*INDEX('How This Works & Sources'!$B$144:$J$150,0,1+2)),IF($AU6="Married",SUMPRODUCT(($AZ6>INDEX('How This Works & Sources'!$B$137:$J$139,0,7))*($AZ6-INDEX('How This Works & Sources'!$B$137:$J$139,0,7))*INDEX('How This Works & Sources'!$B$137:$J$139,0,7+2)),SUMPRODUCT(($AZ6>INDEX('How This Works & Sources'!$B$137:$J$139,0,4))*($AZ6-INDEX('How This Works & Sources'!$B$137:$J$139,0,4))*INDEX('How This Works & Sources'!$B$137:$J$139,0,4+2)))),IF($AN6="NJ",IF('Your Pay & Benefits'!$C$77="B",SUMPRODUCT(($AZ6>INDEX('How This Works & Sources'!$B$155:$J$162,0,4))*($AZ6-INDEX('How This Works & Sources'!$B$155:$J$162,0,4))*INDEX('How This Works & Sources'!$B$155:$J$162,0,4+2)),IF('Your Pay & Benefits'!$C$77="C",SUMPRODUCT(($AZ6>INDEX('How This Works & Sources'!$B$155:$J$162,0,7))*($AZ6-INDEX('How This Works & Sources'!$B$155:$J$162,0,7))*INDEX('How This Works & Sources'!$B$155:$J$162,0,7+2)),IF('Your Pay & Benefits'!$C$77="D",SUMPRODUCT(($AZ6>INDEX('How This Works & Sources'!$B$167:$J$179,0,1))*($AZ6-INDEX('How This Works & Sources'!$B$167:$J$179,0,1))*INDEX('How This Works & Sources'!$B$167:$J$179,0,1+2)),IF('Your Pay & Benefits'!$C$77="E",SUMPRODUCT(($AZ6>INDEX('How This Works & Sources'!$B$167:$J$179,0,4))*($AZ6-INDEX('How This Works & Sources'!$B$167:$J$179,0,4))*INDEX('How This Works & Sources'!$B$167:$J$179,0,4+2)),SUMPRODUCT(($AZ6>INDEX('How This Works & Sources'!$B$155:$J$162,0,1))*($AZ6-INDEX('How This Works & Sources'!$B$155:$J$162,0,1))*INDEX('How This Works & Sources'!$B$155:$J$162,0,1+2)))))),IF($AN6="NY",IF($AU6="Married",IF($AZ6>=2155350,$AZ6*IF($AZ6>25000000,0.117,IF($AZ6>5000000,0.111,0.1045)),SUMPRODUCT(($AZ6>INDEX('How This Works & Sources'!$B$184:$J$198,0,1))*($AZ6-INDEX('How This Works & Sources'!$B$184:$J$198,0,1))*INDEX('How This Works & Sources'!$B$184:$J$198,0,1+2))),IF($AZ6>=1077550,$AZ6*IF($AZ6>25000000,0.117,IF($AZ6>5000000,0.111,0.1045)),SUMPRODUCT(($AZ6>INDEX('How This Works & Sources'!$B$167:$J$179,0,7))*($AZ6-INDEX('How This Works & Sources'!$B$167:$J$179,0,7))*INDEX('How This Works & Sources'!$B$167:$J$179,0,7+2)))),""))))))) | BX6: =IF($B6="","",IF($AN6="AL",IF(OR($AU6="Married",$AU6="Head of household"),SUMPRODUCT(($AZ6>INDEX('How This Works & Sources'!$B$82:$J$86,0,4))*($AZ6-INDEX('How This Works & Sources'!$B$82:$J$86,0,4))*INDEX('How This Works & Sources'!$B$82:$J$86,0,4+2)),SUMPRODUCT(($AZ6>INDEX('How This Works & Sources'!$B$82:$J$86,0,1))*($AZ6-INDEX('How This Works & Sources'!$B$82:$J$86,0,1))*INDEX('How This Works & Sources'!$B$82:$J$86,0,1+2))),IF($AN6="KS",IF($AU6="Married",SUMPRODUCT(($AZ6>INDEX('How This Works & Sources'!$B$103:$J$109,0,4))*($AZ6-INDEX('How This Works & Sources'!$B$103:$J$109,0,4))*INDEX('How This Works & Sources'!$B$103:$J$109,0,4+2)),SUMPRODUCT(($AZ6>INDEX('How This Works & Sources'!$B$103:$J$109,0,1))*($AZ6-INDEX('How This Works & Sources'!$B$103:$J$109,0,1))*INDEX('How This Works & Sources'!$B$103:$J$109,0,1+2))),IF($AN6="MN",IF($AU6="Married",SUMPRODUCT(($AZ6>INDEX('How This Works & Sources'!$B$114:$J$120,0,7))*($AZ6-INDEX('How This Works & Sources'!$B$114:$J$120,0,7))*INDEX('How This Works & Sources'!$B$114:$J$120,0,7+2)),SUMPRODUCT(($AZ6>INDEX('How This Works & Sources'!$B$114:$J$120,0,4))*($AZ6-INDEX('How This Works & Sources'!$B$114:$J$120,0,4))*INDEX('How This Works & Sources'!$B$114:$J$120,0,4+2))),IF($AN6="NE",MAX(IF($AU6="Married",SUMPRODUCT(($AZ6>INDEX('How This Works & Sources'!$B$144:$J$150,0,7))*($AZ6-INDEX('How This Works & Sources'!$B$144:$J$150,0,7))*INDEX('How This Works & Sources'!$B$144:$J$150,0,7+2)),SUMPRODUCT(($AZ6>INDEX('How This Works & Sources'!$B$144:$J$150,0,4))*($AZ6-INDEX('How This Works & Sources'!$B$144:$J$150,0,4))*INDEX('How This Works & Sources'!$B$144:$J$150,0,4+2))),0.015*$AZ6),IF($AN6="OH",IF($B6>=DATE(2026,8,1),SUMPRODUCT(($AZ6>INDEX('How This Works & Sources'!$B$203:$J$206,0,1))*($AZ6-INDEX('How This Works & Sources'!$B$203:$J$206,0,1))*INDEX('How This Works & Sources'!$B$203:$J$206,0,1+2)),SUMPRODUCT(($AZ6>INDEX('How This Works & Sources'!$B$184:$J$198,0,7))*($AZ6-INDEX('How This Works & Sources'!$B$184:$J$198,0,7))*INDEX('How This Works & Sources'!$B$184:$J$198,0,7+2))),IF($AN6="OK",IF($AU6="Married",SUMPRODUCT(($AZ6>INDEX('How This Works & Sources'!$B$203:$J$206,0,7))*($AZ6-INDEX('How This Works & Sources'!$B$203:$J$206,0,7))*INDEX('How This Works & Sources'!$B$203:$J$206,0,7+2)),SUMPRODUCT(($AZ6>INDEX('How This Works & Sources'!$B$203:$J$206,0,4))*($AZ6-INDEX('How This Works & Sources'!$B$203:$J$206,0,4))*INDEX('How This Works & Sources'!$B$203:$J$206,0,4+2))),IF($AN6="RI",SUMPRODUCT(($AZ6>INDEX('How This Works & Sources'!$B$211:$J$214,0,7))*($AZ6-INDEX('How This Works & Sources'!$B$211:$J$214,0,7))*INDEX('How This Works & Sources'!$B$211:$J$214,0,7+2)),IF($AN6="VT",IF($AU6="Married",SUMPRODUCT(($AZ6>INDEX('How This Works & Sources'!$B$228:$J$232,0,1))*($AZ6-INDEX('How This Works & Sources'!$B$228:$J$232,0,1))*INDEX('How This Works & Sources'!$B$228:$J$232,0,1+2)),SUMPRODUCT(($AZ6>INDEX('How This Works & Sources'!$B$219:$J$223,0,7))*($AZ6-INDEX('How This Works & Sources'!$B$219:$J$223,0,7))*INDEX('How This Works & Sources'!$B$219:$J$223,0,7+2))),IF($AN6="WV",IF($AU6="Married",SUMPRODUCT(($AZ6>INDEX('How This Works & Sources'!$B$237:$J$241,0,7))*($AZ6-INDEX('How This Works & Sources'!$B$237:$J$241,0,7))*INDEX('How This Works & Sources'!$B$237:$J$241,0,7+2)),SUMPRODUCT(($AZ6>INDEX('How This Works & Sources'!$B$228:$J$232,0,7))*($AZ6-INDEX('How This Works & Sources'!$B$228:$J$232,0,7))*INDEX('How This Works & Sources'!$B$228:$J$232,0,7+2))),"")))))))))) | BY6: =IF($B6="","",IF($AN6="AR",SUMPRODUCT(($AZ6>INDEX('How This Works & Sources'!$B$82:$J$86,0,7))*($AZ6-INDEX('How This Works & Sources'!$B$82:$J$86,0,7))*INDEX('How This Works & Sources'!$B$82:$J$86,0,7+2)),IF($AN6="DE",SUMPRODUCT(($AZ6>INDEX('How This Works & Sources'!$B$91:$J$98,0,1))*($AZ6-INDEX('How This Works & Sources'!$B$91:$J$98,0,1))*INDEX('How This Works & Sources'!$B$91:$J$98,0,1+2)),IF($AN6="HI",IF($AU6="Married",SUMPRODUCT(($AZ6>INDEX('How This Works & Sources'!$B$91:$J$98,0,7))*($AZ6-INDEX('How This Works & Sources'!$B$91:$J$98,0,7))*INDEX('How This Works & Sources'!$B$91:$J$98,0,7+2)),SUMPRODUCT(($AZ6>INDEX('How This Works & Sources'!$B$91:$J$98,0,4))*($AZ6-INDEX('How This Works & Sources'!$B$91:$J$98,0,4))*INDEX('How This Works & Sources'!$B$91:$J$98,0,4+2))),IF($AN6="SC",SUMPRODUCT(($AZ6>INDEX('How This Works & Sources'!$B$219:$J$223,0,1))*($AZ6-INDEX('How This Works & Sources'!$B$219:$J$223,0,1))*INDEX('How This Works & Sources'!$B$219:$J$223,0,1+2)),IF($AN6="VA",SUMPRODUCT(($AZ6>INDEX('How This Works & Sources'!$B$219:$J$223,0,4))*($AZ6-INDEX('How This Works & Sources'!$B$219:$J$223,0,4))*INDEX('How This Works & Sources'!$B$219:$J$223,0,4+2)),IF($AN6="WI",SUMPRODUCT(($AZ6>INDEX('How This Works & Sources'!$B$228:$J$232,0,4))*($AZ6-INDEX('How This Works & Sources'!$B$228:$J$232,0,4))*INDEX('How This Works & Sources'!$B$228:$J$232,0,4+2)),""))))))) | BZ6: =IF($B6="","",IF($AN6="NJ",IF('Your Pay & Benefits'!$C$77="B",SUMPRODUCT(($AZ6>=INDEX('How This Works & Sources'!$B$155:$J$162,0,4))*INDEX('How This Works & Sources'!$B$155:$J$162,0,4+2)),IF('Your Pay & Benefits'!$C$77="C",SUMPRODUCT(($AZ6>=INDEX('How This Works & Sources'!$B$155:$J$162,0,7))*INDEX('How This Works & Sources'!$B$155:$J$162,0,7+2)),IF('Your Pay & Benefits'!$C$77="D",SUMPRODUCT(($AZ6>=INDEX('How This Works & Sources'!$B$167:$J$179,0,1))*INDEX('How This Works & Sources'!$B$167:$J$179,0,1+2)),IF('Your Pay & Benefits'!$C$77="E",SUMPRODUCT(($AZ6>=INDEX('How This Works & Sources'!$B$167:$J$179,0,4))*INDEX('How This Works & Sources'!$B$167:$J$179,0,4+2)),SUMPRODUCT(($AZ6>=INDEX('How This Works & Sources'!$B$155:$J$162,0,1))*INDEX('How This Works & Sources'!$B$155:$J$162,0,1+2)))))),IF($AN6="OR",IF(OR($AU6="Married",AND($AU6="Single",$AS6>=3)),SUMPRODUCT((MAX(0,$AY6-MIN(($P6-'How This Works & Sources'!$C$10*$D6)*'Your Pay & Benefits'!$C$8,IF(OR($AU6="Married",AND($AU6="Single",$AS6>=3)),IF($AY6<250000,8750,IF($AY6<260000,7000,IF($AY6<270000,5250,IF($AY6<280000,3500,IF($AY6<290000,1750,0))))),IF($AY6<125000,8750,IF($AY6<130000,7000,IF($AY6<135000,5250,IF($AY6<140000,3500,IF($AY6<145000,1750,0)))))))-IF(OR($AU6="Married",AND($AU6="Single",$AS6>=3)),5820,2910))>=INDEX('How This Works & Sources'!$B$211:$J$214,0,4))*INDEX('How This Works & Sources'!$B$211:$J$214,0,4+2)),SUMPRODUCT((MAX(0,$AY6-MIN(($P6-'How This Works & Sources'!$C$10*$D6)*'Your Pay & Benefits'!$C$8,IF(OR($AU6="Married",AND($AU6="Single",$AS6>=3)),IF($AY6<250000,8750,IF($AY6<260000,7000,IF($AY6<270000,5250,IF($AY6<280000,3500,IF($AY6<290000,1750,0))))),IF($AY6<125000,8750,IF($AY6<130000,7000,IF($AY6<135000,5250,IF($AY6<140000,3500,IF($AY6<145000,1750,0)))))))-IF(OR($AU6="Married",AND($AU6="Single",$AS6>=3)),5820,2910))>=INDEX('How This Works & Sources'!$B$211:$J$214,0,1))*INDEX('How This Works & Sources'!$B$211:$J$214,0,1+2)))*IF(($P6-'How This Works & Sources'!$C$10*$D6)*'Your Pay & Benefits'!$C$8>=IF(OR($AU6="Married",AND($AU6="Single",$AS6>=3)),IF($AY6<250000,8750,IF($AY6<260000,7000,IF($AY6<270000,5250,IF($AY6<280000,3500,IF($AY6<290000,1750,0))))),IF($AY6<125000,8750,IF($AY6<130000,7000,IF($AY6<135000,5250,IF($AY6<140000,3500,IF($AY6<145000,1750,0)))))),1,1-IF('Your Pay & Benefits'!$C$13,SUMPRODUCT(($AH6>=INDEX('How This Works & Sources'!$B$29:$J$36,0,IF('Your Pay & Benefits'!$C$12="MFJ",1,IF('Your Pay & Benefits'!$C$12="HoH",7,4))))*INDEX('How This Works & Sources'!$B$29:$J$36,0,IF('Your Pay & Benefits'!$C$12="MFJ",1,IF('Your Pay & Benefits'!$C$12="HoH",7,4))+2)),SUMPRODUCT(($AH6>=INDEX('How This Works & Sources'!$B$19:$J$26,0,IF('Your Pay & Benefits'!$C$12="MFJ",1,IF('Your Pay & Benefits'!$C$12="HoH",7,4))))*INDEX('How This Works & Sources'!$B$19:$J$26,0,IF('Your Pay & Benefits'!$C$12="MFJ",1,IF('Your Pay & Benefits'!$C$12="HoH",7,4))+2)))),IF($AN6="MI",IF($AY6>5900*$AS6,0.0425,0),"")))) | CA6: =IF($B6="","",IF($AN6="AL",IF(OR($AU6="Married",$AU6="Head of household"),SUMPRODUCT(($AZ6>=INDEX('How This Works & Sources'!$B$82:$J$86,0,4))*INDEX('How This Works & Sources'!$B$82:$J$86,0,4+2)),SUMPRODUCT(($AZ6>=INDEX('How This Works & Sources'!$B$82:$J$86,0,1))*INDEX('How This Works & Sources'!$B$82:$J$86,0,1+2)))*(1-IF('Your Pay & Benefits'!$C$13,SUMPRODUCT(($AH6>=INDEX('How This Works & Sources'!$B$29:$J$36,0,IF('Your Pay & Benefits'!$C$12="MFJ",1,IF('Your Pay & Benefits'!$C$12="HoH",7,4))))*INDEX('How This Works & Sources'!$B$29:$J$36,0,IF('Your Pay & Benefits'!$C$12="MFJ",1,IF('Your Pay & Benefits'!$C$12="HoH",7,4))+2)),SUMPRODUCT(($AH6>=INDEX('How This Works & Sources'!$B$19:$J$26,0,IF('Your Pay & Benefits'!$C$12="MFJ",1,IF('Your Pay & Benefits'!$C$12="HoH",7,4))))*INDEX('How This Works & Sources'!$B$19:$J$26,0,IF('Your Pay & Benefits'!$C$12="MFJ",1,IF('Your Pay & Benefits'!$C$12="HoH",7,4))+2)))),IF($AN6="KS",IF($AU6="Married",SUMPRODUCT(($AZ6>=INDEX('How This Works & Sources'!$B$103:$J$109,0,4))*INDEX('How This Works & Sources'!$B$103:$J$109,0,4+2)),SUMPRODUCT(($AZ6>=INDEX('How This Works & Sources'!$B$103:$J$109,0,1))*INDEX('How This Works & Sources'!$B$103:$J$109,0,1+2))),IF($AN6="MD",IF(OR($AU6="Married",$AU6="Head of household"),SUMPRODUCT(($AZ6>=INDEX('How This Works & Sources'!$B$114:$J$120,0,1))*INDEX('How This Works & Sources'!$B$114:$J$120,0,1+2)),SUMPRODUCT(($AZ6>=INDEX('How This Works & Sources'!$B$103:$J$109,0,7))*INDEX('How This Works & Sources'!$B$103:$J$109,0,7+2)))+'Your Pay & Benefits'!$C$74,IF($AN6="MT",IF($AU6="Head of household",SUMPRODUCT(($AZ6>=INDEX('How This Works & Sources'!$B$137:$J$139,0,1))*INDEX('How This Works & Sources'!$B$137:$J$139,0,1+2)),IF($AU6="Married",SUMPRODUCT(($AZ6>=INDEX('How This Works & Sources'!$B$125:$J$132,0,7))*INDEX('How This Works & Sources'!$B$125:$J$132,0,7+2)),SUMPRODUCT(($AZ6>=INDEX('How This Works & Sources'!$B$125:$J$132,0,4))*INDEX('How This Works & Sources'!$B$125:$J$132,0,4+2)))),IF($AN6="ND",IF($AU6="Head of household",SUMPRODUCT(($AZ6>=INDEX('How This Works & Sources'!$B$144:$J$150,0,1))*INDEX('How This Works & Sources'!$B$144:$J$150,0,1+2)),IF($AU6="Married",SUMPRODUCT(($AZ6>=INDEX('How This Works & Sources'!$B$137:$J$139,0,7))*INDEX('How This Works & Sources'!$B$137:$J$139,0,7+2)),SUMPRODUCT(($AZ6>=INDEX('How This Works & Sources'!$B$137:$J$139,0,4))*INDEX('How This Works & Sources'!$B$137:$J$139,0,4+2)))),IF($AN6="NY",IF($AU6="Married",IF($AZ6>=2155350,IF($AZ6>25000000,0.117,IF($AZ6>5000000,0.111,0.1045)),SUMPRODUCT(($AZ6>=INDEX('How This Works & Sources'!$B$184:$J$198,0,1))*INDEX('How This Works & Sources'!$B$184:$J$198,0,1+2))),IF($AZ6>=1077550,IF($AZ6>25000000,0.117,IF($AZ6>5000000,0.111,0.1045)),SUMPRODUCT(($AZ6>=INDEX('How This Works & Sources'!$B$167:$J$179,0,7))*INDEX('How This Works & Sources'!$B$167:$J$179,0,7+2)))),""))))))) | CB6: =IF($B6="","",IF($AN6="CA",SUMPRODUCT(($AJ6>=INDEX('How This Works & Sources'!$B$39:$J$48,0,IF($AU6="Married",4,IF($AU6="Head of household",7,1))))*INDEX('How This Works & Sources'!$B$39:$J$48,0,IF($AU6="Married",4,IF($AU6="Head of household",7,1))+2)),IF($AN6="HI",IF($AU6="Married",SUMPRODUCT(($AZ6>=INDEX('How This Works & Sources'!$B$91:$J$98,0,7))*INDEX('How This Works & Sources'!$B$91:$J$98,0,7+2)),SUMPRODUCT(($AZ6>=INDEX('How This Works & Sources'!$B$91:$J$98,0,4))*INDEX('How This Works & Sources'!$B$91:$J$98,0,4+2))),IF($AN6="MN",IF($AU6="Married",SUMPRODUCT(($AZ6>=INDEX('How This Works & Sources'!$B$114:$J$120,0,7))*INDEX('How This Works & Sources'!$B$114:$J$120,0,7+2)),SUMPRODUCT(($AZ6>=INDEX('How This Works & Sources'!$B$114:$J$120,0,4))*INDEX('How This Works & Sources'!$B$114:$J$120,0,4+2))),IF($AN6="MO",SUMPRODUCT(($AZ6>=INDEX('How This Works & Sources'!$B$125:$J$132,0,1))*INDEX('How This Works & Sources'!$B$125:$J$132,0,1+2)),IF($AN6="NE",MAX(IF($AU6="Married",SUMPRODUCT(($AZ6>=INDEX('How This Works & Sources'!$B$144:$J$150,0,7))*INDEX('How This Works & Sources'!$B$144:$J$150,0,7+2)),SUMPRODUCT(($AZ6>=INDEX('How This Works & Sources'!$B$144:$J$150,0,4))*INDEX('How This Works & Sources'!$B$144:$J$150,0,4+2))),0.015),IF($AN6="OH",IF($B6>=DATE(2026,8,1),SUMPRODUCT(($AZ6>=INDEX('How This Works & Sources'!$B$203:$J$206,0,1))*INDEX('How This Works & Sources'!$B$203:$J$206,0,1+2)),SUMPRODUCT(($AZ6>=INDEX('How This Works & Sources'!$B$184:$J$198,0,7))*INDEX('How This Works & Sources'!$B$184:$J$198,0,7+2))),IF($AN6="OK",IF($AU6="Married",SUMPRODUCT(($AZ6>=INDEX('How This Works & Sources'!$B$203:$J$206,0,7))*INDEX('How This Works & Sources'!$B$203:$J$206,0,7+2)),SUMPRODUCT(($AZ6>=INDEX('How This Works & Sources'!$B$203:$J$206,0,4))*INDEX('How This Works & Sources'!$B$203:$J$206,0,4+2))),IF($AN6="RI",SUMPRODUCT(($AZ6>=INDEX('How This Works & Sources'!$B$211:$J$214,0,7))*INDEX('How This Works & Sources'!$B$211:$J$214,0,7+2)),IF($AN6="SC",SUMPRODUCT(($AZ6>=INDEX('How This Works & Sources'!$B$219:$J$223,0,1))*INDEX('How This Works & Sources'!$B$219:$J$223,0,1+2)),IF($AN6="VT",IF($AU6="Married",SUMPRODUCT(($AZ6>=INDEX('How This Works & Sources'!$B$228:$J$232,0,1))*INDEX('How This Works & Sources'!$B$228:$J$232,0,1+2)),SUMPRODUCT(($AZ6>=INDEX('How This Works & Sources'!$B$219:$J$223,0,7))*INDEX('How This Works & Sources'!$B$219:$J$223,0,7+2))),IF($AN6="WV",IF($AU6="Married",SUMPRODUCT(($AZ6>=INDEX('How This Works & Sources'!$B$237:$J$241,0,7))*INDEX('How This Works & Sources'!$B$237:$J$241,0,7+2)),SUMPRODUCT(($AZ6>=INDEX('How This Works & Sources'!$B$228:$J$232,0,7))*INDEX('How This Works & Sources'!$B$228:$J$232,0,7+2))),IF($AN6="IN",(0.0295+'Your Pay & Benefits'!$C$76),""))))))))))))) | CC6: =IF($B6="","",IF($AN6="AR",SUMPRODUCT(($AZ6>=INDEX('How This Works & Sources'!$B$82:$J$86,0,7))*INDEX('How This Works & Sources'!$B$82:$J$86,0,7+2)),IF($AN6="DE",SUMPRODUCT(($AZ6>=INDEX('How This Works & Sources'!$B$91:$J$98,0,1))*INDEX('How This Works & Sources'!$B$91:$J$98,0,1+2)),IF($AN6="VA",SUMPRODUCT(($AZ6>=INDEX('How This Works & Sources'!$B$219:$J$223,0,4))*INDEX('How This Works & Sources'!$B$219:$J$223,0,4+2)),IF($AN6="WI",SUMPRODUCT(($AZ6>=INDEX('How This Works & Sources'!$B$228:$J$232,0,4))*INDEX('How This Works & Sources'!$B$228:$J$232,0,4+2)),IF($AN6="AZ",'Your Pay & Benefits'!$C$82,IF($AN6="CO",IF($AY6>IF($AU6="Married",10000,5000),0.044,0),IF($AN6="IA",IF($AY6>IF($AU6="Head of household",19500,IF($AU6="Married",26000,13000)),0.038,0),IF($AN6="ID",IF($AY6>IF($AU6="Married",32000,16094),0.053,0),IF($AN6="IL",IF($AY6>(2925*$AS6+1000*$AT6),0.0495,0),IF($AN6="KY",IF($AI6>3360,0.035,0),IF($AN6="LA",0.0309,IF($AN6="MA",IF(MAX(0,$AY6-MIN((0+$Q6+$R6+$S6),2000)-IF($AS6=0,0,IF($AS6=1,4400,1000*$AS6+3400)))>=1107750,0.09,0.05),IF($AN6="MS",IF($AI6-IF($AU6="Head of household",3400,IF($AU6="Married",4600,2300))-'Your Pay & Benefits'!$C$85>10000,0.04,0),IF($AN6="PA",0.0307,""))))))))))))))) | CD6: =IF(YEAR(IF('Your Pay & Benefits'!$C$7="Weekly",'Your Pay & Benefits'!$C$9+7*((0+1)-1),IF('Your Pay & Benefits'!$C$7="Biweekly",'Your Pay & Benefits'!$C$9+14*((0+1)-1),IF('Your Pay & Benefits'!$C$7="Semimonthly",DATE(YEAR('Your Pay & Benefits'!$C$9),MONTH('Your Pay & Benefits'!$C$9)+INT(((0+1)-1)/2),MIN(DAY('Your Pay & Benefits'!$C$9),DAY(EOMONTH(DATE(YEAR('Your Pay & Benefits'!$C$9),MONTH('Your Pay & Benefits'!$C$9)+INT(((0+1)-1)/2),1),0))))+IF(MOD((0+1)-1,2)=1,15,0),EDATE('Your Pay & Benefits'!$C$9,(0+1)-1)))))<>'Your Pay & Benefits'!$C$10,"",IF('Your Pay & Benefits'!$C$7="Weekly",'Your Pay & Benefits'!$C$9+7*((0+1)-1),IF('Your Pay & Benefits'!$C$7="Biweekly",'Your Pay & Benefits'!$C$9+14*((0+1)-1),IF('Your Pay & Benefits'!$C$7="Semimonthly",DATE(YEAR('Your Pay & Benefits'!$C$9),MONTH('Your Pay & Benefits'!$C$9)+INT(((0+1)-1)/2),MIN(DAY('Your Pay & Benefits'!$C$9),DAY(EOMONTH(DATE(YEAR('Your Pay & Benefits'!$C$9),MONTH('Your Pay & Benefits'!$C$9)+INT(((0+1)-1)/2),1),0))))+IF(MOD((0+1)-1,2)=1,15,0),EDATE('Your Pay & Benefits'!$C$9,(0+1)-1))))) | CE6: =IF(MIN(IF(AND('Your Pay & Benefits'!$C$58>0,'Your Pay & Benefits'!$C$58>=DATE('Your Pay & Benefits'!$C$10,1,1),'Your Pay & Benefits'!$C$58<=DATE('Your Pay & Benefits'!$C$10,12,31)),'Your Pay & Benefits'!$C$58,999999),IF(AND('Your Pay & Benefits'!$C$59>0,'Your Pay & Benefits'!$C$59>=DATE('Your Pay & Benefits'!$C$10,1,1),'Your Pay & Benefits'!$C$59<=DATE('Your Pay & Benefits'!$C$10,12,31)),'Your Pay & Benefits'!$C$59,999999),IF(AND('Your Pay & Benefits'!$C$60>0,'Your Pay & Benefits'!$C$60>=DATE('Your Pay & Benefits'!$C$10,1,1),'Your Pay & Benefits'!$C$60<=DATE('Your Pay & Benefits'!$C$10,12,31)),'Your Pay & Benefits'!$C$60,999999),IF(AND('Your Pay & Benefits'!$C$61>0,'Your Pay & Benefits'!$C$61>=DATE('Your Pay & Benefits'!$C$10,1,1),'Your Pay & Benefits'!$C$61<=DATE('Your Pay & Benefits'!$C$10,12,31)),'Your Pay & Benefits'!$C$61,999999),IF(AND('Your Pay & Benefits'!$C$62>0,'Your Pay & Benefits'!$C$62>=DATE('Your Pay & Benefits'!$C$10,1,1),'Your Pay & Benefits'!$C$62<=DATE('Your Pay & Benefits'!$C$10,12,31)),'Your Pay & Benefits'!$C$62,999999),IF(AND('Your Pay & Benefits'!$C$63>0,'Your Pay & Benefits'!$C$63>=DATE('Your Pay & Benefits'!$C$10,1,1),'Your Pay & Benefits'!$C$63<=DATE('Your Pay & Benefits'!$C$10,12,31)),'Your Pay & Benefits'!$C$63,999999),IF(AND('Your Pay & Benefits'!$C$64>0,'Your Pay & Benefits'!$C$64>=DATE('Your Pay & Benefits'!$C$10,1,1),'Your Pay & Benefits'!$C$64<=DATE('Your Pay & Benefits'!$C$10,12,31)),'Your Pay & Benefits'!$C$64,999999),IF(AND('Your Pay & Benefits'!$C$65>0,'Your Pay & Benefits'!$C$65>=DATE('Your Pay & Benefits'!$C$10,1,1),'Your Pay & Benefits'!$C$65<=DATE('Your Pay & Benefits'!$C$10,12,31)),'Your Pay & Benefits'!$C$65,999999),IF(AND('Your Pay & Benefits'!$C$66>0,'Your Pay & Benefits'!$C$66>=DATE('Your Pay & Benefits'!$C$10,1,1),'Your Pay & Benefits'!$C$66<=DATE('Your Pay & Benefits'!$C$10,12,31)),'Your Pay & Benefits'!$C$66,999999),IF(AND('Your Pay & Benefits'!$C$67>0,'Your Pay & Benefits'!$C$67>=DATE('Your Pay & Benefits'!$C$10,1,1),'Your Pay & Benefits'!$C$67<=DATE('Your Pay & Benefits'!$C$10,12,31)),'Your Pay & Benefits'!$C$67,999999))=999999,"",MIN(IF(AND('Your Pay & Benefits'!$C$58>0,'Your Pay & Benefits'!$C$58>=DATE('Your Pay & Benefits'!$C$10,1,1),'Your Pay & Benefits'!$C$58<=DATE('Your Pay & Benefits'!$C$10,12,31)),'Your Pay & Benefits'!$C$58,999999),IF(AND('Your Pay & Benefits'!$C$59>0,'Your Pay & Benefits'!$C$59>=DATE('Your Pay & Benefits'!$C$10,1,1),'Your Pay & Benefits'!$C$59<=DATE('Your Pay & Benefits'!$C$10,12,31)),'Your Pay & Benefits'!$C$59,999999),IF(AND('Your Pay & Benefits'!$C$60>0,'Your Pay & Benefits'!$C$60>=DATE('Your Pay & Benefits'!$C$10,1,1),'Your Pay & Benefits'!$C$60<=DATE('Your Pay & Benefits'!$C$10,12,31)),'Your Pay & Benefits'!$C$60,999999),IF(AND('Your Pay & Benefits'!$C$61>0,'Your Pay & Benefits'!$C$61>=DATE('Your Pay & Benefits'!$C$10,1,1),'Your Pay & Benefits'!$C$61<=DATE('Your Pay & Benefits'!$C$10,12,31)),'Your Pay & Benefits'!$C$61,999999),IF(AND('Your Pay & Benefits'!$C$62>0,'Your Pay & Benefits'!$C$62>=DATE('Your Pay & Benefits'!$C$10,1,1),'Your Pay & Benefits'!$C$62<=DATE('Your Pay & Benefits'!$C$10,12,31)),'Your Pay & Benefits'!$C$62,999999),IF(AND('Your Pay & Benefits'!$C$63>0,'Your Pay & Benefits'!$C$63>=DATE('Your Pay & Benefits'!$C$10,1,1),'Your Pay & Benefits'!$C$63<=DATE('Your Pay & Benefits'!$C$10,12,31)),'Your Pay & Benefits'!$C$63,999999),IF(AND('Your Pay & Benefits'!$C$64>0,'Your Pay & Benefits'!$C$64>=DATE('Your Pay & Benefits'!$C$10,1,1),'Your Pay & Benefits'!$C$64<=DATE('Your Pay & Benefits'!$C$10,12,31)),'Your Pay & Benefits'!$C$64,999999),IF(AND('Your Pay & Benefits'!$C$65>0,'Your Pay & Benefits'!$C$65>=DATE('Your Pay & Benefits'!$C$10,1,1),'Your Pay & Benefits'!$C$65<=DATE('Your Pay & Benefits'!$C$10,12,31)),'Your Pay & Benefits'!$C$65,999999),IF(AND('Your Pay & Benefits'!$C$66>0,'Your Pay & Benefits'!$C$66>=DATE('Your Pay & Benefits'!$C$10,1,1),'Your Pay & Benefits'!$C$66<=DATE('Your Pay & Benefits'!$C$10,12,31)),'Your Pay & Benefits'!$C$66,999999),IF(AND('Your Pay & Benefits'!$C$67>0,'Your Pay & Benefits'!$C$67>=DATE('Your Pay & Benefits'!$C$10,1,1),'Your Pay & Benefits'!$C$67<=DATE('Your Pay & Benefits'!$C$10,12,31)),'Your Pay & Benefits'!$C$67,999999))) | CF6: =IF($B6="","",IF($D6=0,$Y6,""))
A7: 2 | B7: =IF(AND($CD7="",$CE7=""),"",IF($CE7="",$CD7,IF($CD7="",$CE7,MIN($CD7,$CE7)))) | C7: =IF($B7="","",IF($BF7=0,0,IF('Your Pay & Benefits'!$C$4="Annual salary",ROUND($AK7/IF(AND('Your Pay & Benefits'!$C$88="Actual paydays",MONTH('Your Pay & Benefits'!$C$9)=1),MAX(1,MAX($BE$6:$BE$68)),'Your Pay & Benefits'!$C$8),2),$AK7))) | D7: =IF($B7="","",SUMIF('Your Pay & Benefits'!$C$58:$C$67,$B7,'Your Pay & Benefits'!$D$58:$D$67)) | E7: =IF($B7="","",ROUND(MAX(0,MIN(IF($AL7="Percent",$AM7*($C7+$D7),$AM7),MAX(0,'Your Pay & Benefits'!$C$34-$AC6))),2)) | F7: =IF($B7="","",ROUND(MAX(0,MIN(IF('Your Pay & Benefits'!$C$32="Percent",'Your Pay & Benefits'!$D$32*($C7+$D7),'Your Pay & Benefits'!$D$32),MAX(0,'Your Pay & Benefits'!$C$34-$AC6-$E7))),2)) | G7: =IF($B7="","",IF($BF7=0,0,ROUND(MAX(0,MIN($BL7,'Your Pay & Benefits'!$C$37-'Your Pay & Benefits'!$C$54-$BI6)),2))) | H7: =IF($B7="","",IF(OR($BF7=0,$BQ7=1),0,ROUND(MAX(0,MIN(IF($BS7=1,ROUND(MAX(0,MIN($BJ7,'How This Works & Sources'!$C$13)-$BG6)/MAX(1,MAX($BE$6:$BE$68)-($BE6)),2),ROUND(MIN($BJ7,'How This Works & Sources'!$C$13)/'Your Pay & Benefits'!$C$8,2)),MIN($BJ7,'How This Works & Sources'!$C$13)-$BG6)),2))) | I7: =IF($B7="","",IF(OR($BF7=0,$BR7=1),0,ROUND(MAX(0,MIN(IF($BT7=1,ROUND(MAX(0,MIN($BK7,IF('Your Pay & Benefits'!$C$12="MFJ",'How This Works & Sources'!$C$14,'How This Works & Sources'!$C$15))-$BH6)/MAX(1,MAX($BE$6:$BE$68)-($BE6)),2),ROUND(MIN($BK7,IF('Your Pay & Benefits'!$C$12="MFJ",'How This Works & Sources'!$C$14,'How This Works & Sources'!$C$15))/'Your Pay & Benefits'!$C$8,2)),MIN($BK7,IF('Your Pay & Benefits'!$C$12="MFJ",'How This Works & Sources'!$C$14,'How This Works & Sources'!$C$15))-$BH6)),2))) | J7: =IF($B7="","",IF($BF7=0,0,$BM7)) | K7: =IF($B7="","",IF($BF7=0,0,$BN7+$BO7)) | L7: =IF($B7="","",IF($BF7=0,0,'Your Pay & Benefits'!$D$46)) | M7: =IF($B7="","",$C7+$D7+$L7-$E7-$G7-$H7-$I7-$J7-$K7) | N7: =IF($B7="","",$C7+$D7+$L7-$G7-$H7-$I7-$J7-$K7) | O7: =IF($B7="","",$C7+$D7+$L7-$E7-$H7-$I7-$J7-$K7-IF(OR($AN7="CA",$AN7="NJ"),0,$G7)) | P7: =IF($B7="","",IF('Your Pay & Benefits'!$C$18,0,ROUND(MAX(0,IF('Your Pay & Benefits'!$C$13,SUMPRODUCT(($AH7>INDEX('How This Works & Sources'!$B$29:$J$36,0,IF('Your Pay & Benefits'!$C$12="MFJ",1,IF('Your Pay & Benefits'!$C$12="HoH",7,4))))*($AH7-INDEX('How This Works & Sources'!$B$29:$J$36,0,IF('Your Pay & Benefits'!$C$12="MFJ",1,IF('Your Pay & Benefits'!$C$12="HoH",7,4))))*INDEX('How This Works & Sources'!$B$29:$J$36,0,IF('Your Pay & Benefits'!$C$12="MFJ",1,IF('Your Pay & Benefits'!$C$12="HoH",7,4))+2)),SUMPRODUCT(($AH7>INDEX('How This Works & Sources'!$B$19:$J$26,0,IF('Your Pay & Benefits'!$C$12="MFJ",1,IF('Your Pay & Benefits'!$C$12="HoH",7,4))))*($AH7-INDEX('How This Works & Sources'!$B$19:$J$26,0,IF('Your Pay & Benefits'!$C$12="MFJ",1,IF('Your Pay & Benefits'!$C$12="HoH",7,4))))*INDEX('How This Works & Sources'!$B$19:$J$26,0,IF('Your Pay & Benefits'!$C$12="MFJ",1,IF('Your Pay & Benefits'!$C$12="HoH",7,4))+2)))/'Your Pay & Benefits'!$C$8-$AO7/'Your Pay & Benefits'!$C$8)+$AR7+IF('Your Pay & Benefits'!$C$89="Aggregate",MAX(0,IF('Your Pay & Benefits'!$C$13,SUMPRODUCT((($AH7+$D7)>INDEX('How This Works & Sources'!$B$29:$J$36,0,IF('Your Pay & Benefits'!$C$12="MFJ",1,IF('Your Pay & Benefits'!$C$12="HoH",7,4))))*(($AH7+$D7)-INDEX('How This Works & Sources'!$B$29:$J$36,0,IF('Your Pay & Benefits'!$C$12="MFJ",1,IF('Your Pay & Benefits'!$C$12="HoH",7,4))))*INDEX('How This Works & Sources'!$B$29:$J$36,0,IF('Your Pay & Benefits'!$C$12="MFJ",1,IF('Your Pay & Benefits'!$C$12="HoH",7,4))+2)),SUMPRODUCT((($AH7+$D7)>INDEX('How This Works & Sources'!$B$19:$J$26,0,IF('Your Pay & Benefits'!$C$12="MFJ",1,IF('Your Pay & Benefits'!$C$12="HoH",7,4))))*(($AH7+$D7)-INDEX('How This Works & Sources'!$B$19:$J$26,0,IF('Your Pay & Benefits'!$C$12="MFJ",1,IF('Your Pay & Benefits'!$C$12="HoH",7,4))))*INDEX('How This Works & Sources'!$B$19:$J$26,0,IF('Your Pay & Benefits'!$C$12="MFJ",1,IF('Your Pay & Benefits'!$C$12="HoH",7,4))+2)))-IF('Your Pay & Benefits'!$C$13,SUMPRODUCT(($AH7>INDEX('How This Works & Sources'!$B$29:$J$36,0,IF('Your Pay & Benefits'!$C$12="MFJ",1,IF('Your Pay & Benefits'!$C$12="HoH",7,4))))*($AH7-INDEX('How This Works & Sources'!$B$29:$J$36,0,IF('Your Pay & Benefits'!$C$12="MFJ",1,IF('Your Pay & Benefits'!$C$12="HoH",7,4))))*INDEX('How This Works & Sources'!$B$29:$J$36,0,IF('Your Pay & Benefits'!$C$12="MFJ",1,IF('Your Pay & Benefits'!$C$12="HoH",7,4))+2)),SUMPRODUCT(($AH7>INDEX('How This Works & Sources'!$B$19:$J$26,0,IF('Your Pay & Benefits'!$C$12="MFJ",1,IF('Your Pay & Benefits'!$C$12="HoH",7,4))))*($AH7-INDEX('How This Works & Sources'!$B$19:$J$26,0,IF('Your Pay & Benefits'!$C$12="MFJ",1,IF('Your Pay & Benefits'!$C$12="HoH",7,4))))*INDEX('How This Works & Sources'!$B$19:$J$26,0,IF('Your Pay & Benefits'!$C$12="MFJ",1,IF('Your Pay & Benefits'!$C$12="HoH",7,4))+2)))),'How This Works & Sources'!$C$10*$D7),2))) | Q7: =IF($B7="","",ROUND('How This Works & Sources'!$C$4*MIN($N7,MAX(0,'How This Works & Sources'!$C$3-($AX7+$AB6-$AW7))),2)) | R7: =IF($B7="","",ROUND('How This Works & Sources'!$C$5*$N7,2)) | S7: =IF($B7="","",ROUND('How This Works & Sources'!$C$6*MAX(0,MIN($N7,$AG6+$N7-'How This Works & Sources'!$C$7)),2)) | T7: =IF($B7="","",IF('Your Pay & Benefits'!$C$26,0,IF($AN7="CA",ROUND(IF($AI7<=IF(($AS7+$AT7)>=2,VLOOKUP($AN7,StateTables!$A$6:$AB$56,10,FALSE),VLOOKUP($AN7,StateTables!$A$6:$AB$56,9,FALSE)),0,MAX(0,SUMPRODUCT(($AJ7>INDEX('How This Works & Sources'!$B$39:$J$48,0,IF($AU7="Married",4,IF($AU7="Head of household",7,1))))*($AJ7-INDEX('How This Works & Sources'!$B$39:$J$48,0,IF($AU7="Married",4,IF($AU7="Head of household",7,1))))*INDEX('How This Works & Sources'!$B$39:$J$48,0,IF($AU7="Married",4,IF($AU7="Head of household",7,1))+2))-VLOOKUP($AN7,StateTables!$A$6:$AB$56,11,FALSE)*$AS7)/'Your Pay & Benefits'!$C$8)+'Your Pay & Benefits'!$C$25+VLOOKUP($AN7,StateTables!$A$6:$AB$56,13,FALSE)*$D7,2),IF(VLOOKUP($AN7,StateTables!$A$6:$AB$56,4,FALSE)="None",0,IF(ISNUMBER(SEARCH("MANUAL",VLOOKUP($AN7,StateTables!$A$6:$AB$56,5,FALSE))),'Your Pay & Benefits'!$C$28,ROUND(MAX(0,$BA7+$BB7)/'Your Pay & Benefits'!$C$8+'Your Pay & Benefits'!$C$25+$BC7,2)))))) | U7: =IF($B7="","",IF(VLOOKUP($AN7,StateTables!$A$6:$AB$56,24,FALSE)="flatq",IF(OR(MONTH($B7)=1,MONTH($B7)=4,MONTH($B7)=7,MONTH($B7)=10),VLOOKUP($AN7,StateTables!$A$6:$AB$56,25,FALSE),0),IF(VLOOKUP($AN7,StateTables!$A$6:$AB$56,24,FALSE)="dbl",MIN(ROUND(0.005*$N7,2),ROUND(0.6*52/'Your Pay & Benefits'!$C$8,2)),IF(OR(VLOOKUP($AN7,StateTables!$A$6:$AB$56,15,FALSE)="",VLOOKUP($AN7,StateTables!$A$6:$AB$56,15,FALSE)=0),0,ROUND(VLOOKUP($AN7,StateTables!$A$6:$AB$56,15,FALSE)*IF(OR(VLOOKUP($AN7,StateTables!$A$6:$AB$56,16,FALSE)="",VLOOKUP($AN7,StateTables!$A$6:$AB$56,16,FALSE)=0),$N7,MIN($N7,MAX(0,VLOOKUP($AN7,StateTables!$A$6:$AB$56,16,FALSE)-($AX7+$AB6-$AW7)))),2))))+IF(VLOOKUP($AN7,StateTables!$A$6:$AB$56,27,FALSE)="flatq",IF(OR(MONTH($B7)=1,MONTH($B7)=4,MONTH($B7)=7,MONTH($B7)=10),VLOOKUP($AN7,StateTables!$A$6:$AB$56,28,FALSE),0),IF(VLOOKUP($AN7,StateTables!$A$6:$AB$56,27,FALSE)="dbl",MIN(ROUND(0.005*$N7,2),ROUND(0.6*52/'Your Pay & Benefits'!$C$8,2)),IF(OR(VLOOKUP($AN7,StateTables!$A$6:$AB$56,18,FALSE)="",VLOOKUP($AN7,StateTables!$A$6:$AB$56,18,FALSE)=0),0,ROUND(VLOOKUP($AN7,StateTables!$A$6:$AB$56,18,FALSE)*IF(OR(VLOOKUP($AN7,StateTables!$A$6:$AB$56,19,FALSE)="",VLOOKUP($AN7,StateTables!$A$6:$AB$56,19,FALSE)=0),$N7,MIN($N7,MAX(0,VLOOKUP($AN7,StateTables!$A$6:$AB$56,19,FALSE)-($AX7+$AB6-$AW7)))),2))))) | V7: =IF($B7="","",IF($AN7="NY",IF('Your Pay & Benefits'!$C$78,ROUND(SUMPRODUCT((MAX(0,($O7-$D7)*'Your Pay & Benefits'!$C$8-(IF($AU7="Married",5500,5000)+1000*$AS7))>INDEX('How This Works & Sources'!$B$184:$J$198,0,4))*(MAX(0,($O7-$D7)*'Your Pay & Benefits'!$C$8-(IF($AU7="Married",5500,5000)+1000*$AS7))-INDEX('How This Works & Sources'!$B$184:$J$198,0,4))*INDEX('How This Works & Sources'!$B$184:$J$198,0,4+2))/'Your Pay & Benefits'!$C$8+0.0425*$D7,2),0)+IF('Your Pay & Benefits'!$C$79="Resident",ROUND(0.1675*$T7,2),IF('Your Pay & Benefits'!$C$79="Nonresident",ROUND(0.005*MAX(0,($O7-$D7)-(IF($AU7="Married",7950,7400)+1000*$AS7)/'Your Pay & Benefits'!$C$8),2),0)),IF($AN7="PA",IF('Your Pay & Benefits'!$C$80="None",'Your Pay & Benefits'!$C$27+ROUND('Your Pay & Benefits'!$C$81*($C7+$D7),2),ROUND(IF('Your Pay & Benefits'!$C$80="Resident",IF($B7<DATE(2026,7,1),0.0374,0.03735),IF($B7<DATE(2026,7,1),0.0343,0.03425))*($C7+$D7),2)),IF($BF7=0,ROUND('Your Pay & Benefits'!$C$81*($C7+$D7),2),'Your Pay & Benefits'!$C$27+ROUND('Your Pay & Benefits'!$C$81*($C7+$D7),2))))) | W7: =IF($B7="","",IF($BF7=0,0,$BP7)) | X7: =IF($B7="","",SUM($E7:$K7)+$P7+$Q7+$R7+$S7+$T7+$U7+$V7+$W7) | Y7: =IF($B7="","",$C7+$D7-$X7) | Z7: =IF($B7="","",$Z6+$C7+$D7) | AA7: =IF($B7="","",$AA6+$Y7) | AB7: =IF($B7="","",$AB6+MIN($N7,MAX(0,'How This Works & Sources'!$C$3-($AX7+$AB6-$AW7)))) | AC7: =IF($B7="","",$AC6+$E7+$F7) | AD7: =IF($B7="","",IF(AND($AB6<'How This Works & Sources'!$C$3,$AB7>='How This Works & Sources'!$C$3),"★ Social Security maxed on this check — from the next check your net rises by about $"&TEXT(ROUND('How This Works & Sources'!$C$4*$N7,2),"#,##0.00")&". ","")&IF(AND($AC6<'Your Pay & Benefits'!$C$34,$AC7>='Your Pay & Benefits'!$C$34),"★ 401(k) reaches the $"&TEXT('Your Pay & Benefits'!$C$34,"#,##0")&" cap on this check — deferrals stop and net pay rises. ","")&IF(AND($AG6<'How This Works & Sources'!$C$7,$AG7>='How This Works & Sources'!$C$7),"★ Wages pass $200,000 — the 0.9% Additional Medicare Tax starts here. ","")&IF(AND($BJ7>0,$H7>0,$BG6<MIN($BJ7,'How This Works & Sources'!$C$13),$BG6+$H7>=MIN($BJ7,'How This Works & Sources'!$C$13)),"★ Health FSA election is now fully deferred for the year. ","")) | AF7: =IF(OR($B7="",$AE7=""),"",$AE7-$Y7) | AG7: =IF($B7="","",$AG6+$N7) | AH7: =IF($B7="","",MAX(0,($M7-$D7)*'Your Pay & Benefits'!$C$8+$AP7-$AQ7-IF('Your Pay & Benefits'!$C$13,0,IF('Your Pay & Benefits'!$C$12="MFJ",'How This Works & Sources'!$C$8,'How This Works & Sources'!$C$9)))) | AI7: =IF($B7="","",$O7*'Your Pay & Benefits'!$C$8) | AJ7: =IF($B7="","",MAX(0,$AI7-VLOOKUP($AN7,StateTables!$A$6:$AB$56,12,FALSE)*$AT7-IF(($AS7+$AT7)>=2,VLOOKUP($AN7,StateTables!$A$6:$AB$56,8,FALSE),VLOOKUP($AN7,StateTables!$A$6:$AB$56,7,FALSE)))) | AK7: =IF($B7="","",IFERROR(LOOKUP(2,1/(('Changes & Events'!$C$6:$C$17="Salary change")*('Changes & Events'!$B$6:$B$17<=$B7)*('Changes & Events'!$B$6:$B$17<>"")),'Changes & Events'!$D$6:$D$17),IF('Your Pay & Benefits'!$C$4="Annual salary",'Your Pay & Benefits'!$C$5,'Your Pay & Benefits'!$C$6))) | AL7: =IF($B7="","",IFERROR(LOOKUP(2,1/(('Changes & Events'!$C$6:$C$17="401(k) change")*('Changes & Events'!$B$6:$B$17<=$B7)*('Changes & Events'!$B$6:$B$17<>"")),'Changes & Events'!$D$6:$D$17),'Your Pay & Benefits'!$C$30)) | AM7: =IF($B7="","",IFERROR(LOOKUP(2,1/(('Changes & Events'!$C$6:$C$17="401(k) change")*('Changes & Events'!$B$6:$B$17<=$B7)*('Changes & Events'!$B$6:$B$17<>"")),'Changes & Events'!$E$6:$E$17),'Your Pay & Benefits'!$D$31)) | AN7: =IF($B7="","",IFERROR(LOOKUP(2,1/(('Changes & Events'!$C$6:$C$17="State move")*('Changes & Events'!$B$6:$B$17<=$B7)*('Changes & Events'!$B$6:$B$17<>"")),'Changes & Events'!$D$6:$D$17),'Your Pay & Benefits'!$C$21)) | AO7: =IF($B7="","",IFERROR(LOOKUP(2,1/(('Changes & Events'!$C$6:$C$17="W-4 change")*('Changes & Events'!$B$6:$B$17<=$B7)*('Changes & Events'!$B$6:$B$17<>"")),'Changes & Events'!$D$6:$D$17),'Your Pay & Benefits'!$C$14)) | AP7: =IF($B7="","",IFERROR(LOOKUP(2,1/(('Changes & Events'!$C$6:$C$17="W-4 change")*('Changes & Events'!$B$6:$B$17<=$B7)*('Changes & Events'!$B$6:$B$17<>"")),'Changes & Events'!$E$6:$E$17),'Your Pay & Benefits'!$C$15)) | AQ7: =IF($B7="","",IFERROR(LOOKUP(2,1/(('Changes & Events'!$C$6:$C$17="W-4 change")*('Changes & Events'!$B$6:$B$17<=$B7)*('Changes & Events'!$B$6:$B$17<>"")),'Changes & Events'!$F$6:$F$17),'Your Pay & Benefits'!$C$16)) | AR7: =IF($B7="","",IFERROR(LOOKUP(2,1/(('Changes & Events'!$C$6:$C$17="W-4 change")*('Changes & Events'!$B$6:$B$17<=$B7)*('Changes & Events'!$B$6:$B$17<>"")),'Changes & Events'!$G$6:$G$17),'Your Pay & Benefits'!$C$17)) | AS7: =IF($B7="","",IFERROR(LOOKUP(2,1/((('Changes & Events'!$C$6:$C$17="State move")+('Changes & Events'!$C$6:$C$17="State cert change"))*('Changes & Events'!$B$6:$B$17<=$B7)*('Changes & Events'!$B$6:$B$17<>"")),'Changes & Events'!$F$6:$F$17),'Your Pay & Benefits'!$C$23)) | AT7: =IF($B7="","",IFERROR(LOOKUP(2,1/((('Changes & Events'!$C$6:$C$17="State move")+('Changes & Events'!$C$6:$C$17="State cert change"))*('Changes & Events'!$B$6:$B$17<=$B7)*('Changes & Events'!$B$6:$B$17<>"")),'Changes & Events'!$G$6:$G$17),'Your Pay & Benefits'!$C$24)) | AU7: =IF($B7="","",IFERROR(LOOKUP(2,1/(('Changes & Events'!$C$6:$C$17="State move")*('Changes & Events'!$B$6:$B$17<=$B7)*('Changes & Events'!$B$6:$B$17<>"")),'Changes & Events'!$E$6:$E$17),'Your Pay & Benefits'!$C$22)) | AV7: =IF($B7="","",1+COUNTIFS('Changes & Events'!$C$6:$C$17,"Employer change",'Changes & Events'!$B$6:$B$17,"<="&$B7,'Changes & Events'!$B$6:$B$17,"<>")) | AW7: =IF($B7="","",IF($AV7=1,'Your Pay & Benefits'!$C$49,IF(IFERROR(MATCH(IFERROR(LOOKUP(2,1/(('Changes & Events'!$C$6:$C$17="Employer change")*('Changes & Events'!$B$6:$B$17<=$B7)*('Changes & Events'!$B$6:$B$17<>"")),'Changes & Events'!$B$6:$B$17),""),$B$6:$B$68,1),1)<=1,'Your Pay & Benefits'!$C$49,INDEX($AB$6:$AB$68,MATCH(IFERROR(LOOKUP(2,1/(('Changes & Events'!$C$6:$C$17="Employer change")*('Changes & Events'!$B$6:$B$17<=$B7)*('Changes & Events'!$B$6:$B$17<>"")),'Changes & Events'!$B$6:$B$17),""),$B$6:$B$68,1)-1)))) | AX7: =IF($B7="","",IF($AV7=1,'Your Pay & Benefits'!$C$49,IFERROR(LOOKUP(2,1/(('Changes & Events'!$C$6:$C$17="Employer change")*('Changes & Events'!$B$6:$B$17<=$B7)*('Changes & Events'!$B$6:$B$17<>"")),'Changes & Events'!$D$6:$D$17),0))) | AY7: =IF($B7="","",($O7-$D7)*'Your Pay & Benefits'!$C$8) | AZ7: =IF($B7="","",IF($AN7="AL",MAX(0,$AY7-IF($AU7="Married",IF($AY7<=25999,8500,MAX(5000,8500-175*CEILING(($AY7-25999)/500,1))),IF($AU7="Head of household",IF($AY7<=25999,5200,MAX(2500,5200-135*CEILING(($AY7-25999)/500,1))),IF($AY7<=25999,3000,MAX(2500,3000-25*CEILING(($AY7-25999)/500,1)))))-($P7-'How This Works & Sources'!$C$10*$D7)*'Your Pay & Benefits'!$C$8-IF(OR($AU7="Married",$AU7="Head of household"),3000,1500)-$AT7*IF($AY7<=50000,1000,IF($AY7<=100000,500,300))),IF($AN7="AR",IF(MAX(0,$AY7-2470)<97701,INT(MAX(0,$AY7-2470)/100)*100+50,MAX(0,$AY7-2470)),IF($AN7="DE",MAX(0,$AI7-3250),IF($AN7="HI",MAX(0,$AI7-1144*$AS7-4350),IF($AN7="KS",MAX(0,$AI7-(9160*IF($AU7="Married",2,1)+2320*$AT7+IF($AU7="Head of household",2320,0))),IF($AN7="MD",MAX(0,$AI7-3400-3200*$AS7),IF($AN7="MN",MAX(0,$AY7-5300*$AS7),IF($AN7="MO",MAX(0,$AI7-IF($AU7="Head of household",24150,IF($AU7="Married",IF('Your Pay & Benefits'!$C$83,16100,32200),16100))),IF($AN7="MT",$AY7,IF($AN7="ND",($C7+$L7)*'Your Pay & Benefits'!$C$8,IF($AN7="NE",MAX(0,$AY7-2440*$AS7),IF($AN7="NJ",MAX(0,$AY7-1000*$AS7),IF($AN7="NY",MAX(0,$AY7-(IF($AU7="Married",7950,7400)+1000*$AS7)),IF($AN7="OH",MAX(0,$AY7-650*$AS7),IF($AN7="OK",MAX(0,$AY7-1000*$AS7),IF($AN7="RI",MAX(0,$AI7-1000*$AS7),IF($AN7="SC",MAX(0,$AI7-5000*$AS7-IF($AS7=0,0,MIN(0.1*$AI7,7500))),IF($AN7="VA",MAX(0,$AI7-IF($AU7="Married",17500,8750)-930*$AS7-800*$AT7),IF($AN7="VT",MAX(0,$AI7-5400*$AS7),IF($AN7="WI",MAX(0,$AI7-MAX(0,IF($AU7="Married",9461-0.2*MAX(0,$AI7-25727),6702-0.12*MAX(0,$AI7-17780)))-400*$AS7),IF($AN7="WV",MAX(0,$AI7-2000*$AS7),$AI7)))))))))))))))))))))) | BA7: =IF($B7="","",IF($BW7<>"",$BW7,IF($BX7<>"",$BX7,IF($BY7<>"",$BY7,0)))) | BB7: =IF($B7="","",IF($AN7="AR",-29*$AS7,IF($AN7="DE",-110*$AS7,IF($AN7="MD",$AZ7*'Your Pay & Benefits'!$C$74,IF($AN7="AZ",'Your Pay & Benefits'!$C$82*($M7-$D7)*'Your Pay & Benefits'!$C$8,IF($AN7="CO",0.044*MAX(0,$AY7-IF($AU7="Married",10000,5000)),IF($AN7="IA",MAX(0,0.038*MAX(0,$AY7-IF($AU7="Head of household",19500,IF($AU7="Married",26000,13000)))-40*$AS7),IF($AN7="ID",0.053*MAX(0,$AY7-IF($AU7="Married",32000,16094)),IF($AN7="IL",0.0495*MAX(0,$AY7-(2925*$AS7+1000*$AT7)),IF($AN7="IN",(0.0295+'Your Pay & Benefits'!$C$76)*MAX(0,$AY7-(1000*$AS7+1500*$AT7+3000*'Your Pay & Benefits'!$C$86)),IF($AN7="KY",0.035*MAX(0,$AI7-3360),IF($AN7="LA",IF('Your Pay & Benefits'!$C$84="0",0.0309*$AI7,0.0309*MAX(0,$AI7-IF('Your Pay & Benefits'!$C$84="2",25750,12875))),IF($AN7="MA",0.05*MIN(MAX(0,$AY7-MIN(($BD6+$Q7+$R7+$S7),2000)-IF($AS7=0,0,IF($AS7=1,4400,1000*$AS7+3400))),1107750)+0.09*MAX(0,MAX(0,$AY7-MIN(($BD6+$Q7+$R7+$S7),2000)-IF($AS7=0,0,IF($AS7=1,4400,1000*$AS7+3400)))-1107750)-IF($AU7="Head of household",120,0)-110*'Your Pay & Benefits'!$C$75,IF($AN7="MI",0.0425*MAX(0,$AY7-5900*$AS7),IF($AN7="MS",0.04*MAX(0,$AI7-IF($AU7="Head of household",3400,IF($AU7="Married",4600,2300))-'Your Pay & Benefits'!$C$85-10000),IF($AN7="OR",IF(OR($AU7="Married",AND($AU7="Single",$AS7>=3)),SUMPRODUCT((MAX(0,$AY7-MIN(($P7-'How This Works & Sources'!$C$10*$D7)*'Your Pay & Benefits'!$C$8,IF(OR($AU7="Married",AND($AU7="Single",$AS7>=3)),IF($AY7<250000,8750,IF($AY7<260000,7000,IF($AY7<270000,5250,IF($AY7<280000,3500,IF($AY7<290000,1750,0))))),IF($AY7<125000,8750,IF($AY7<130000,7000,IF($AY7<135000,5250,IF($AY7<140000,3500,IF($AY7<145000,1750,0)))))))-IF(OR($AU7="Married",AND($AU7="Single",$AS7>=3)),5820,2910))>INDEX('How This Works & Sources'!$B$211:$J$214,0,4))*(MAX(0,$AY7-MIN(($P7-'How This Works & Sources'!$C$10*$D7)*'Your Pay & Benefits'!$C$8,IF(OR($AU7="Married",AND($AU7="Single",$AS7>=3)),IF($AY7<250000,8750,IF($AY7<260000,7000,IF($AY7<270000,5250,IF($AY7<280000,3500,IF($AY7<290000,1750,0))))),IF($AY7<125000,8750,IF($AY7<130000,7000,IF($AY7<135000,5250,IF($AY7<140000,3500,IF($AY7<145000,1750,0)))))))-IF(OR($AU7="Married",AND($AU7="Single",$AS7>=3)),5820,2910))-INDEX('How This Works & Sources'!$B$211:$J$214,0,4))*INDEX('How This Works & Sources'!$B$211:$J$214,0,4+2)),SUMPRODUCT((MAX(0,$AY7-MIN(($P7-'How This Works & Sources'!$C$10*$D7)*'Your Pay & Benefits'!$C$8,IF(OR($AU7="Married",AND($AU7="Single",$AS7>=3)),IF($AY7<250000,8750,IF($AY7<260000,7000,IF($AY7<270000,5250,IF($AY7<280000,3500,IF($AY7<290000,1750,0))))),IF($AY7<125000,8750,IF($AY7<130000,7000,IF($AY7<135000,5250,IF($AY7<140000,3500,IF($AY7<145000,1750,0)))))))-IF(OR($AU7="Married",AND($AU7="Single",$AS7>=3)),5820,2910))>INDEX('How This Works & Sources'!$B$211:$J$214,0,1))*(MAX(0,$AY7-MIN(($P7-'How This Works & Sources'!$C$10*$D7)*'Your Pay & Benefits'!$C$8,IF(OR($AU7="Married",AND($AU7="Single",$AS7>=3)),IF($AY7<250000,8750,IF($AY7<260000,7000,IF($AY7<270000,5250,IF($AY7<280000,3500,IF($AY7<290000,1750,0))))),IF($AY7<125000,8750,IF($AY7<130000,7000,IF($AY7<135000,5250,IF($AY7<140000,3500,IF($AY7<145000,1750,0)))))))-IF(OR($AU7="Married",AND($AU7="Single",$AS7>=3)),5820,2910))-INDEX('How This Works & Sources'!$B$211:$J$214,0,1))*INDEX('How This Works & Sources'!$B$211:$J$214,0,1+2)))+263-263*IF(IF($AU7="Married",$AY7>200000,$AY7>100000),0,$AS7),IF($AN7="PA",0.0307*(($O7+$E7+$G7)*'Your Pay & Benefits'!$C$8),IF($AN7="NY",IF($AU7="Married",IF($AZ7>=2155350,0,IF($AZ7>=1077550,0.48,IF($AZ7>=373200,1.21,IF($AZ7>=323200,0.21,IF($AZ7>=211550,-0.19,IF($AZ7>=157650,-2.8,IF($AZ7>=107650,-0.8,IF($AZ7>=96800,0.05,IF($AZ7>=80650,-0.1,IF($AZ7>=13900,0.4,IF($AZ7>=11700,-0.3,IF($AZ7>=8500,0.5,0)))))))))))),IF($AZ7>=1077550,0,IF($AZ7>=265400,4.29,IF($AZ7>=215400,2.29,IF($AZ7>=157650,2.29,IF($AZ7>=107650,0.29,IF($AZ7>=96800,0.05,IF($AZ7>=80650,-0.1,IF($AZ7>=13900,0.4,IF($AZ7>=11700,-0.3,IF($AZ7>=8500,0.5,0))))))))))),0)))))))))))))))))) | BC7: =IF($B7="","",IF($AN7="AL",0.05*$D7,IF($AN7="AR",0.039*$D7,IF($AN7="ID",0.053*$D7,IF($AN7="IN",(0.0295+'Your Pay & Benefits'!$C$76)*$D7,IF($AN7="KS",0.05*$D7,IF($AN7="MA",0.09*MIN($D7,MAX(0,MAX(0,$AY7-MIN(($BD6+$Q7+$R7+$S7),2000)-IF($AS7=0,0,IF($AS7=1,4400,1000*$AS7+3400)))+$D7-1107750))+0.05*($D7-MIN($D7,MAX(0,MAX(0,$AY7-MIN(($BD6+$Q7+$R7+$S7),2000)-IF($AS7=0,0,IF($AS7=1,4400,1000*$AS7+3400)))+$D7-1107750))),IF($AN7="MD",(0.065+'Your Pay & Benefits'!$C$74)*$D7,IF($AN7="MI",0.0425*$D7,IF($AN7="MN",0.0625*$D7,IF($AN7="MO",0.047*$D7,IF($AN7="MT",0.05*$D7,IF($AN7="ND",0.015*$D7,IF($AN7="NE",0.035*$D7,IF($AN7="NJ",IF('Your Pay & Benefits'!$C$77="B",SUMPRODUCT(($D7*'Your Pay & Benefits'!$C$8>INDEX('How This Works & Sources'!$B$155:$J$162,0,4))*($D7*'Your Pay & Benefits'!$C$8-INDEX('How This Works & Sources'!$B$155:$J$162,0,4))*INDEX('How This Works & Sources'!$B$155:$J$162,0,4+2)),IF('Your Pay & Benefits'!$C$77="C",SUMPRODUCT(($D7*'Your Pay & Benefits'!$C$8>INDEX('How This Works & Sources'!$B$155:$J$162,0,7))*($D7*'Your Pay & Benefits'!$C$8-INDEX('How This Works & Sources'!$B$155:$J$162,0,7))*INDEX('How This Works & Sources'!$B$155:$J$162,0,7+2)),IF('Your Pay & Benefits'!$C$77="D",SUMPRODUCT(($D7*'Your Pay & Benefits'!$C$8>INDEX('How This Works & Sources'!$B$167:$J$179,0,1))*($D7*'Your Pay & Benefits'!$C$8-INDEX('How This Works & Sources'!$B$167:$J$179,0,1))*INDEX('How This Works & Sources'!$B$167:$J$179,0,1+2)),IF('Your Pay & Benefits'!$C$77="E",SUMPRODUCT(($D7*'Your Pay & Benefits'!$C$8>INDEX('How This Works & Sources'!$B$167:$J$179,0,4))*($D7*'Your Pay & Benefits'!$C$8-INDEX('How This Works & Sources'!$B$167:$J$179,0,4))*INDEX('How This Works & Sources'!$B$167:$J$179,0,4+2)),SUMPRODUCT(($D7*'Your Pay & Benefits'!$C$8>INDEX('How This Works & Sources'!$B$155:$J$162,0,1))*($D7*'Your Pay & Benefits'!$C$8-INDEX('How This Works & Sources'!$B$155:$J$162,0,1))*INDEX('How This Works & Sources'!$B$155:$J$162,0,1+2))))))/'Your Pay & Benefits'!$C$8,IF($AN7="NY",0.117*$D7,IF($AN7="OH",0.0275*$D7,IF($AN7="OK",0.045*$D7,IF($AN7="OR",0.08*$D7,IF($AN7="WI",IF($AY7<12760,0.0354,IF($AY7<25520,0.0465,IF($AY7<280950,0.053,0.0765)))*$D7,0)))))))))))))))))))) | BD7: =IF($B7="","",$BD6+$Q7+$R7+$S7) | BE7: =IF($B7="",$BE6,$BE6+$BF7) | BF7: =IF($B7="","",IF(AND(IF(YEAR(IF('Your Pay & Benefits'!$C$7="Weekly",'Your Pay & Benefits'!$C$9+7*(($BE6+1)-1),IF('Your Pay & Benefits'!$C$7="Biweekly",'Your Pay & Benefits'!$C$9+14*(($BE6+1)-1),IF('Your Pay & Benefits'!$C$7="Semimonthly",DATE(YEAR('Your Pay & Benefits'!$C$9),MONTH('Your Pay & Benefits'!$C$9)+INT((($BE6+1)-1)/2),MIN(DAY('Your Pay & Benefits'!$C$9),DAY(EOMONTH(DATE(YEAR('Your Pay & Benefits'!$C$9),MONTH('Your Pay & Benefits'!$C$9)+INT((($BE6+1)-1)/2),1),0))))+IF(MOD(($BE6+1)-1,2)=1,15,0),EDATE('Your Pay & Benefits'!$C$9,($BE6+1)-1)))))<>'Your Pay & Benefits'!$C$10,"",IF('Your Pay & Benefits'!$C$7="Weekly",'Your Pay & Benefits'!$C$9+7*(($BE6+1)-1),IF('Your Pay & Benefits'!$C$7="Biweekly",'Your Pay & Benefits'!$C$9+14*(($BE6+1)-1),IF('Your Pay & Benefits'!$C$7="Semimonthly",DATE(YEAR('Your Pay & Benefits'!$C$9),MONTH('Your Pay & Benefits'!$C$9)+INT((($BE6+1)-1)/2),MIN(DAY('Your Pay & Benefits'!$C$9),DAY(EOMONTH(DATE(YEAR('Your Pay & Benefits'!$C$9),MONTH('Your Pay & Benefits'!$C$9)+INT((($BE6+1)-1)/2),1),0))))+IF(MOD(($BE6+1)-1,2)=1,15,0),EDATE('Your Pay & Benefits'!$C$9,($BE6+1)-1)))))<>"",$B7=IF(YEAR(IF('Your Pay & Benefits'!$C$7="Weekly",'Your Pay & Benefits'!$C$9+7*(($BE6+1)-1),IF('Your Pay & Benefits'!$C$7="Biweekly",'Your Pay & Benefits'!$C$9+14*(($BE6+1)-1),IF('Your Pay & Benefits'!$C$7="Semimonthly",DATE(YEAR('Your Pay & Benefits'!$C$9),MONTH('Your Pay & Benefits'!$C$9)+INT((($BE6+1)-1)/2),MIN(DAY('Your Pay & Benefits'!$C$9),DAY(EOMONTH(DATE(YEAR('Your Pay & Benefits'!$C$9),MONTH('Your Pay & Benefits'!$C$9)+INT((($BE6+1)-1)/2),1),0))))+IF(MOD(($BE6+1)-1,2)=1,15,0),EDATE('Your Pay & Benefits'!$C$9,($BE6+1)-1)))))<>'Your Pay & Benefits'!$C$10,"",IF('Your Pay & Benefits'!$C$7="Weekly",'Your Pay & Benefits'!$C$9+7*(($BE6+1)-1),IF('Your Pay & Benefits'!$C$7="Biweekly",'Your Pay & Benefits'!$C$9+14*(($BE6+1)-1),IF('Your Pay & Benefits'!$C$7="Semimonthly",DATE(YEAR('Your Pay & Benefits'!$C$9),MONTH('Your Pay & Benefits'!$C$9)+INT((($BE6+1)-1)/2),MIN(DAY('Your Pay & Benefits'!$C$9),DAY(EOMONTH(DATE(YEAR('Your Pay & Benefits'!$C$9),MONTH('Your Pay & Benefits'!$C$9)+INT((($BE6+1)-1)/2),1),0))))+IF(MOD(($BE6+1)-1,2)=1,15,0),EDATE('Your Pay & Benefits'!$C$9,($BE6+1)-1)))))),1,0)) | BG7: =IF($B7="","",$BG6+$H7) | BH7: =IF($B7="","",$BH6+$I7) | BI7: =IF($B7="","",$BI6+$G7) | BJ7: =IF($B7="","",IFERROR(LOOKUP(2,1/(((('Changes & Events'!$C$6:$C$17="Deduction start"))*('Changes & Events'!$D$6:$D$17="Health FSA"))*('Changes & Events'!$B$6:$B$17<=$B7)*('Changes & Events'!$B$6:$B$17<>"")),'Changes & Events'!$E$6:$E$17),'Your Pay & Benefits'!$D$38)) | BK7: =IF($B7="","",IFERROR(LOOKUP(2,1/(((('Changes & Events'!$C$6:$C$17="Deduction start"))*('Changes & Events'!$D$6:$D$17="Dependent-care FSA"))*('Changes & Events'!$B$6:$B$17<=$B7)*('Changes & Events'!$B$6:$B$17<>"")),'Changes & Events'!$E$6:$E$17),'Your Pay & Benefits'!$D$39)) | BL7: =IF($B7="","",IFERROR(LOOKUP(2,1/(((('Changes & Events'!$C$6:$C$17="Deduction start")+('Changes & Events'!$C$6:$C$17="Deduction stop"))*('Changes & Events'!$D$6:$D$17="HSA"))*('Changes & Events'!$B$6:$B$17<=$B7)*('Changes & Events'!$B$6:$B$17<>"")),'Changes & Events'!$I$6:$I$17),'Your Pay & Benefits'!$D$35)) | BM7: =IF($B7="","",IFERROR(LOOKUP(2,1/(((('Changes & Events'!$C$6:$C$17="Deduction start")+('Changes & Events'!$C$6:$C$17="Deduction stop"))*('Changes & Events'!$D$6:$D$17="Premiums"))*('Changes & Events'!$B$6:$B$17<=$B7)*('Changes & Events'!$B$6:$B$17<>"")),'Changes & Events'!$I$6:$I$17),'Your Pay & Benefits'!$D$40+'Your Pay & Benefits'!$D$41+'Your Pay & Benefits'!$D$42)) | BN7: =IF($B7="","",IFERROR(LOOKUP(2,1/(((('Changes & Events'!$C$6:$C$17="Deduction start")+('Changes & Events'!$C$6:$C$17="Deduction stop"))*('Changes & Events'!$D$6:$D$17="Commuter"))*('Changes & Events'!$B$6:$B$17<=$B7)*('Changes & Events'!$B$6:$B$17<>"")),'Changes & Events'!$I$6:$I$17),'Your Pay & Benefits'!$D$43)) | BO7: =IF($B7="","",IFERROR(LOOKUP(2,1/(((('Changes & Events'!$C$6:$C$17="Deduction start")+('Changes & Events'!$C$6:$C$17="Deduction stop"))*('Changes & Events'!$D$6:$D$17="Other pre-tax"))*('Changes & Events'!$B$6:$B$17<=$B7)*('Changes & Events'!$B$6:$B$17<>"")),'Changes & Events'!$I$6:$I$17),'Your Pay & Benefits'!$D$44)) | BP7: =IF($B7="","",IFERROR(LOOKUP(2,1/(((('Changes & Events'!$C$6:$C$17="Deduction start")+('Changes & Events'!$C$6:$C$17="Deduction stop"))*('Changes & Events'!$D$6:$D$17="Other post-tax"))*('Changes & Events'!$B$6:$B$17<=$B7)*('Changes & Events'!$B$6:$B$17<>"")),'Changes & Events'!$I$6:$I$17),'Your Pay & Benefits'!$D$45)) | BQ7: =IF($B7="","",IFERROR(LOOKUP(2,1/(((('Changes & Events'!$C$6:$C$17="Deduction start")+('Changes & Events'!$C$6:$C$17="Deduction stop"))*('Changes & Events'!$D$6:$D$17="Health FSA"))*('Changes & Events'!$B$6:$B$17<=$B7)*('Changes & Events'!$B$6:$B$17<>"")),'Changes & Events'!$J$6:$J$17),0)) | BR7: =IF($B7="","",IFERROR(LOOKUP(2,1/(((('Changes & Events'!$C$6:$C$17="Deduction start")+('Changes & Events'!$C$6:$C$17="Deduction stop"))*('Changes & Events'!$D$6:$D$17="Dependent-care FSA"))*('Changes & Events'!$B$6:$B$17<=$B7)*('Changes & Events'!$B$6:$B$17<>"")),'Changes & Events'!$J$6:$J$17),0)) | BS7: =IF($B7="","",IF(SUMPRODUCT(('Changes & Events'!$C$6:$C$17="Deduction start")*('Changes & Events'!$B$6:$B$17<=$B7)*('Changes & Events'!$B$6:$B$17<>"")*('Changes & Events'!$D$6:$D$17="Health FSA"))>0,1,0)) | BT7: =IF($B7="","",IF(SUMPRODUCT(('Changes & Events'!$C$6:$C$17="Deduction start")*('Changes & Events'!$B$6:$B$17<=$B7)*('Changes & Events'!$B$6:$B$17<>"")*('Changes & Events'!$D$6:$D$17="Dependent-care FSA"))>0,1,0)) | BU7: =IF($B7="","",IF('Your Pay & Benefits'!$C$13,SUMPRODUCT(($AH7>=INDEX('How This Works & Sources'!$B$29:$J$36,0,IF('Your Pay & Benefits'!$C$12="MFJ",1,IF('Your Pay & Benefits'!$C$12="HoH",7,4))))*INDEX('How This Works & Sources'!$B$29:$J$36,0,IF('Your Pay & Benefits'!$C$12="MFJ",1,IF('Your Pay & Benefits'!$C$12="HoH",7,4))+2)),SUMPRODUCT(($AH7>=INDEX('How This Works & Sources'!$B$19:$J$26,0,IF('Your Pay & Benefits'!$C$12="MFJ",1,IF('Your Pay & Benefits'!$C$12="HoH",7,4))))*INDEX('How This Works & Sources'!$B$19:$J$26,0,IF('Your Pay & Benefits'!$C$12="MFJ",1,IF('Your Pay & Benefits'!$C$12="HoH",7,4))+2)))) | BV7: =IF($B7="","",IF($BZ7<>"",$BZ7,IF($CA7<>"",$CA7,IF($CB7<>"",$CB7,IF($CC7<>"",$CC7,0))))) | BW7: =IF($B7="","",IF($AN7="MD",IF(OR($AU7="Married",$AU7="Head of household"),SUMPRODUCT(($AZ7>INDEX('How This Works & Sources'!$B$114:$J$120,0,1))*($AZ7-INDEX('How This Works & Sources'!$B$114:$J$120,0,1))*INDEX('How This Works & Sources'!$B$114:$J$120,0,1+2)),SUMPRODUCT(($AZ7>INDEX('How This Works & Sources'!$B$103:$J$109,0,7))*($AZ7-INDEX('How This Works & Sources'!$B$103:$J$109,0,7))*INDEX('How This Works & Sources'!$B$103:$J$109,0,7+2))),IF($AN7="MO",SUMPRODUCT(($AZ7>INDEX('How This Works & Sources'!$B$125:$J$132,0,1))*($AZ7-INDEX('How This Works & Sources'!$B$125:$J$132,0,1))*INDEX('How This Works & Sources'!$B$125:$J$132,0,1+2)),IF($AN7="MT",IF($AU7="Head of household",SUMPRODUCT(($AZ7>INDEX('How This Works & Sources'!$B$137:$J$139,0,1))*($AZ7-INDEX('How This Works & Sources'!$B$137:$J$139,0,1))*INDEX('How This Works & Sources'!$B$137:$J$139,0,1+2)),IF($AU7="Married",SUMPRODUCT(($AZ7>INDEX('How This Works & Sources'!$B$125:$J$132,0,7))*($AZ7-INDEX('How This Works & Sources'!$B$125:$J$132,0,7))*INDEX('How This Works & Sources'!$B$125:$J$132,0,7+2)),SUMPRODUCT(($AZ7>INDEX('How This Works & Sources'!$B$125:$J$132,0,4))*($AZ7-INDEX('How This Works & Sources'!$B$125:$J$132,0,4))*INDEX('How This Works & Sources'!$B$125:$J$132,0,4+2)))),IF($AN7="ND",IF($AU7="Head of household",SUMPRODUCT(($AZ7>INDEX('How This Works & Sources'!$B$144:$J$150,0,1))*($AZ7-INDEX('How This Works & Sources'!$B$144:$J$150,0,1))*INDEX('How This Works & Sources'!$B$144:$J$150,0,1+2)),IF($AU7="Married",SUMPRODUCT(($AZ7>INDEX('How This Works & Sources'!$B$137:$J$139,0,7))*($AZ7-INDEX('How This Works & Sources'!$B$137:$J$139,0,7))*INDEX('How This Works & Sources'!$B$137:$J$139,0,7+2)),SUMPRODUCT(($AZ7>INDEX('How This Works & Sources'!$B$137:$J$139,0,4))*($AZ7-INDEX('How This Works & Sources'!$B$137:$J$139,0,4))*INDEX('How This Works & Sources'!$B$137:$J$139,0,4+2)))),IF($AN7="NJ",IF('Your Pay & Benefits'!$C$77="B",SUMPRODUCT(($AZ7>INDEX('How This Works & Sources'!$B$155:$J$162,0,4))*($AZ7-INDEX('How This Works & Sources'!$B$155:$J$162,0,4))*INDEX('How This Works & Sources'!$B$155:$J$162,0,4+2)),IF('Your Pay & Benefits'!$C$77="C",SUMPRODUCT(($AZ7>INDEX('How This Works & Sources'!$B$155:$J$162,0,7))*($AZ7-INDEX('How This Works & Sources'!$B$155:$J$162,0,7))*INDEX('How This Works & Sources'!$B$155:$J$162,0,7+2)),IF('Your Pay & Benefits'!$C$77="D",SUMPRODUCT(($AZ7>INDEX('How This Works & Sources'!$B$167:$J$179,0,1))*($AZ7-INDEX('How This Works & Sources'!$B$167:$J$179,0,1))*INDEX('How This Works & Sources'!$B$167:$J$179,0,1+2)),IF('Your Pay & Benefits'!$C$77="E",SUMPRODUCT(($AZ7>INDEX('How This Works & Sources'!$B$167:$J$179,0,4))*($AZ7-INDEX('How This Works & Sources'!$B$167:$J$179,0,4))*INDEX('How This Works & Sources'!$B$167:$J$179,0,4+2)),SUMPRODUCT(($AZ7>INDEX('How This Works & Sources'!$B$155:$J$162,0,1))*($AZ7-INDEX('How This Works & Sources'!$B$155:$J$162,0,1))*INDEX('How This Works & Sources'!$B$155:$J$162,0,1+2)))))),IF($AN7="NY",IF($AU7="Married",IF($AZ7>=2155350,$AZ7*IF($AZ7>25000000,0.117,IF($AZ7>5000000,0.111,0.1045)),SUMPRODUCT(($AZ7>INDEX('How This Works & Sources'!$B$184:$J$198,0,1))*($AZ7-INDEX('How This Works & Sources'!$B$184:$J$198,0,1))*INDEX('How This Works & Sources'!$B$184:$J$198,0,1+2))),IF($AZ7>=1077550,$AZ7*IF($AZ7>25000000,0.117,IF($AZ7>5000000,0.111,0.1045)),SUMPRODUCT(($AZ7>INDEX('How This Works & Sources'!$B$167:$J$179,0,7))*($AZ7-INDEX('How This Works & Sources'!$B$167:$J$179,0,7))*INDEX('How This Works & Sources'!$B$167:$J$179,0,7+2)))),""))))))) | BX7: =IF($B7="","",IF($AN7="AL",IF(OR($AU7="Married",$AU7="Head of household"),SUMPRODUCT(($AZ7>INDEX('How This Works & Sources'!$B$82:$J$86,0,4))*($AZ7-INDEX('How This Works & Sources'!$B$82:$J$86,0,4))*INDEX('How This Works & Sources'!$B$82:$J$86,0,4+2)),SUMPRODUCT(($AZ7>INDEX('How This Works & Sources'!$B$82:$J$86,0,1))*($AZ7-INDEX('How This Works & Sources'!$B$82:$J$86,0,1))*INDEX('How This Works & Sources'!$B$82:$J$86,0,1+2))),IF($AN7="KS",IF($AU7="Married",SUMPRODUCT(($AZ7>INDEX('How This Works & Sources'!$B$103:$J$109,0,4))*($AZ7-INDEX('How This Works & Sources'!$B$103:$J$109,0,4))*INDEX('How This Works & Sources'!$B$103:$J$109,0,4+2)),SUMPRODUCT(($AZ7>INDEX('How This Works & Sources'!$B$103:$J$109,0,1))*($AZ7-INDEX('How This Works & Sources'!$B$103:$J$109,0,1))*INDEX('How This Works & Sources'!$B$103:$J$109,0,1+2))),IF($AN7="MN",IF($AU7="Married",SUMPRODUCT(($AZ7>INDEX('How This Works & Sources'!$B$114:$J$120,0,7))*($AZ7-INDEX('How This Works & Sources'!$B$114:$J$120,0,7))*INDEX('How This Works & Sources'!$B$114:$J$120,0,7+2)),SUMPRODUCT(($AZ7>INDEX('How This Works & Sources'!$B$114:$J$120,0,4))*($AZ7-INDEX('How This Works & Sources'!$B$114:$J$120,0,4))*INDEX('How This Works & Sources'!$B$114:$J$120,0,4+2))),IF($AN7="NE",MAX(IF($AU7="Married",SUMPRODUCT(($AZ7>INDEX('How This Works & Sources'!$B$144:$J$150,0,7))*($AZ7-INDEX('How This Works & Sources'!$B$144:$J$150,0,7))*INDEX('How This Works & Sources'!$B$144:$J$150,0,7+2)),SUMPRODUCT(($AZ7>INDEX('How This Works & Sources'!$B$144:$J$150,0,4))*($AZ7-INDEX('How This Works & Sources'!$B$144:$J$150,0,4))*INDEX('How This Works & Sources'!$B$144:$J$150,0,4+2))),0.015*$AZ7),IF($AN7="OH",IF($B7>=DATE(2026,8,1),SUMPRODUCT(($AZ7>INDEX('How This Works & Sources'!$B$203:$J$206,0,1))*($AZ7-INDEX('How This Works & Sources'!$B$203:$J$206,0,1))*INDEX('How This Works & Sources'!$B$203:$J$206,0,1+2)),SUMPRODUCT(($AZ7>INDEX('How This Works & Sources'!$B$184:$J$198,0,7))*($AZ7-INDEX('How This Works & Sources'!$B$184:$J$198,0,7))*INDEX('How This Works & Sources'!$B$184:$J$198,0,7+2))),IF($AN7="OK",IF($AU7="Married",SUMPRODUCT(($AZ7>INDEX('How This Works & Sources'!$B$203:$J$206,0,7))*($AZ7-INDEX('How This Works & Sources'!$B$203:$J$206,0,7))*INDEX('How This Works & Sources'!$B$203:$J$206,0,7+2)),SUMPRODUCT(($AZ7>INDEX('How This Works & Sources'!$B$203:$J$206,0,4))*($AZ7-INDEX('How This Works & Sources'!$B$203:$J$206,0,4))*INDEX('How This Works & Sources'!$B$203:$J$206,0,4+2))),IF($AN7="RI",SUMPRODUCT(($AZ7>INDEX('How This Works & Sources'!$B$211:$J$214,0,7))*($AZ7-INDEX('How This Works & Sources'!$B$211:$J$214,0,7))*INDEX('How This Works & Sources'!$B$211:$J$214,0,7+2)),IF($AN7="VT",IF($AU7="Married",SUMPRODUCT(($AZ7>INDEX('How This Works & Sources'!$B$228:$J$232,0,1))*($AZ7-INDEX('How This Works & Sources'!$B$228:$J$232,0,1))*INDEX('How This Works & Sources'!$B$228:$J$232,0,1+2)),SUMPRODUCT(($AZ7>INDEX('How This Works & Sources'!$B$219:$J$223,0,7))*($AZ7-INDEX('How This Works & Sources'!$B$219:$J$223,0,7))*INDEX('How This Works & Sources'!$B$219:$J$223,0,7+2))),IF($AN7="WV",IF($AU7="Married",SUMPRODUCT(($AZ7>INDEX('How This Works & Sources'!$B$237:$J$241,0,7))*($AZ7-INDEX('How This Works & Sources'!$B$237:$J$241,0,7))*INDEX('How This Works & Sources'!$B$237:$J$241,0,7+2)),SUMPRODUCT(($AZ7>INDEX('How This Works & Sources'!$B$228:$J$232,0,7))*($AZ7-INDEX('How This Works & Sources'!$B$228:$J$232,0,7))*INDEX('How This Works & Sources'!$B$228:$J$232,0,7+2))),"")))))))))) | BY7: =IF($B7="","",IF($AN7="AR",SUMPRODUCT(($AZ7>INDEX('How This Works & Sources'!$B$82:$J$86,0,7))*($AZ7-INDEX('How This Works & Sources'!$B$82:$J$86,0,7))*INDEX('How This Works & Sources'!$B$82:$J$86,0,7+2)),IF($AN7="DE",SUMPRODUCT(($AZ7>INDEX('How This Works & Sources'!$B$91:$J$98,0,1))*($AZ7-INDEX('How This Works & Sources'!$B$91:$J$98,0,1))*INDEX('How This Works & Sources'!$B$91:$J$98,0,1+2)),IF($AN7="HI",IF($AU7="Married",SUMPRODUCT(($AZ7>INDEX('How This Works & Sources'!$B$91:$J$98,0,7))*($AZ7-INDEX('How This Works & Sources'!$B$91:$J$98,0,7))*INDEX('How This Works & Sources'!$B$91:$J$98,0,7+2)),SUMPRODUCT(($AZ7>INDEX('How This Works & Sources'!$B$91:$J$98,0,4))*($AZ7-INDEX('How This Works & Sources'!$B$91:$J$98,0,4))*INDEX('How This Works & Sources'!$B$91:$J$98,0,4+2))),IF($AN7="SC",SUMPRODUCT(($AZ7>INDEX('How This Works & Sources'!$B$219:$J$223,0,1))*($AZ7-INDEX('How This Works & Sources'!$B$219:$J$223,0,1))*INDEX('How This Works & Sources'!$B$219:$J$223,0,1+2)),IF($AN7="VA",SUMPRODUCT(($AZ7>INDEX('How This Works & Sources'!$B$219:$J$223,0,4))*($AZ7-INDEX('How This Works & Sources'!$B$219:$J$223,0,4))*INDEX('How This Works & Sources'!$B$219:$J$223,0,4+2)),IF($AN7="WI",SUMPRODUCT(($AZ7>INDEX('How This Works & Sources'!$B$228:$J$232,0,4))*($AZ7-INDEX('How This Works & Sources'!$B$228:$J$232,0,4))*INDEX('How This Works & Sources'!$B$228:$J$232,0,4+2)),""))))))) | BZ7: =IF($B7="","",IF($AN7="NJ",IF('Your Pay & Benefits'!$C$77="B",SUMPRODUCT(($AZ7>=INDEX('How This Works & Sources'!$B$155:$J$162,0,4))*INDEX('How This Works & Sources'!$B$155:$J$162,0,4+2)),IF('Your Pay & Benefits'!$C$77="C",SUMPRODUCT(($AZ7>=INDEX('How This Works & Sources'!$B$155:$J$162,0,7))*INDEX('How This Works & Sources'!$B$155:$J$162,0,7+2)),IF('Your Pay & Benefits'!$C$77="D",SUMPRODUCT(($AZ7>=INDEX('How This Works & Sources'!$B$167:$J$179,0,1))*INDEX('How This Works & Sources'!$B$167:$J$179,0,1+2)),IF('Your Pay & Benefits'!$C$77="E",SUMPRODUCT(($AZ7>=INDEX('How This Works & Sources'!$B$167:$J$179,0,4))*INDEX('How This Works & Sources'!$B$167:$J$179,0,4+2)),SUMPRODUCT(($AZ7>=INDEX('How This Works & Sources'!$B$155:$J$162,0,1))*INDEX('How This Works & Sources'!$B$155:$J$162,0,1+2)))))),IF($AN7="OR",IF(OR($AU7="Married",AND($AU7="Single",$AS7>=3)),SUMPRODUCT((MAX(0,$AY7-MIN(($P7-'How This Works & Sources'!$C$10*$D7)*'Your Pay & Benefits'!$C$8,IF(OR($AU7="Married",AND($AU7="Single",$AS7>=3)),IF($AY7<250000,8750,IF($AY7<260000,7000,IF($AY7<270000,5250,IF($AY7<280000,3500,IF($AY7<290000,1750,0))))),IF($AY7<125000,8750,IF($AY7<130000,7000,IF($AY7<135000,5250,IF($AY7<140000,3500,IF($AY7<145000,1750,0)))))))-IF(OR($AU7="Married",AND($AU7="Single",$AS7>=3)),5820,2910))>=INDEX('How This Works & Sources'!$B$211:$J$214,0,4))*INDEX('How This Works & Sources'!$B$211:$J$214,0,4+2)),SUMPRODUCT((MAX(0,$AY7-MIN(($P7-'How This Works & Sources'!$C$10*$D7)*'Your Pay & Benefits'!$C$8,IF(OR($AU7="Married",AND($AU7="Single",$AS7>=3)),IF($AY7<250000,8750,IF($AY7<260000,7000,IF($AY7<270000,5250,IF($AY7<280000,3500,IF($AY7<290000,1750,0))))),IF($AY7<125000,8750,IF($AY7<130000,7000,IF($AY7<135000,5250,IF($AY7<140000,3500,IF($AY7<145000,1750,0)))))))-IF(OR($AU7="Married",AND($AU7="Single",$AS7>=3)),5820,2910))>=INDEX('How This Works & Sources'!$B$211:$J$214,0,1))*INDEX('How This Works & Sources'!$B$211:$J$214,0,1+2)))*IF(($P7-'How This Works & Sources'!$C$10*$D7)*'Your Pay & Benefits'!$C$8>=IF(OR($AU7="Married",AND($AU7="Single",$AS7>=3)),IF($AY7<250000,8750,IF($AY7<260000,7000,IF($AY7<270000,5250,IF($AY7<280000,3500,IF($AY7<290000,1750,0))))),IF($AY7<125000,8750,IF($AY7<130000,7000,IF($AY7<135000,5250,IF($AY7<140000,3500,IF($AY7<145000,1750,0)))))),1,1-IF('Your Pay & Benefits'!$C$13,SUMPRODUCT(($AH7>=INDEX('How This Works & Sources'!$B$29:$J$36,0,IF('Your Pay & Benefits'!$C$12="MFJ",1,IF('Your Pay & Benefits'!$C$12="HoH",7,4))))*INDEX('How This Works & Sources'!$B$29:$J$36,0,IF('Your Pay & Benefits'!$C$12="MFJ",1,IF('Your Pay & Benefits'!$C$12="HoH",7,4))+2)),SUMPRODUCT(($AH7>=INDEX('How This Works & Sources'!$B$19:$J$26,0,IF('Your Pay & Benefits'!$C$12="MFJ",1,IF('Your Pay & Benefits'!$C$12="HoH",7,4))))*INDEX('How This Works & Sources'!$B$19:$J$26,0,IF('Your Pay & Benefits'!$C$12="MFJ",1,IF('Your Pay & Benefits'!$C$12="HoH",7,4))+2)))),IF($AN7="MI",IF($AY7>5900*$AS7,0.0425,0),"")))) | CA7: =IF($B7="","",IF($AN7="AL",IF(OR($AU7="Married",$AU7="Head of household"),SUMPRODUCT(($AZ7>=INDEX('How This Works & Sources'!$B$82:$J$86,0,4))*INDEX('How This Works & Sources'!$B$82:$J$86,0,4+2)),SUMPRODUCT(($AZ7>=INDEX('How This Works & Sources'!$B$82:$J$86,0,1))*INDEX('How This Works & Sources'!$B$82:$J$86,0,1+2)))*(1-IF('Your Pay & Benefits'!$C$13,SUMPRODUCT(($AH7>=INDEX('How This Works & Sources'!$B$29:$J$36,0,IF('Your Pay & Benefits'!$C$12="MFJ",1,IF('Your Pay & Benefits'!$C$12="HoH",7,4))))*INDEX('How This Works & Sources'!$B$29:$J$36,0,IF('Your Pay & Benefits'!$C$12="MFJ",1,IF('Your Pay & Benefits'!$C$12="HoH",7,4))+2)),SUMPRODUCT(($AH7>=INDEX('How This Works & Sources'!$B$19:$J$26,0,IF('Your Pay & Benefits'!$C$12="MFJ",1,IF('Your Pay & Benefits'!$C$12="HoH",7,4))))*INDEX('How This Works & Sources'!$B$19:$J$26,0,IF('Your Pay & Benefits'!$C$12="MFJ",1,IF('Your Pay & Benefits'!$C$12="HoH",7,4))+2)))),IF($AN7="KS",IF($AU7="Married",SUMPRODUCT(($AZ7>=INDEX('How This Works & Sources'!$B$103:$J$109,0,4))*INDEX('How This Works & Sources'!$B$103:$J$109,0,4+2)),SUMPRODUCT(($AZ7>=INDEX('How This Works & Sources'!$B$103:$J$109,0,1))*INDEX('How This Works & Sources'!$B$103:$J$109,0,1+2))),IF($AN7="MD",IF(OR($AU7="Married",$AU7="Head of household"),SUMPRODUCT(($AZ7>=INDEX('How This Works & Sources'!$B$114:$J$120,0,1))*INDEX('How This Works & Sources'!$B$114:$J$120,0,1+2)),SUMPRODUCT(($AZ7>=INDEX('How This Works & Sources'!$B$103:$J$109,0,7))*INDEX('How This Works & Sources'!$B$103:$J$109,0,7+2)))+'Your Pay & Benefits'!$C$74,IF($AN7="MT",IF($AU7="Head of household",SUMPRODUCT(($AZ7>=INDEX('How This Works & Sources'!$B$137:$J$139,0,1))*INDEX('How This Works & Sources'!$B$137:$J$139,0,1+2)),IF($AU7="Married",SUMPRODUCT(($AZ7>=INDEX('How This Works & Sources'!$B$125:$J$132,0,7))*INDEX('How This Works & Sources'!$B$125:$J$132,0,7+2)),SUMPRODUCT(($AZ7>=INDEX('How This Works & Sources'!$B$125:$J$132,0,4))*INDEX('How This Works & Sources'!$B$125:$J$132,0,4+2)))),IF($AN7="ND",IF($AU7="Head of household",SUMPRODUCT(($AZ7>=INDEX('How This Works & Sources'!$B$144:$J$150,0,1))*INDEX('How This Works & Sources'!$B$144:$J$150,0,1+2)),IF($AU7="Married",SUMPRODUCT(($AZ7>=INDEX('How This Works & Sources'!$B$137:$J$139,0,7))*INDEX('How This Works & Sources'!$B$137:$J$139,0,7+2)),SUMPRODUCT(($AZ7>=INDEX('How This Works & Sources'!$B$137:$J$139,0,4))*INDEX('How This Works & Sources'!$B$137:$J$139,0,4+2)))),IF($AN7="NY",IF($AU7="Married",IF($AZ7>=2155350,IF($AZ7>25000000,0.117,IF($AZ7>5000000,0.111,0.1045)),SUMPRODUCT(($AZ7>=INDEX('How This Works & Sources'!$B$184:$J$198,0,1))*INDEX('How This Works & Sources'!$B$184:$J$198,0,1+2))),IF($AZ7>=1077550,IF($AZ7>25000000,0.117,IF($AZ7>5000000,0.111,0.1045)),SUMPRODUCT(($AZ7>=INDEX('How This Works & Sources'!$B$167:$J$179,0,7))*INDEX('How This Works & Sources'!$B$167:$J$179,0,7+2)))),""))))))) | CB7: =IF($B7="","",IF($AN7="CA",SUMPRODUCT(($AJ7>=INDEX('How This Works & Sources'!$B$39:$J$48,0,IF($AU7="Married",4,IF($AU7="Head of household",7,1))))*INDEX('How This Works & Sources'!$B$39:$J$48,0,IF($AU7="Married",4,IF($AU7="Head of household",7,1))+2)),IF($AN7="HI",IF($AU7="Married",SUMPRODUCT(($AZ7>=INDEX('How This Works & Sources'!$B$91:$J$98,0,7))*INDEX('How This Works & Sources'!$B$91:$J$98,0,7+2)),SUMPRODUCT(($AZ7>=INDEX('How This Works & Sources'!$B$91:$J$98,0,4))*INDEX('How This Works & Sources'!$B$91:$J$98,0,4+2))),IF($AN7="MN",IF($AU7="Married",SUMPRODUCT(($AZ7>=INDEX('How This Works & Sources'!$B$114:$J$120,0,7))*INDEX('How This Works & Sources'!$B$114:$J$120,0,7+2)),SUMPRODUCT(($AZ7>=INDEX('How This Works & Sources'!$B$114:$J$120,0,4))*INDEX('How This Works & Sources'!$B$114:$J$120,0,4+2))),IF($AN7="MO",SUMPRODUCT(($AZ7>=INDEX('How This Works & Sources'!$B$125:$J$132,0,1))*INDEX('How This Works & Sources'!$B$125:$J$132,0,1+2)),IF($AN7="NE",MAX(IF($AU7="Married",SUMPRODUCT(($AZ7>=INDEX('How This Works & Sources'!$B$144:$J$150,0,7))*INDEX('How This Works & Sources'!$B$144:$J$150,0,7+2)),SUMPRODUCT(($AZ7>=INDEX('How This Works & Sources'!$B$144:$J$150,0,4))*INDEX('How This Works & Sources'!$B$144:$J$150,0,4+2))),0.015),IF($AN7="OH",IF($B7>=DATE(2026,8,1),SUMPRODUCT(($AZ7>=INDEX('How This Works & Sources'!$B$203:$J$206,0,1))*INDEX('How This Works & Sources'!$B$203:$J$206,0,1+2)),SUMPRODUCT(($AZ7>=INDEX('How This Works & Sources'!$B$184:$J$198,0,7))*INDEX('How This Works & Sources'!$B$184:$J$198,0,7+2))),IF($AN7="OK",IF($AU7="Married",SUMPRODUCT(($AZ7>=INDEX('How This Works & Sources'!$B$203:$J$206,0,7))*INDEX('How This Works & Sources'!$B$203:$J$206,0,7+2)),SUMPRODUCT(($AZ7>=INDEX('How This Works & Sources'!$B$203:$J$206,0,4))*INDEX('How This Works & Sources'!$B$203:$J$206,0,4+2))),IF($AN7="RI",SUMPRODUCT(($AZ7>=INDEX('How This Works & Sources'!$B$211:$J$214,0,7))*INDEX('How This Works & Sources'!$B$211:$J$214,0,7+2)),IF($AN7="SC",SUMPRODUCT(($AZ7>=INDEX('How This Works & Sources'!$B$219:$J$223,0,1))*INDEX('How This Works & Sources'!$B$219:$J$223,0,1+2)),IF($AN7="VT",IF($AU7="Married",SUMPRODUCT(($AZ7>=INDEX('How This Works & Sources'!$B$228:$J$232,0,1))*INDEX('How This Works & Sources'!$B$228:$J$232,0,1+2)),SUMPRODUCT(($AZ7>=INDEX('How This Works & Sources'!$B$219:$J$223,0,7))*INDEX('How This Works & Sources'!$B$219:$J$223,0,7+2))),IF($AN7="WV",IF($AU7="Married",SUMPRODUCT(($AZ7>=INDEX('How This Works & Sources'!$B$237:$J$241,0,7))*INDEX('How This Works & Sources'!$B$237:$J$241,0,7+2)),SUMPRODUCT(($AZ7>=INDEX('How This Works & Sources'!$B$228:$J$232,0,7))*INDEX('How This Works & Sources'!$B$228:$J$232,0,7+2))),IF($AN7="IN",(0.0295+'Your Pay & Benefits'!$C$76),""))))))))))))) | CC7: =IF($B7="","",IF($AN7="AR",SUMPRODUCT(($AZ7>=INDEX('How This Works & Sources'!$B$82:$J$86,0,7))*INDEX('How This Works & Sources'!$B$82:$J$86,0,7+2)),IF($AN7="DE",SUMPRODUCT(($AZ7>=INDEX('How This Works & Sources'!$B$91:$J$98,0,1))*INDEX('How This Works & Sources'!$B$91:$J$98,0,1+2)),IF($AN7="VA",SUMPRODUCT(($AZ7>=INDEX('How This Works & Sources'!$B$219:$J$223,0,4))*INDEX('How This Works & Sources'!$B$219:$J$223,0,4+2)),IF($AN7="WI",SUMPRODUCT(($AZ7>=INDEX('How This Works & Sources'!$B$228:$J$232,0,4))*INDEX('How This Works & Sources'!$B$228:$J$232,0,4+2)),IF($AN7="AZ",'Your Pay & Benefits'!$C$82,IF($AN7="CO",IF($AY7>IF($AU7="Married",10000,5000),0.044,0),IF($AN7="IA",IF($AY7>IF($AU7="Head of household",19500,IF($AU7="Married",26000,13000)),0.038,0),IF($AN7="ID",IF($AY7>IF($AU7="Married",32000,16094),0.053,0),IF($AN7="IL",IF($AY7>(2925*$AS7+1000*$AT7),0.0495,0),IF($AN7="KY",IF($AI7>3360,0.035,0),IF($AN7="LA",0.0309,IF($AN7="MA",IF(MAX(0,$AY7-MIN(($BD6+$Q7+$R7+$S7),2000)-IF($AS7=0,0,IF($AS7=1,4400,1000*$AS7+3400)))>=1107750,0.09,0.05),IF($AN7="MS",IF($AI7-IF($AU7="Head of household",3400,IF($AU7="Married",4600,2300))-'Your Pay & Benefits'!$C$85>10000,0.04,0),IF($AN7="PA",0.0307,""))))))))))))))) | CD7: =IF(YEAR(IF('Your Pay & Benefits'!$C$7="Weekly",'Your Pay & Benefits'!$C$9+7*(($BE6+1)-1),IF('Your Pay & Benefits'!$C$7="Biweekly",'Your Pay & Benefits'!$C$9+14*(($BE6+1)-1),IF('Your Pay & Benefits'!$C$7="Semimonthly",DATE(YEAR('Your Pay & Benefits'!$C$9),MONTH('Your Pay & Benefits'!$C$9)+INT((($BE6+1)-1)/2),MIN(DAY('Your Pay & Benefits'!$C$9),DAY(EOMONTH(DATE(YEAR('Your Pay & Benefits'!$C$9),MONTH('Your Pay & Benefits'!$C$9)+INT((($BE6+1)-1)/2),1),0))))+IF(MOD(($BE6+1)-1,2)=1,15,0),EDATE('Your Pay & Benefits'!$C$9,($BE6+1)-1)))))<>'Your Pay & Benefits'!$C$10,"",IF('Your Pay & Benefits'!$C$7="Weekly",'Your Pay & Benefits'!$C$9+7*(($BE6+1)-1),IF('Your Pay & Benefits'!$C$7="Biweekly",'Your Pay & Benefits'!$C$9+14*(($BE6+1)-1),IF('Your Pay & Benefits'!$C$7="Semimonthly",DATE(YEAR('Your Pay & Benefits'!$C$9),MONTH('Your Pay & Benefits'!$C$9)+INT((($BE6+1)-1)/2),MIN(DAY('Your Pay & Benefits'!$C$9),DAY(EOMONTH(DATE(YEAR('Your Pay & Benefits'!$C$9),MONTH('Your Pay & Benefits'!$C$9)+INT((($BE6+1)-1)/2),1),0))))+IF(MOD(($BE6+1)-1,2)=1,15,0),EDATE('Your Pay & Benefits'!$C$9,($BE6+1)-1))))) | CE7: =IF(MIN(IF(AND('Your Pay & Benefits'!$C$58>MAX($B$6:$B6),'Your Pay & Benefits'!$C$58>=DATE('Your Pay & Benefits'!$C$10,1,1),'Your Pay & Benefits'!$C$58<=DATE('Your Pay & Benefits'!$C$10,12,31)),'Your Pay & Benefits'!$C$58,999999),IF(AND('Your Pay & Benefits'!$C$59>MAX($B$6:$B6),'Your Pay & Benefits'!$C$59>=DATE('Your Pay & Benefits'!$C$10,1,1),'Your Pay & Benefits'!$C$59<=DATE('Your Pay & Benefits'!$C$10,12,31)),'Your Pay & Benefits'!$C$59,999999),IF(AND('Your Pay & Benefits'!$C$60>MAX($B$6:$B6),'Your Pay & Benefits'!$C$60>=DATE('Your Pay & Benefits'!$C$10,1,1),'Your Pay & Benefits'!$C$60<=DATE('Your Pay & Benefits'!$C$10,12,31)),'Your Pay & Benefits'!$C$60,999999),IF(AND('Your Pay & Benefits'!$C$61>MAX($B$6:$B6),'Your Pay & Benefits'!$C$61>=DATE('Your Pay & Benefits'!$C$10,1,1),'Your Pay & Benefits'!$C$61<=DATE('Your Pay & Benefits'!$C$10,12,31)),'Your Pay & Benefits'!$C$61,999999),IF(AND('Your Pay & Benefits'!$C$62>MAX($B$6:$B6),'Your Pay & Benefits'!$C$62>=DATE('Your Pay & Benefits'!$C$10,1,1),'Your Pay & Benefits'!$C$62<=DATE('Your Pay & Benefits'!$C$10,12,31)),'Your Pay & Benefits'!$C$62,999999),IF(AND('Your Pay & Benefits'!$C$63>MAX($B$6:$B6),'Your Pay & Benefits'!$C$63>=DATE('Your Pay & Benefits'!$C$10,1,1),'Your Pay & Benefits'!$C$63<=DATE('Your Pay & Benefits'!$C$10,12,31)),'Your Pay & Benefits'!$C$63,999999),IF(AND('Your Pay & Benefits'!$C$64>MAX($B$6:$B6),'Your Pay & Benefits'!$C$64>=DATE('Your Pay & Benefits'!$C$10,1,1),'Your Pay & Benefits'!$C$64<=DATE('Your Pay & Benefits'!$C$10,12,31)),'Your Pay & Benefits'!$C$64,999999),IF(AND('Your Pay & Benefits'!$C$65>MAX($B$6:$B6),'Your Pay & Benefits'!$C$65>=DATE('Your Pay & Benefits'!$C$10,1,1),'Your Pay & Benefits'!$C$65<=DATE('Your Pay & Benefits'!$C$10,12,31)),'Your Pay & Benefits'!$C$65,999999),IF(AND('Your Pay & Benefits'!$C$66>MAX($B$6:$B6),'Your Pay & Benefits'!$C$66>=DATE('Your Pay & Benefits'!$C$10,1,1),'Your Pay & Benefits'!$C$66<=DATE('Your Pay & Benefits'!$C$10,12,31)),'Your Pay & Benefits'!$C$66,999999),IF(AND('Your Pay & Benefits'!$C$67>MAX($B$6:$B6),'Your Pay & Benefits'!$C$67>=DATE('Your Pay & Benefits'!$C$10,1,1),'Your Pay & Benefits'!$C$67<=DATE('Your Pay & Benefits'!$C$10,12,31)),'Your Pay & Benefits'!$C$67,999999))=999999,"",MIN(IF(AND('Your Pay & Benefits'!$C$58>MAX($B$6:$B6),'Your Pay & Benefits'!$C$58>=DATE('Your Pay & Benefits'!$C$10,1,1),'Your Pay & Benefits'!$C$58<=DATE('Your Pay & Benefits'!$C$10,12,31)),'Your Pay & Benefits'!$C$58,999999),IF(AND('Your Pay & Benefits'!$C$59>MAX($B$6:$B6),'Your Pay & Benefits'!$C$59>=DATE('Your Pay & Benefits'!$C$10,1,1),'Your Pay & Benefits'!$C$59<=DATE('Your Pay & Benefits'!$C$10,12,31)),'Your Pay & Benefits'!$C$59,999999),IF(AND('Your Pay & Benefits'!$C$60>MAX($B$6:$B6),'Your Pay & Benefits'!$C$60>=DATE('Your Pay & Benefits'!$C$10,1,1),'Your Pay & Benefits'!$C$60<=DATE('Your Pay & Benefits'!$C$10,12,31)),'Your Pay & Benefits'!$C$60,999999),IF(AND('Your Pay & Benefits'!$C$61>MAX($B$6:$B6),'Your Pay & Benefits'!$C$61>=DATE('Your Pay & Benefits'!$C$10,1,1),'Your Pay & Benefits'!$C$61<=DATE('Your Pay & Benefits'!$C$10,12,31)),'Your Pay & Benefits'!$C$61,999999),IF(AND('Your Pay & Benefits'!$C$62>MAX($B$6:$B6),'Your Pay & Benefits'!$C$62>=DATE('Your Pay & Benefits'!$C$10,1,1),'Your Pay & Benefits'!$C$62<=DATE('Your Pay & Benefits'!$C$10,12,31)),'Your Pay & Benefits'!$C$62,999999),IF(AND('Your Pay & Benefits'!$C$63>MAX($B$6:$B6),'Your Pay & Benefits'!$C$63>=DATE('Your Pay & Benefits'!$C$10,1,1),'Your Pay & Benefits'!$C$63<=DATE('Your Pay & Benefits'!$C$10,12,31)),'Your Pay & Benefits'!$C$63,999999),IF(AND('Your Pay & Benefits'!$C$64>MAX($B$6:$B6),'Your Pay & Benefits'!$C$64>=DATE('Your Pay & Benefits'!$C$10,1,1),'Your Pay & Benefits'!$C$64<=DATE('Your Pay & Benefits'!$C$10,12,31)),'Your Pay & Benefits'!$C$64,999999),IF(AND('Your Pay & Benefits'!$C$65>MAX($B$6:$B6),'Your Pay & Benefits'!$C$65>=DATE('Your Pay & Benefits'!$C$10,1,1),'Your Pay & Benefits'!$C$65<=DATE('Your Pay & Benefits'!$C$10,12,31)),'Your Pay & Benefits'!$C$65,999999),IF(AND('Your Pay & Benefits'!$C$66>MAX($B$6:$B6),'Your Pay & Benefits'!$C$66>=DATE('Your Pay & Benefits'!$C$10,1,1),'Your Pay & Benefits'!$C$66<=DATE('Your Pay & Benefits'!$C$10,12,31)),'Your Pay & Benefits'!$C$66,999999),IF(AND('Your Pay & Benefits'!$C$67>MAX($B$6:$B6),'Your Pay & Benefits'!$C$67>=DATE('Your Pay & Benefits'!$C$10,1,1),'Your Pay & Benefits'!$C$67<=DATE('Your Pay & Benefits'!$C$10,12,31)),'Your Pay & Benefits'!$C$67,999999))) | CF7: =IF($B7="","",IF($D7=0,$Y7,""))
A8: 3 | B8: =IF(AND($CD8="",$CE8=""),"",IF($CE8="",$CD8,IF($CD8="",$CE8,MIN($CD8,$CE8)))) | C8: =IF($B8="","",IF($BF8=0,0,IF('Your Pay & Benefits'!$C$4="Annual salary",ROUND($AK8/IF(AND('Your Pay & Benefits'!$C$88="Actual paydays",MONTH('Your Pay & Benefits'!$C$9)=1),MAX(1,MAX($BE$6:$BE$68)),'Your Pay & Benefits'!$C$8),2),$AK8))) | D8: =IF($B8="","",SUMIF('Your Pay & Benefits'!$C$58:$C$67,$B8,'Your Pay & Benefits'!$D$58:$D$67)) | E8: =IF($B8="","",ROUND(MAX(0,MIN(IF($AL8="Percent",$AM8*($C8+$D8),$AM8),MAX(0,'Your Pay & Benefits'!$C$34-$AC7))),2)) | F8: =IF($B8="","",ROUND(MAX(0,MIN(IF('Your Pay & Benefits'!$C$32="Percent",'Your Pay & Benefits'!$D$32*($C8+$D8),'Your Pay & Benefits'!$D$32),MAX(0,'Your Pay & Benefits'!$C$34-$AC7-$E8))),2)) | G8: =IF($B8="","",IF($BF8=0,0,ROUND(MAX(0,MIN($BL8,'Your Pay & Benefits'!$C$37-'Your Pay & Benefits'!$C$54-$BI7)),2))) | H8: =IF($B8="","",IF(OR($BF8=0,$BQ8=1),0,ROUND(MAX(0,MIN(IF($BS8=1,ROUND(MAX(0,MIN($BJ8,'How This Works & Sources'!$C$13)-$BG7)/MAX(1,MAX($BE$6:$BE$68)-($BE7)),2),ROUND(MIN($BJ8,'How This Works & Sources'!$C$13)/'Your Pay & Benefits'!$C$8,2)),MIN($BJ8,'How This Works & Sources'!$C$13)-$BG7)),2))) | I8: =IF($B8="","",IF(OR($BF8=0,$BR8=1),0,ROUND(MAX(0,MIN(IF($BT8=1,ROUND(MAX(0,MIN($BK8,IF('Your Pay & Benefits'!$C$12="MFJ",'How This Works & Sources'!$C$14,'How This Works & Sources'!$C$15))-$BH7)/MAX(1,MAX($BE$6:$BE$68)-($BE7)),2),ROUND(MIN($BK8,IF('Your Pay & Benefits'!$C$12="MFJ",'How This Works & Sources'!$C$14,'How This Works & Sources'!$C$15))/'Your Pay & Benefits'!$C$8,2)),MIN($BK8,IF('Your Pay & Benefits'!$C$12="MFJ",'How This Works & Sources'!$C$14,'How This Works & Sources'!$C$15))-$BH7)),2))) | J8: =IF($B8="","",IF($BF8=0,0,$BM8)) | K8: =IF($B8="","",IF($BF8=0,0,$BN8+$BO8)) | L8: =IF($B8="","",IF($BF8=0,0,'Your Pay & Benefits'!$D$46)) | M8: =IF($B8="","",$C8+$D8+$L8-$E8-$G8-$H8-$I8-$J8-$K8) | N8: =IF($B8="","",$C8+$D8+$L8-$G8-$H8-$I8-$J8-$K8) | O8: =IF($B8="","",$C8+$D8+$L8-$E8-$H8-$I8-$J8-$K8-IF(OR($AN8="CA",$AN8="NJ"),0,$G8)) | P8: =IF($B8="","",IF('Your Pay & Benefits'!$C$18,0,ROUND(MAX(0,IF('Your Pay & Benefits'!$C$13,SUMPRODUCT(($AH8>INDEX('How This Works & Sources'!$B$29:$J$36,0,IF('Your Pay & Benefits'!$C$12="MFJ",1,IF('Your Pay & Benefits'!$C$12="HoH",7,4))))*($AH8-INDEX('How This Works & Sources'!$B$29:$J$36,0,IF('Your Pay & Benefits'!$C$12="MFJ",1,IF('Your Pay & Benefits'!$C$12="HoH",7,4))))*INDEX('How This Works & Sources'!$B$29:$J$36,0,IF('Your Pay & Benefits'!$C$12="MFJ",1,IF('Your Pay & Benefits'!$C$12="HoH",7,4))+2)),SUMPRODUCT(($AH8>INDEX('How This Works & Sources'!$B$19:$J$26,0,IF('Your Pay & Benefits'!$C$12="MFJ",1,IF('Your Pay & Benefits'!$C$12="HoH",7,4))))*($AH8-INDEX('How This Works & Sources'!$B$19:$J$26,0,IF('Your Pay & Benefits'!$C$12="MFJ",1,IF('Your Pay & Benefits'!$C$12="HoH",7,4))))*INDEX('How This Works & Sources'!$B$19:$J$26,0,IF('Your Pay & Benefits'!$C$12="MFJ",1,IF('Your Pay & Benefits'!$C$12="HoH",7,4))+2)))/'Your Pay & Benefits'!$C$8-$AO8/'Your Pay & Benefits'!$C$8)+$AR8+IF('Your Pay & Benefits'!$C$89="Aggregate",MAX(0,IF('Your Pay & Benefits'!$C$13,SUMPRODUCT((($AH8+$D8)>INDEX('How This Works & Sources'!$B$29:$J$36,0,IF('Your Pay & Benefits'!$C$12="MFJ",1,IF('Your Pay & Benefits'!$C$12="HoH",7,4))))*(($AH8+$D8)-INDEX('How This Works & Sources'!$B$29:$J$36,0,IF('Your Pay & Benefits'!$C$12="MFJ",1,IF('Your Pay & Benefits'!$C$12="HoH",7,4))))*INDEX('How This Works & Sources'!$B$29:$J$36,0,IF('Your Pay & Benefits'!$C$12="MFJ",1,IF('Your Pay & Benefits'!$C$12="HoH",7,4))+2)),SUMPRODUCT((($AH8+$D8)>INDEX('How This Works & Sources'!$B$19:$J$26,0,IF('Your Pay & Benefits'!$C$12="MFJ",1,IF('Your Pay & Benefits'!$C$12="HoH",7,4))))*(($AH8+$D8)-INDEX('How This Works & Sources'!$B$19:$J$26,0,IF('Your Pay & Benefits'!$C$12="MFJ",1,IF('Your Pay & Benefits'!$C$12="HoH",7,4))))*INDEX('How This Works & Sources'!$B$19:$J$26,0,IF('Your Pay & Benefits'!$C$12="MFJ",1,IF('Your Pay & Benefits'!$C$12="HoH",7,4))+2)))-IF('Your Pay & Benefits'!$C$13,SUMPRODUCT(($AH8>INDEX('How This Works & Sources'!$B$29:$J$36,0,IF('Your Pay & Benefits'!$C$12="MFJ",1,IF('Your Pay & Benefits'!$C$12="HoH",7,4))))*($AH8-INDEX('How This Works & Sources'!$B$29:$J$36,0,IF('Your Pay & Benefits'!$C$12="MFJ",1,IF('Your Pay & Benefits'!$C$12="HoH",7,4))))*INDEX('How This Works & Sources'!$B$29:$J$36,0,IF('Your Pay & Benefits'!$C$12="MFJ",1,IF('Your Pay & Benefits'!$C$12="HoH",7,4))+2)),SUMPRODUCT(($AH8>INDEX('How This Works & Sources'!$B$19:$J$26,0,IF('Your Pay & Benefits'!$C$12="MFJ",1,IF('Your Pay & Benefits'!$C$12="HoH",7,4))))*($AH8-INDEX('How This Works & Sources'!$B$19:$J$26,0,IF('Your Pay & Benefits'!$C$12="MFJ",1,IF('Your Pay & Benefits'!$C$12="HoH",7,4))))*INDEX('How This Works & Sources'!$B$19:$J$26,0,IF('Your Pay & Benefits'!$C$12="MFJ",1,IF('Your Pay & Benefits'!$C$12="HoH",7,4))+2)))),'How This Works & Sources'!$C$10*$D8),2))) | Q8: =IF($B8="","",ROUND('How This Works & Sources'!$C$4*MIN($N8,MAX(0,'How This Works & Sources'!$C$3-($AX8+$AB7-$AW8))),2)) | R8: =IF($B8="","",ROUND('How This Works & Sources'!$C$5*$N8,2)) | S8: =IF($B8="","",ROUND('How This Works & Sources'!$C$6*MAX(0,MIN($N8,$AG7+$N8-'How This Works & Sources'!$C$7)),2)) | T8: =IF($B8="","",IF('Your Pay & Benefits'!$C$26,0,IF($AN8="CA",ROUND(IF($AI8<=IF(($AS8+$AT8)>=2,VLOOKUP($AN8,StateTables!$A$6:$AB$56,10,FALSE),VLOOKUP($AN8,StateTables!$A$6:$AB$56,9,FALSE)),0,MAX(0,SUMPRODUCT(($AJ8>INDEX('How This Works & Sources'!$B$39:$J$48,0,IF($AU8="Married",4,IF($AU8="Head of household",7,1))))*($AJ8-INDEX('How This Works & Sources'!$B$39:$J$48,0,IF($AU8="Married",4,IF($AU8="Head of household",7,1))))*INDEX('How This Works & Sources'!$B$39:$J$48,0,IF($AU8="Married",4,IF($AU8="Head of household",7,1))+2))-VLOOKUP($AN8,StateTables!$A$6:$AB$56,11,FALSE)*$AS8)/'Your Pay & Benefits'!$C$8)+'Your Pay & Benefits'!$C$25+VLOOKUP($AN8,StateTables!$A$6:$AB$56,13,FALSE)*$D8,2),IF(VLOOKUP($AN8,StateTables!$A$6:$AB$56,4,FALSE)="None",0,IF(ISNUMBER(SEARCH("MANUAL",VLOOKUP($AN8,StateTables!$A$6:$AB$56,5,FALSE))),'Your Pay & Benefits'!$C$28,ROUND(MAX(0,$BA8+$BB8)/'Your Pay & Benefits'!$C$8+'Your Pay & Benefits'!$C$25+$BC8,2)))))) | U8: =IF($B8="","",IF(VLOOKUP($AN8,StateTables!$A$6:$AB$56,24,FALSE)="flatq",IF(OR(MONTH($B8)=1,MONTH($B8)=4,MONTH($B8)=7,MONTH($B8)=10),VLOOKUP($AN8,StateTables!$A$6:$AB$56,25,FALSE),0),IF(VLOOKUP($AN8,StateTables!$A$6:$AB$56,24,FALSE)="dbl",MIN(ROUND(0.005*$N8,2),ROUND(0.6*52/'Your Pay & Benefits'!$C$8,2)),IF(OR(VLOOKUP($AN8,StateTables!$A$6:$AB$56,15,FALSE)="",VLOOKUP($AN8,StateTables!$A$6:$AB$56,15,FALSE)=0),0,ROUND(VLOOKUP($AN8,StateTables!$A$6:$AB$56,15,FALSE)*IF(OR(VLOOKUP($AN8,StateTables!$A$6:$AB$56,16,FALSE)="",VLOOKUP($AN8,StateTables!$A$6:$AB$56,16,FALSE)=0),$N8,MIN($N8,MAX(0,VLOOKUP($AN8,StateTables!$A$6:$AB$56,16,FALSE)-($AX8+$AB7-$AW8)))),2))))+IF(VLOOKUP($AN8,StateTables!$A$6:$AB$56,27,FALSE)="flatq",IF(OR(MONTH($B8)=1,MONTH($B8)=4,MONTH($B8)=7,MONTH($B8)=10),VLOOKUP($AN8,StateTables!$A$6:$AB$56,28,FALSE),0),IF(VLOOKUP($AN8,StateTables!$A$6:$AB$56,27,FALSE)="dbl",MIN(ROUND(0.005*$N8,2),ROUND(0.6*52/'Your Pay & Benefits'!$C$8,2)),IF(OR(VLOOKUP($AN8,StateTables!$A$6:$AB$56,18,FALSE)="",VLOOKUP($AN8,StateTables!$A$6:$AB$56,18,FALSE)=0),0,ROUND(VLOOKUP($AN8,StateTables!$A$6:$AB$56,18,FALSE)*IF(OR(VLOOKUP($AN8,StateTables!$A$6:$AB$56,19,FALSE)="",VLOOKUP($AN8,StateTables!$A$6:$AB$56,19,FALSE)=0),$N8,MIN($N8,MAX(0,VLOOKUP($AN8,StateTables!$A$6:$AB$56,19,FALSE)-($AX8+$AB7-$AW8)))),2))))) | V8: =IF($B8="","",IF($AN8="NY",IF('Your Pay & Benefits'!$C$78,ROUND(SUMPRODUCT((MAX(0,($O8-$D8)*'Your Pay & Benefits'!$C$8-(IF($AU8="Married",5500,5000)+1000*$AS8))>INDEX('How This Works & Sources'!$B$184:$J$198,0,4))*(MAX(0,($O8-$D8)*'Your Pay & Benefits'!$C$8-(IF($AU8="Married",5500,5000)+1000*$AS8))-INDEX('How This Works & Sources'!$B$184:$J$198,0,4))*INDEX('How This Works & Sources'!$B$184:$J$198,0,4+2))/'Your Pay & Benefits'!$C$8+0.0425*$D8,2),0)+IF('Your Pay & Benefits'!$C$79="Resident",ROUND(0.1675*$T8,2),IF('Your Pay & Benefits'!$C$79="Nonresident",ROUND(0.005*MAX(0,($O8-$D8)-(IF($AU8="Married",7950,7400)+1000*$AS8)/'Your Pay & Benefits'!$C$8),2),0)),IF($AN8="PA",IF('Your Pay & Benefits'!$C$80="None",'Your Pay & Benefits'!$C$27+ROUND('Your Pay & Benefits'!$C$81*($C8+$D8),2),ROUND(IF('Your Pay & Benefits'!$C$80="Resident",IF($B8<DATE(2026,7,1),0.0374,0.03735),IF($B8<DATE(2026,7,1),0.0343,0.03425))*($C8+$D8),2)),IF($BF8=0,ROUND('Your Pay & Benefits'!$C$81*($C8+$D8),2),'Your Pay & Benefits'!$C$27+ROUND('Your Pay & Benefits'!$C$81*($C8+$D8),2))))) | W8: =IF($B8="","",IF($BF8=0,0,$BP8)) | X8: =IF($B8="","",SUM($E8:$K8)+$P8+$Q8+$R8+$S8+$T8+$U8+$V8+$W8) | Y8: =IF($B8="","",$C8+$D8-$X8) | Z8: =IF($B8="","",$Z7+$C8+$D8) | AA8: =IF($B8="","",$AA7+$Y8) | AB8: =IF($B8="","",$AB7+MIN($N8,MAX(0,'How This Works & Sources'!$C$3-($AX8+$AB7-$AW8)))) | AC8: =IF($B8="","",$AC7+$E8+$F8) | AD8: =IF($B8="","",IF(AND($AB7<'How This Works & Sources'!$C$3,$AB8>='How This Works & Sources'!$C$3),"★ Social Security maxed on this check — from the next check your net rises by about $"&TEXT(ROUND('How This Works & Sources'!$C$4*$N8,2),"#,##0.00")&". ","")&IF(AND($AC7<'Your Pay & Benefits'!$C$34,$AC8>='Your Pay & Benefits'!$C$34),"★ 401(k) reaches the $"&TEXT('Your Pay & Benefits'!$C$34,"#,##0")&" cap on this check — deferrals stop and net pay rises. ","")&IF(AND($AG7<'How This Works & Sources'!$C$7,$AG8>='How This Works & Sources'!$C$7),"★ Wages pass $200,000 — the 0.9% Additional Medicare Tax starts here. ","")&IF(AND($BJ8>0,$H8>0,$BG7<MIN($BJ8,'How This Works & Sources'!$C$13),$BG7+$H8>=MIN($BJ8,'How This Works & Sources'!$C$13)),"★ Health FSA election is now fully deferred for the year. ","")) | AF8: =IF(OR($B8="",$AE8=""),"",$AE8-$Y8) | AG8: =IF($B8="","",$AG7+$N8) | AH8: =IF($B8="","",MAX(0,($M8-$D8)*'Your Pay & Benefits'!$C$8+$AP8-$AQ8-IF('Your Pay & Benefits'!$C$13,0,IF('Your Pay & Benefits'!$C$12="MFJ",'How This Works & Sources'!$C$8,'How This Works & Sources'!$C$9)))) | AI8: =IF($B8="","",$O8*'Your Pay & Benefits'!$C$8) | AJ8: =IF($B8="","",MAX(0,$AI8-VLOOKUP($AN8,StateTables!$A$6:$AB$56,12,FALSE)*$AT8-IF(($AS8+$AT8)>=2,VLOOKUP($AN8,StateTables!$A$6:$AB$56,8,FALSE),VLOOKUP($AN8,StateTables!$A$6:$AB$56,7,FALSE)))) | AK8: =IF($B8="","",IFERROR(LOOKUP(2,1/(('Changes & Events'!$C$6:$C$17="Salary change")*('Changes & Events'!$B$6:$B$17<=$B8)*('Changes & Events'!$B$6:$B$17<>"")),'Changes & Events'!$D$6:$D$17),IF('Your Pay & Benefits'!$C$4="Annual salary",'Your Pay & Benefits'!$C$5,'Your Pay & Benefits'!$C$6))) | AL8: =IF($B8="","",IFERROR(LOOKUP(2,1/(('Changes & Events'!$C$6:$C$17="401(k) change")*('Changes & Events'!$B$6:$B$17<=$B8)*('Changes & Events'!$B$6:$B$17<>"")),'Changes & Events'!$D$6:$D$17),'Your Pay & Benefits'!$C$30)) | AM8: =IF($B8="","",IFERROR(LOOKUP(2,1/(('Changes & Events'!$C$6:$C$17="401(k) change")*('Changes & Events'!$B$6:$B$17<=$B8)*('Changes & Events'!$B$6:$B$17<>"")),'Changes & Events'!$E$6:$E$17),'Your Pay & Benefits'!$D$31)) | AN8: =IF($B8="","",IFERROR(LOOKUP(2,1/(('Changes & Events'!$C$6:$C$17="State move")*('Changes & Events'!$B$6:$B$17<=$B8)*('Changes & Events'!$B$6:$B$17<>"")),'Changes & Events'!$D$6:$D$17),'Your Pay & Benefits'!$C$21)) | AO8: =IF($B8="","",IFERROR(LOOKUP(2,1/(('Changes & Events'!$C$6:$C$17="W-4 change")*('Changes & Events'!$B$6:$B$17<=$B8)*('Changes & Events'!$B$6:$B$17<>"")),'Changes & Events'!$D$6:$D$17),'Your Pay & Benefits'!$C$14)) | AP8: =IF($B8="","",IFERROR(LOOKUP(2,1/(('Changes & Events'!$C$6:$C$17="W-4 change")*('Changes & Events'!$B$6:$B$17<=$B8)*('Changes & Events'!$B$6:$B$17<>"")),'Changes & Events'!$E$6:$E$17),'Your Pay & Benefits'!$C$15)) | AQ8: =IF($B8="","",IFERROR(LOOKUP(2,1/(('Changes & Events'!$C$6:$C$17="W-4 change")*('Changes & Events'!$B$6:$B$17<=$B8)*('Changes & Events'!$B$6:$B$17<>"")),'Changes & Events'!$F$6:$F$17),'Your Pay & Benefits'!$C$16)) | AR8: =IF($B8="","",IFERROR(LOOKUP(2,1/(('Changes & Events'!$C$6:$C$17="W-4 change")*('Changes & Events'!$B$6:$B$17<=$B8)*('Changes & Events'!$B$6:$B$17<>"")),'Changes & Events'!$G$6:$G$17),'Your Pay & Benefits'!$C$17)) | AS8: =IF($B8="","",IFERROR(LOOKUP(2,1/((('Changes & Events'!$C$6:$C$17="State move")+('Changes & Events'!$C$6:$C$17="State cert change"))*('Changes & Events'!$B$6:$B$17<=$B8)*('Changes & Events'!$B$6:$B$17<>"")),'Changes & Events'!$F$6:$F$17),'Your Pay & Benefits'!$C$23)) | AT8: =IF($B8="","",IFERROR(LOOKUP(2,1/((('Changes & Events'!$C$6:$C$17="State move")+('Changes & Events'!$C$6:$C$17="State cert change"))*('Changes & Events'!$B$6:$B$17<=$B8)*('Changes & Events'!$B$6:$B$17<>"")),'Changes & Events'!$G$6:$G$17),'Your Pay & Benefits'!$C$24)) | AU8: =IF($B8="","",IFERROR(LOOKUP(2,1/(('Changes & Events'!$C$6:$C$17="State move")*('Changes & Events'!$B$6:$B$17<=$B8)*('Changes & Events'!$B$6:$B$17<>"")),'Changes & Events'!$E$6:$E$17),'Your Pay & Benefits'!$C$22)) | AV8: =IF($B8="","",1+COUNTIFS('Changes & Events'!$C$6:$C$17,"Employer change",'Changes & Events'!$B$6:$B$17,"<="&$B8,'Changes & Events'!$B$6:$B$17,"<>")) | AW8: =IF($B8="","",IF($AV8=1,'Your Pay & Benefits'!$C$49,IF(IFERROR(MATCH(IFERROR(LOOKUP(2,1/(('Changes & Events'!$C$6:$C$17="Employer change")*('Changes & Events'!$B$6:$B$17<=$B8)*('Changes & Events'!$B$6:$B$17<>"")),'Changes & Events'!$B$6:$B$17),""),$B$6:$B$68,1),1)<=1,'Your Pay & Benefits'!$C$49,INDEX($AB$6:$AB$68,MATCH(IFERROR(LOOKUP(2,1/(('Changes & Events'!$C$6:$C$17="Employer change")*('Changes & Events'!$B$6:$B$17<=$B8)*('Changes & Events'!$B$6:$B$17<>"")),'Changes & Events'!$B$6:$B$17),""),$B$6:$B$68,1)-1)))) | AX8: =IF($B8="","",IF($AV8=1,'Your Pay & Benefits'!$C$49,IFERROR(LOOKUP(2,1/(('Changes & Events'!$C$6:$C$17="Employer change")*('Changes & Events'!$B$6:$B$17<=$B8)*('Changes & Events'!$B$6:$B$17<>"")),'Changes & Events'!$D$6:$D$17),0))) | AY8: =IF($B8="","",($O8-$D8)*'Your Pay & Benefits'!$C$8) | AZ8: =IF($B8="","",IF($AN8="AL",MAX(0,$AY8-IF($AU8="Married",IF($AY8<=25999,8500,MAX(5000,8500-175*CEILING(($AY8-25999)/500,1))),IF($AU8="Head of household",IF($AY8<=25999,5200,MAX(2500,5200-135*CEILING(($AY8-25999)/500,1))),IF($AY8<=25999,3000,MAX(2500,3000-25*CEILING(($AY8-25999)/500,1)))))-($P8-'How This Works & Sources'!$C$10*$D8)*'Your Pay & Benefits'!$C$8-IF(OR($AU8="Married",$AU8="Head of household"),3000,1500)-$AT8*IF($AY8<=50000,1000,IF($AY8<=100000,500,300))),IF($AN8="AR",IF(MAX(0,$AY8-2470)<97701,INT(MAX(0,$AY8-2470)/100)*100+50,MAX(0,$AY8-2470)),IF($AN8="DE",MAX(0,$AI8-3250),IF($AN8="HI",MAX(0,$AI8-1144*$AS8-4350),IF($AN8="KS",MAX(0,$AI8-(9160*IF($AU8="Married",2,1)+2320*$AT8+IF($AU8="Head of household",2320,0))),IF($AN8="MD",MAX(0,$AI8-3400-3200*$AS8),IF($AN8="MN",MAX(0,$AY8-5300*$AS8),IF($AN8="MO",MAX(0,$AI8-IF($AU8="Head of household",24150,IF($AU8="Married",IF('Your Pay & Benefits'!$C$83,16100,32200),16100))),IF($AN8="MT",$AY8,IF($AN8="ND",($C8+$L8)*'Your Pay & Benefits'!$C$8,IF($AN8="NE",MAX(0,$AY8-2440*$AS8),IF($AN8="NJ",MAX(0,$AY8-1000*$AS8),IF($AN8="NY",MAX(0,$AY8-(IF($AU8="Married",7950,7400)+1000*$AS8)),IF($AN8="OH",MAX(0,$AY8-650*$AS8),IF($AN8="OK",MAX(0,$AY8-1000*$AS8),IF($AN8="RI",MAX(0,$AI8-1000*$AS8),IF($AN8="SC",MAX(0,$AI8-5000*$AS8-IF($AS8=0,0,MIN(0.1*$AI8,7500))),IF($AN8="VA",MAX(0,$AI8-IF($AU8="Married",17500,8750)-930*$AS8-800*$AT8),IF($AN8="VT",MAX(0,$AI8-5400*$AS8),IF($AN8="WI",MAX(0,$AI8-MAX(0,IF($AU8="Married",9461-0.2*MAX(0,$AI8-25727),6702-0.12*MAX(0,$AI8-17780)))-400*$AS8),IF($AN8="WV",MAX(0,$AI8-2000*$AS8),$AI8)))))))))))))))))))))) | BA8: =IF($B8="","",IF($BW8<>"",$BW8,IF($BX8<>"",$BX8,IF($BY8<>"",$BY8,0)))) | BB8: =IF($B8="","",IF($AN8="AR",-29*$AS8,IF($AN8="DE",-110*$AS8,IF($AN8="MD",$AZ8*'Your Pay & Benefits'!$C$74,IF($AN8="AZ",'Your Pay & Benefits'!$C$82*($M8-$D8)*'Your Pay & Benefits'!$C$8,IF($AN8="CO",0.044*MAX(0,$AY8-IF($AU8="Married",10000,5000)),IF($AN8="IA",MAX(0,0.038*MAX(0,$AY8-IF($AU8="Head of household",19500,IF($AU8="Married",26000,13000)))-40*$AS8),IF($AN8="ID",0.053*MAX(0,$AY8-IF($AU8="Married",32000,16094)),IF($AN8="IL",0.0495*MAX(0,$AY8-(2925*$AS8+1000*$AT8)),IF($AN8="IN",(0.0295+'Your Pay & Benefits'!$C$76)*MAX(0,$AY8-(1000*$AS8+1500*$AT8+3000*'Your Pay & Benefits'!$C$86)),IF($AN8="KY",0.035*MAX(0,$AI8-3360),IF($AN8="LA",IF('Your Pay & Benefits'!$C$84="0",0.0309*$AI8,0.0309*MAX(0,$AI8-IF('Your Pay & Benefits'!$C$84="2",25750,12875))),IF($AN8="MA",0.05*MIN(MAX(0,$AY8-MIN(($BD7+$Q8+$R8+$S8),2000)-IF($AS8=0,0,IF($AS8=1,4400,1000*$AS8+3400))),1107750)+0.09*MAX(0,MAX(0,$AY8-MIN(($BD7+$Q8+$R8+$S8),2000)-IF($AS8=0,0,IF($AS8=1,4400,1000*$AS8+3400)))-1107750)-IF($AU8="Head of household",120,0)-110*'Your Pay & Benefits'!$C$75,IF($AN8="MI",0.0425*MAX(0,$AY8-5900*$AS8),IF($AN8="MS",0.04*MAX(0,$AI8-IF($AU8="Head of household",3400,IF($AU8="Married",4600,2300))-'Your Pay & Benefits'!$C$85-10000),IF($AN8="OR",IF(OR($AU8="Married",AND($AU8="Single",$AS8>=3)),SUMPRODUCT((MAX(0,$AY8-MIN(($P8-'How This Works & Sources'!$C$10*$D8)*'Your Pay & Benefits'!$C$8,IF(OR($AU8="Married",AND($AU8="Single",$AS8>=3)),IF($AY8<250000,8750,IF($AY8<260000,7000,IF($AY8<270000,5250,IF($AY8<280000,3500,IF($AY8<290000,1750,0))))),IF($AY8<125000,8750,IF($AY8<130000,7000,IF($AY8<135000,5250,IF($AY8<140000,3500,IF($AY8<145000,1750,0)))))))-IF(OR($AU8="Married",AND($AU8="Single",$AS8>=3)),5820,2910))>INDEX('How This Works & Sources'!$B$211:$J$214,0,4))*(MAX(0,$AY8-MIN(($P8-'How This Works & Sources'!$C$10*$D8)*'Your Pay & Benefits'!$C$8,IF(OR($AU8="Married",AND($AU8="Single",$AS8>=3)),IF($AY8<250000,8750,IF($AY8<260000,7000,IF($AY8<270000,5250,IF($AY8<280000,3500,IF($AY8<290000,1750,0))))),IF($AY8<125000,8750,IF($AY8<130000,7000,IF($AY8<135000,5250,IF($AY8<140000,3500,IF($AY8<145000,1750,0)))))))-IF(OR($AU8="Married",AND($AU8="Single",$AS8>=3)),5820,2910))-INDEX('How This Works & Sources'!$B$211:$J$214,0,4))*INDEX('How This Works & Sources'!$B$211:$J$214,0,4+2)),SUMPRODUCT((MAX(0,$AY8-MIN(($P8-'How This Works & Sources'!$C$10*$D8)*'Your Pay & Benefits'!$C$8,IF(OR($AU8="Married",AND($AU8="Single",$AS8>=3)),IF($AY8<250000,8750,IF($AY8<260000,7000,IF($AY8<270000,5250,IF($AY8<280000,3500,IF($AY8<290000,1750,0))))),IF($AY8<125000,8750,IF($AY8<130000,7000,IF($AY8<135000,5250,IF($AY8<140000,3500,IF($AY8<145000,1750,0)))))))-IF(OR($AU8="Married",AND($AU8="Single",$AS8>=3)),5820,2910))>INDEX('How This Works & Sources'!$B$211:$J$214,0,1))*(MAX(0,$AY8-MIN(($P8-'How This Works & Sources'!$C$10*$D8)*'Your Pay & Benefits'!$C$8,IF(OR($AU8="Married",AND($AU8="Single",$AS8>=3)),IF($AY8<250000,8750,IF($AY8<260000,7000,IF($AY8<270000,5250,IF($AY8<280000,3500,IF($AY8<290000,1750,0))))),IF($AY8<125000,8750,IF($AY8<130000,7000,IF($AY8<135000,5250,IF($AY8<140000,3500,IF($AY8<145000,1750,0)))))))-IF(OR($AU8="Married",AND($AU8="Single",$AS8>=3)),5820,2910))-INDEX('How This Works & Sources'!$B$211:$J$214,0,1))*INDEX('How This Works & Sources'!$B$211:$J$214,0,1+2)))+263-263*IF(IF($AU8="Married",$AY8>200000,$AY8>100000),0,$AS8),IF($AN8="PA",0.0307*(($O8+$E8+$G8)*'Your Pay & Benefits'!$C$8),IF($AN8="NY",IF($AU8="Married",IF($AZ8>=2155350,0,IF($AZ8>=1077550,0.48,IF($AZ8>=373200,1.21,IF($AZ8>=323200,0.21,IF($AZ8>=211550,-0.19,IF($AZ8>=157650,-2.8,IF($AZ8>=107650,-0.8,IF($AZ8>=96800,0.05,IF($AZ8>=80650,-0.1,IF($AZ8>=13900,0.4,IF($AZ8>=11700,-0.3,IF($AZ8>=8500,0.5,0)))))))))))),IF($AZ8>=1077550,0,IF($AZ8>=265400,4.29,IF($AZ8>=215400,2.29,IF($AZ8>=157650,2.29,IF($AZ8>=107650,0.29,IF($AZ8>=96800,0.05,IF($AZ8>=80650,-0.1,IF($AZ8>=13900,0.4,IF($AZ8>=11700,-0.3,IF($AZ8>=8500,0.5,0))))))))))),0)))))))))))))))))) | BC8: =IF($B8="","",IF($AN8="AL",0.05*$D8,IF($AN8="AR",0.039*$D8,IF($AN8="ID",0.053*$D8,IF($AN8="IN",(0.0295+'Your Pay & Benefits'!$C$76)*$D8,IF($AN8="KS",0.05*$D8,IF($AN8="MA",0.09*MIN($D8,MAX(0,MAX(0,$AY8-MIN(($BD7+$Q8+$R8+$S8),2000)-IF($AS8=0,0,IF($AS8=1,4400,1000*$AS8+3400)))+$D8-1107750))+0.05*($D8-MIN($D8,MAX(0,MAX(0,$AY8-MIN(($BD7+$Q8+$R8+$S8),2000)-IF($AS8=0,0,IF($AS8=1,4400,1000*$AS8+3400)))+$D8-1107750))),IF($AN8="MD",(0.065+'Your Pay & Benefits'!$C$74)*$D8,IF($AN8="MI",0.0425*$D8,IF($AN8="MN",0.0625*$D8,IF($AN8="MO",0.047*$D8,IF($AN8="MT",0.05*$D8,IF($AN8="ND",0.015*$D8,IF($AN8="NE",0.035*$D8,IF($AN8="NJ",IF('Your Pay & Benefits'!$C$77="B",SUMPRODUCT(($D8*'Your Pay & Benefits'!$C$8>INDEX('How This Works & Sources'!$B$155:$J$162,0,4))*($D8*'Your Pay & Benefits'!$C$8-INDEX('How This Works & Sources'!$B$155:$J$162,0,4))*INDEX('How This Works & Sources'!$B$155:$J$162,0,4+2)),IF('Your Pay & Benefits'!$C$77="C",SUMPRODUCT(($D8*'Your Pay & Benefits'!$C$8>INDEX('How This Works & Sources'!$B$155:$J$162,0,7))*($D8*'Your Pay & Benefits'!$C$8-INDEX('How This Works & Sources'!$B$155:$J$162,0,7))*INDEX('How This Works & Sources'!$B$155:$J$162,0,7+2)),IF('Your Pay & Benefits'!$C$77="D",SUMPRODUCT(($D8*'Your Pay & Benefits'!$C$8>INDEX('How This Works & Sources'!$B$167:$J$179,0,1))*($D8*'Your Pay & Benefits'!$C$8-INDEX('How This Works & Sources'!$B$167:$J$179,0,1))*INDEX('How This Works & Sources'!$B$167:$J$179,0,1+2)),IF('Your Pay & Benefits'!$C$77="E",SUMPRODUCT(($D8*'Your Pay & Benefits'!$C$8>INDEX('How This Works & Sources'!$B$167:$J$179,0,4))*($D8*'Your Pay & Benefits'!$C$8-INDEX('How This Works & Sources'!$B$167:$J$179,0,4))*INDEX('How This Works & Sources'!$B$167:$J$179,0,4+2)),SUMPRODUCT(($D8*'Your Pay & Benefits'!$C$8>INDEX('How This Works & Sources'!$B$155:$J$162,0,1))*($D8*'Your Pay & Benefits'!$C$8-INDEX('How This Works & Sources'!$B$155:$J$162,0,1))*INDEX('How This Works & Sources'!$B$155:$J$162,0,1+2))))))/'Your Pay & Benefits'!$C$8,IF($AN8="NY",0.117*$D8,IF($AN8="OH",0.0275*$D8,IF($AN8="OK",0.045*$D8,IF($AN8="OR",0.08*$D8,IF($AN8="WI",IF($AY8<12760,0.0354,IF($AY8<25520,0.0465,IF($AY8<280950,0.053,0.0765)))*$D8,0)))))))))))))))))))) | BD8: =IF($B8="","",$BD7+$Q8+$R8+$S8) | BE8: =IF($B8="",$BE7,$BE7+$BF8) | BF8: =IF($B8="","",IF(AND(IF(YEAR(IF('Your Pay & Benefits'!$C$7="Weekly",'Your Pay & Benefits'!$C$9+7*(($BE7+1)-1),IF('Your Pay & Benefits'!$C$7="Biweekly",'Your Pay & Benefits'!$C$9+14*(($BE7+1)-1),IF('Your Pay & Benefits'!$C$7="Semimonthly",DATE(YEAR('Your Pay & Benefits'!$C$9),MONTH('Your Pay & Benefits'!$C$9)+INT((($BE7+1)-1)/2),MIN(DAY('Your Pay & Benefits'!$C$9),DAY(EOMONTH(DATE(YEAR('Your Pay & Benefits'!$C$9),MONTH('Your Pay & Benefits'!$C$9)+INT((($BE7+1)-1)/2),1),0))))+IF(MOD(($BE7+1)-1,2)=1,15,0),EDATE('Your Pay & Benefits'!$C$9,($BE7+1)-1)))))<>'Your Pay & Benefits'!$C$10,"",IF('Your Pay & Benefits'!$C$7="Weekly",'Your Pay & Benefits'!$C$9+7*(($BE7+1)-1),IF('Your Pay & Benefits'!$C$7="Biweekly",'Your Pay & Benefits'!$C$9+14*(($BE7+1)-1),IF('Your Pay & Benefits'!$C$7="Semimonthly",DATE(YEAR('Your Pay & Benefits'!$C$9),MONTH('Your Pay & Benefits'!$C$9)+INT((($BE7+1)-1)/2),MIN(DAY('Your Pay & Benefits'!$C$9),DAY(EOMONTH(DATE(YEAR('Your Pay & Benefits'!$C$9),MONTH('Your Pay & Benefits'!$C$9)+INT((($BE7+1)-1)/2),1),0))))+IF(MOD(($BE7+1)-1,2)=1,15,0),EDATE('Your Pay & Benefits'!$C$9,($BE7+1)-1)))))<>"",$B8=IF(YEAR(IF('Your Pay & Benefits'!$C$7="Weekly",'Your Pay & Benefits'!$C$9+7*(($BE7+1)-1),IF('Your Pay & Benefits'!$C$7="Biweekly",'Your Pay & Benefits'!$C$9+14*(($BE7+1)-1),IF('Your Pay & Benefits'!$C$7="Semimonthly",DATE(YEAR('Your Pay & Benefits'!$C$9),MONTH('Your Pay & Benefits'!$C$9)+INT((($BE7+1)-1)/2),MIN(DAY('Your Pay & Benefits'!$C$9),DAY(EOMONTH(DATE(YEAR('Your Pay & Benefits'!$C$9),MONTH('Your Pay & Benefits'!$C$9)+INT((($BE7+1)-1)/2),1),0))))+IF(MOD(($BE7+1)-1,2)=1,15,0),EDATE('Your Pay & Benefits'!$C$9,($BE7+1)-1)))))<>'Your Pay & Benefits'!$C$10,"",IF('Your Pay & Benefits'!$C$7="Weekly",'Your Pay & Benefits'!$C$9+7*(($BE7+1)-1),IF('Your Pay & Benefits'!$C$7="Biweekly",'Your Pay & Benefits'!$C$9+14*(($BE7+1)-1),IF('Your Pay & Benefits'!$C$7="Semimonthly",DATE(YEAR('Your Pay & Benefits'!$C$9),MONTH('Your Pay & Benefits'!$C$9)+INT((($BE7+1)-1)/2),MIN(DAY('Your Pay & Benefits'!$C$9),DAY(EOMONTH(DATE(YEAR('Your Pay & Benefits'!$C$9),MONTH('Your Pay & Benefits'!$C$9)+INT((($BE7+1)-1)/2),1),0))))+IF(MOD(($BE7+1)-1,2)=1,15,0),EDATE('Your Pay & Benefits'!$C$9,($BE7+1)-1)))))),1,0)) | BG8: =IF($B8="","",$BG7+$H8) | BH8: =IF($B8="","",$BH7+$I8) | BI8: =IF($B8="","",$BI7+$G8) | BJ8: =IF($B8="","",IFERROR(LOOKUP(2,1/(((('Changes & Events'!$C$6:$C$17="Deduction start"))*('Changes & Events'!$D$6:$D$17="Health FSA"))*('Changes & Events'!$B$6:$B$17<=$B8)*('Changes & Events'!$B$6:$B$17<>"")),'Changes & Events'!$E$6:$E$17),'Your Pay & Benefits'!$D$38)) | BK8: =IF($B8="","",IFERROR(LOOKUP(2,1/(((('Changes & Events'!$C$6:$C$17="Deduction start"))*('Changes & Events'!$D$6:$D$17="Dependent-care FSA"))*('Changes & Events'!$B$6:$B$17<=$B8)*('Changes & Events'!$B$6:$B$17<>"")),'Changes & Events'!$E$6:$E$17),'Your Pay & Benefits'!$D$39)) | BL8: =IF($B8="","",IFERROR(LOOKUP(2,1/(((('Changes & Events'!$C$6:$C$17="Deduction start")+('Changes & Events'!$C$6:$C$17="Deduction stop"))*('Changes & Events'!$D$6:$D$17="HSA"))*('Changes & Events'!$B$6:$B$17<=$B8)*('Changes & Events'!$B$6:$B$17<>"")),'Changes & Events'!$I$6:$I$17),'Your Pay & Benefits'!$D$35)) | BM8: =IF($B8="","",IFERROR(LOOKUP(2,1/(((('Changes & Events'!$C$6:$C$17="Deduction start")+('Changes & Events'!$C$6:$C$17="Deduction stop"))*('Changes & Events'!$D$6:$D$17="Premiums"))*('Changes & Events'!$B$6:$B$17<=$B8)*('Changes & Events'!$B$6:$B$17<>"")),'Changes & Events'!$I$6:$I$17),'Your Pay & Benefits'!$D$40+'Your Pay & Benefits'!$D$41+'Your Pay & Benefits'!$D$42)) | BN8: =IF($B8="","",IFERROR(LOOKUP(2,1/(((('Changes & Events'!$C$6:$C$17="Deduction start")+('Changes & Events'!$C$6:$C$17="Deduction stop"))*('Changes & Events'!$D$6:$D$17="Commuter"))*('Changes & Events'!$B$6:$B$17<=$B8)*('Changes & Events'!$B$6:$B$17<>"")),'Changes & Events'!$I$6:$I$17),'Your Pay & Benefits'!$D$43)) | BO8: =IF($B8="","",IFERROR(LOOKUP(2,1/(((('Changes & Events'!$C$6:$C$17="Deduction start")+('Changes & Events'!$C$6:$C$17="Deduction stop"))*('Changes & Events'!$D$6:$D$17="Other pre-tax"))*('Changes & Events'!$B$6:$B$17<=$B8)*('Changes & Events'!$B$6:$B$17<>"")),'Changes & Events'!$I$6:$I$17),'Your Pay & Benefits'!$D$44)) | BP8: =IF($B8="","",IFERROR(LOOKUP(2,1/(((('Changes & Events'!$C$6:$C$17="Deduction start")+('Changes & Events'!$C$6:$C$17="Deduction stop"))*('Changes & Events'!$D$6:$D$17="Other post-tax"))*('Changes & Events'!$B$6:$B$17<=$B8)*('Changes & Events'!$B$6:$B$17<>"")),'Changes & Events'!$I$6:$I$17),'Your Pay & Benefits'!$D$45)) | BQ8: =IF($B8="","",IFERROR(LOOKUP(2,1/(((('Changes & Events'!$C$6:$C$17="Deduction start")+('Changes & Events'!$C$6:$C$17="Deduction stop"))*('Changes & Events'!$D$6:$D$17="Health FSA"))*('Changes & Events'!$B$6:$B$17<=$B8)*('Changes & Events'!$B$6:$B$17<>"")),'Changes & Events'!$J$6:$J$17),0)) | BR8: =IF($B8="","",IFERROR(LOOKUP(2,1/(((('Changes & Events'!$C$6:$C$17="Deduction start")+('Changes & Events'!$C$6:$C$17="Deduction stop"))*('Changes & Events'!$D$6:$D$17="Dependent-care FSA"))*('Changes & Events'!$B$6:$B$17<=$B8)*('Changes & Events'!$B$6:$B$17<>"")),'Changes & Events'!$J$6:$J$17),0)) | BS8: =IF($B8="","",IF(SUMPRODUCT(('Changes & Events'!$C$6:$C$17="Deduction start")*('Changes & Events'!$B$6:$B$17<=$B8)*('Changes & Events'!$B$6:$B$17<>"")*('Changes & Events'!$D$6:$D$17="Health FSA"))>0,1,0)) | BT8: =IF($B8="","",IF(SUMPRODUCT(('Changes & Events'!$C$6:$C$17="Deduction start")*('Changes & Events'!$B$6:$B$17<=$B8)*('Changes & Events'!$B$6:$B$17<>"")*('Changes & Events'!$D$6:$D$17="Dependent-care FSA"))>0,1,0)) | BU8: =IF($B8="","",IF('Your Pay & Benefits'!$C$13,SUMPRODUCT(($AH8>=INDEX('How This Works & Sources'!$B$29:$J$36,0,IF('Your Pay & Benefits'!$C$12="MFJ",1,IF('Your Pay & Benefits'!$C$12="HoH",7,4))))*INDEX('How This Works & Sources'!$B$29:$J$36,0,IF('Your Pay & Benefits'!$C$12="MFJ",1,IF('Your Pay & Benefits'!$C$12="HoH",7,4))+2)),SUMPRODUCT(($AH8>=INDEX('How This Works & Sources'!$B$19:$J$26,0,IF('Your Pay & Benefits'!$C$12="MFJ",1,IF('Your Pay & Benefits'!$C$12="HoH",7,4))))*INDEX('How This Works & Sources'!$B$19:$J$26,0,IF('Your Pay & Benefits'!$C$12="MFJ",1,IF('Your Pay & Benefits'!$C$12="HoH",7,4))+2)))) | BV8: =IF($B8="","",IF($BZ8<>"",$BZ8,IF($CA8<>"",$CA8,IF($CB8<>"",$CB8,IF($CC8<>"",$CC8,0))))) | BW8: =IF($B8="","",IF($AN8="MD",IF(OR($AU8="Married",$AU8="Head of household"),SUMPRODUCT(($AZ8>INDEX('How This Works & Sources'!$B$114:$J$120,0,1))*($AZ8-INDEX('How This Works & Sources'!$B$114:$J$120,0,1))*INDEX('How This Works & Sources'!$B$114:$J$120,0,1+2)),SUMPRODUCT(($AZ8>INDEX('How This Works & Sources'!$B$103:$J$109,0,7))*($AZ8-INDEX('How This Works & Sources'!$B$103:$J$109,0,7))*INDEX('How This Works & Sources'!$B$103:$J$109,0,7+2))),IF($AN8="MO",SUMPRODUCT(($AZ8>INDEX('How This Works & Sources'!$B$125:$J$132,0,1))*($AZ8-INDEX('How This Works & Sources'!$B$125:$J$132,0,1))*INDEX('How This Works & Sources'!$B$125:$J$132,0,1+2)),IF($AN8="MT",IF($AU8="Head of household",SUMPRODUCT(($AZ8>INDEX('How This Works & Sources'!$B$137:$J$139,0,1))*($AZ8-INDEX('How This Works & Sources'!$B$137:$J$139,0,1))*INDEX('How This Works & Sources'!$B$137:$J$139,0,1+2)),IF($AU8="Married",SUMPRODUCT(($AZ8>INDEX('How This Works & Sources'!$B$125:$J$132,0,7))*($AZ8-INDEX('How This Works & Sources'!$B$125:$J$132,0,7))*INDEX('How This Works & Sources'!$B$125:$J$132,0,7+2)),SUMPRODUCT(($AZ8>INDEX('How This Works & Sources'!$B$125:$J$132,0,4))*($AZ8-INDEX('How This Works & Sources'!$B$125:$J$132,0,4))*INDEX('How This Works & Sources'!$B$125:$J$132,0,4+2)))),IF($AN8="ND",IF($AU8="Head of household",SUMPRODUCT(($AZ8>INDEX('How This Works & Sources'!$B$144:$J$150,0,1))*($AZ8-INDEX('How This Works & Sources'!$B$144:$J$150,0,1))*INDEX('How This Works & Sources'!$B$144:$J$150,0,1+2)),IF($AU8="Married",SUMPRODUCT(($AZ8>INDEX('How This Works & Sources'!$B$137:$J$139,0,7))*($AZ8-INDEX('How This Works & Sources'!$B$137:$J$139,0,7))*INDEX('How This Works & Sources'!$B$137:$J$139,0,7+2)),SUMPRODUCT(($AZ8>INDEX('How This Works & Sources'!$B$137:$J$139,0,4))*($AZ8-INDEX('How This Works & Sources'!$B$137:$J$139,0,4))*INDEX('How This Works & Sources'!$B$137:$J$139,0,4+2)))),IF($AN8="NJ",IF('Your Pay & Benefits'!$C$77="B",SUMPRODUCT(($AZ8>INDEX('How This Works & Sources'!$B$155:$J$162,0,4))*($AZ8-INDEX('How This Works & Sources'!$B$155:$J$162,0,4))*INDEX('How This Works & Sources'!$B$155:$J$162,0,4+2)),IF('Your Pay & Benefits'!$C$77="C",SUMPRODUCT(($AZ8>INDEX('How This Works & Sources'!$B$155:$J$162,0,7))*($AZ8-INDEX('How This Works & Sources'!$B$155:$J$162,0,7))*INDEX('How This Works & Sources'!$B$155:$J$162,0,7+2)),IF('Your Pay & Benefits'!$C$77="D",SUMPRODUCT(($AZ8>INDEX('How This Works & Sources'!$B$167:$J$179,0,1))*($AZ8-INDEX('How This Works & Sources'!$B$167:$J$179,0,1))*INDEX('How This Works & Sources'!$B$167:$J$179,0,1+2)),IF('Your Pay & Benefits'!$C$77="E",SUMPRODUCT(($AZ8>INDEX('How This Works & Sources'!$B$167:$J$179,0,4))*($AZ8-INDEX('How This Works & Sources'!$B$167:$J$179,0,4))*INDEX('How This Works & Sources'!$B$167:$J$179,0,4+2)),SUMPRODUCT(($AZ8>INDEX('How This Works & Sources'!$B$155:$J$162,0,1))*($AZ8-INDEX('How This Works & Sources'!$B$155:$J$162,0,1))*INDEX('How This Works & Sources'!$B$155:$J$162,0,1+2)))))),IF($AN8="NY",IF($AU8="Married",IF($AZ8>=2155350,$AZ8*IF($AZ8>25000000,0.117,IF($AZ8>5000000,0.111,0.1045)),SUMPRODUCT(($AZ8>INDEX('How This Works & Sources'!$B$184:$J$198,0,1))*($AZ8-INDEX('How This Works & Sources'!$B$184:$J$198,0,1))*INDEX('How This Works & Sources'!$B$184:$J$198,0,1+2))),IF($AZ8>=1077550,$AZ8*IF($AZ8>25000000,0.117,IF($AZ8>5000000,0.111,0.1045)),SUMPRODUCT(($AZ8>INDEX('How This Works & Sources'!$B$167:$J$179,0,7))*($AZ8-INDEX('How This Works & Sources'!$B$167:$J$179,0,7))*INDEX('How This Works & Sources'!$B$167:$J$179,0,7+2)))),""))))))) | BX8: =IF($B8="","",IF($AN8="AL",IF(OR($AU8="Married",$AU8="Head of household"),SUMPRODUCT(($AZ8>INDEX('How This Works & Sources'!$B$82:$J$86,0,4))*($AZ8-INDEX('How This Works & Sources'!$B$82:$J$86,0,4))*INDEX('How This Works & Sources'!$B$82:$J$86,0,4+2)),SUMPRODUCT(($AZ8>INDEX('How This Works & Sources'!$B$82:$J$86,0,1))*($AZ8-INDEX('How This Works & Sources'!$B$82:$J$86,0,1))*INDEX('How This Works & Sources'!$B$82:$J$86,0,1+2))),IF($AN8="KS",IF($AU8="Married",SUMPRODUCT(($AZ8>INDEX('How This Works & Sources'!$B$103:$J$109,0,4))*($AZ8-INDEX('How This Works & Sources'!$B$103:$J$109,0,4))*INDEX('How This Works & Sources'!$B$103:$J$109,0,4+2)),SUMPRODUCT(($AZ8>INDEX('How This Works & Sources'!$B$103:$J$109,0,1))*($AZ8-INDEX('How This Works & Sources'!$B$103:$J$109,0,1))*INDEX('How This Works & Sources'!$B$103:$J$109,0,1+2))),IF($AN8="MN",IF($AU8="Married",SUMPRODUCT(($AZ8>INDEX('How This Works & Sources'!$B$114:$J$120,0,7))*($AZ8-INDEX('How This Works & Sources'!$B$114:$J$120,0,7))*INDEX('How This Works & Sources'!$B$114:$J$120,0,7+2)),SUMPRODUCT(($AZ8>INDEX('How This Works & Sources'!$B$114:$J$120,0,4))*($AZ8-INDEX('How This Works & Sources'!$B$114:$J$120,0,4))*INDEX('How This Works & Sources'!$B$114:$J$120,0,4+2))),IF($AN8="NE",MAX(IF($AU8="Married",SUMPRODUCT(($AZ8>INDEX('How This Works & Sources'!$B$144:$J$150,0,7))*($AZ8-INDEX('How This Works & Sources'!$B$144:$J$150,0,7))*INDEX('How This Works & Sources'!$B$144:$J$150,0,7+2)),SUMPRODUCT(($AZ8>INDEX('How This Works & Sources'!$B$144:$J$150,0,4))*($AZ8-INDEX('How This Works & Sources'!$B$144:$J$150,0,4))*INDEX('How This Works & Sources'!$B$144:$J$150,0,4+2))),0.015*$AZ8),IF($AN8="OH",IF($B8>=DATE(2026,8,1),SUMPRODUCT(($AZ8>INDEX('How This Works & Sources'!$B$203:$J$206,0,1))*($AZ8-INDEX('How This Works & Sources'!$B$203:$J$206,0,1))*INDEX('How This Works & Sources'!$B$203:$J$206,0,1+2)),SUMPRODUCT(($AZ8>INDEX('How This Works & Sources'!$B$184:$J$198,0,7))*($AZ8-INDEX('How This Works & Sources'!$B$184:$J$198,0,7))*INDEX('How This Works & Sources'!$B$184:$J$198,0,7+2))),IF($AN8="OK",IF($AU8="Married",SUMPRODUCT(($AZ8>INDEX('How This Works & Sources'!$B$203:$J$206,0,7))*($AZ8-INDEX('How This Works & Sources'!$B$203:$J$206,0,7))*INDEX('How This Works & Sources'!$B$203:$J$206,0,7+2)),SUMPRODUCT(($AZ8>INDEX('How This Works & Sources'!$B$203:$J$206,0,4))*($AZ8-INDEX('How This Works & Sources'!$B$203:$J$206,0,4))*INDEX('How This Works & Sources'!$B$203:$J$206,0,4+2))),IF($AN8="RI",SUMPRODUCT(($AZ8>INDEX('How This Works & Sources'!$B$211:$J$214,0,7))*($AZ8-INDEX('How This Works & Sources'!$B$211:$J$214,0,7))*INDEX('How This Works & Sources'!$B$211:$J$214,0,7+2)),IF($AN8="VT",IF($AU8="Married",SUMPRODUCT(($AZ8>INDEX('How This Works & Sources'!$B$228:$J$232,0,1))*($AZ8-INDEX('How This Works & Sources'!$B$228:$J$232,0,1))*INDEX('How This Works & Sources'!$B$228:$J$232,0,1+2)),SUMPRODUCT(($AZ8>INDEX('How This Works & Sources'!$B$219:$J$223,0,7))*($AZ8-INDEX('How This Works & Sources'!$B$219:$J$223,0,7))*INDEX('How This Works & Sources'!$B$219:$J$223,0,7+2))),IF($AN8="WV",IF($AU8="Married",SUMPRODUCT(($AZ8>INDEX('How This Works & Sources'!$B$237:$J$241,0,7))*($AZ8-INDEX('How This Works & Sources'!$B$237:$J$241,0,7))*INDEX('How This Works & Sources'!$B$237:$J$241,0,7+2)),SUMPRODUCT(($AZ8>INDEX('How This Works & Sources'!$B$228:$J$232,0,7))*($AZ8-INDEX('How This Works & Sources'!$B$228:$J$232,0,7))*INDEX('How This Works & Sources'!$B$228:$J$232,0,7+2))),"")))))))))) | BY8: =IF($B8="","",IF($AN8="AR",SUMPRODUCT(($AZ8>INDEX('How This Works & Sources'!$B$82:$J$86,0,7))*($AZ8-INDEX('How This Works & Sources'!$B$82:$J$86,0,7))*INDEX('How This Works & Sources'!$B$82:$J$86,0,7+2)),IF($AN8="DE",SUMPRODUCT(($AZ8>INDEX('How This Works & Sources'!$B$91:$J$98,0,1))*($AZ8-INDEX('How This Works & Sources'!$B$91:$J$98,0,1))*INDEX('How This Works & Sources'!$B$91:$J$98,0,1+2)),IF($AN8="HI",IF($AU8="Married",SUMPRODUCT(($AZ8>INDEX('How This Works & Sources'!$B$91:$J$98,0,7))*($AZ8-INDEX('How This Works & Sources'!$B$91:$J$98,0,7))*INDEX('How This Works & Sources'!$B$91:$J$98,0,7+2)),SUMPRODUCT(($AZ8>INDEX('How This Works & Sources'!$B$91:$J$98,0,4))*($AZ8-INDEX('How This Works & Sources'!$B$91:$J$98,0,4))*INDEX('How This Works & Sources'!$B$91:$J$98,0,4+2))),IF($AN8="SC",SUMPRODUCT(($AZ8>INDEX('How This Works & Sources'!$B$219:$J$223,0,1))*($AZ8-INDEX('How This Works & Sources'!$B$219:$J$223,0,1))*INDEX('How This Works & Sources'!$B$219:$J$223,0,1+2)),IF($AN8="VA",SUMPRODUCT(($AZ8>INDEX('How This Works & Sources'!$B$219:$J$223,0,4))*($AZ8-INDEX('How This Works & Sources'!$B$219:$J$223,0,4))*INDEX('How This Works & Sources'!$B$219:$J$223,0,4+2)),IF($AN8="WI",SUMPRODUCT(($AZ8>INDEX('How This Works & Sources'!$B$228:$J$232,0,4))*($AZ8-INDEX('How This Works & Sources'!$B$228:$J$232,0,4))*INDEX('How This Works & Sources'!$B$228:$J$232,0,4+2)),""))))))) | BZ8: =IF($B8="","",IF($AN8="NJ",IF('Your Pay & Benefits'!$C$77="B",SUMPRODUCT(($AZ8>=INDEX('How This Works & Sources'!$B$155:$J$162,0,4))*INDEX('How This Works & Sources'!$B$155:$J$162,0,4+2)),IF('Your Pay & Benefits'!$C$77="C",SUMPRODUCT(($AZ8>=INDEX('How This Works & Sources'!$B$155:$J$162,0,7))*INDEX('How This Works & Sources'!$B$155:$J$162,0,7+2)),IF('Your Pay & Benefits'!$C$77="D",SUMPRODUCT(($AZ8>=INDEX('How This Works & Sources'!$B$167:$J$179,0,1))*INDEX('How This Works & Sources'!$B$167:$J$179,0,1+2)),IF('Your Pay & Benefits'!$C$77="E",SUMPRODUCT(($AZ8>=INDEX('How This Works & Sources'!$B$167:$J$179,0,4))*INDEX('How This Works & Sources'!$B$167:$J$179,0,4+2)),SUMPRODUCT(($AZ8>=INDEX('How This Works & Sources'!$B$155:$J$162,0,1))*INDEX('How This Works & Sources'!$B$155:$J$162,0,1+2)))))),IF($AN8="OR",IF(OR($AU8="Married",AND($AU8="Single",$AS8>=3)),SUMPRODUCT((MAX(0,$AY8-MIN(($P8-'How This Works & Sources'!$C$10*$D8)*'Your Pay & Benefits'!$C$8,IF(OR($AU8="Married",AND($AU8="Single",$AS8>=3)),IF($AY8<250000,8750,IF($AY8<260000,7000,IF($AY8<270000,5250,IF($AY8<280000,3500,IF($AY8<290000,1750,0))))),IF($AY8<125000,8750,IF($AY8<130000,7000,IF($AY8<135000,5250,IF($AY8<140000,3500,IF($AY8<145000,1750,0)))))))-IF(OR($AU8="Married",AND($AU8="Single",$AS8>=3)),5820,2910))>=INDEX('How This Works & Sources'!$B$211:$J$214,0,4))*INDEX('How This Works & Sources'!$B$211:$J$214,0,4+2)),SUMPRODUCT((MAX(0,$AY8-MIN(($P8-'How This Works & Sources'!$C$10*$D8)*'Your Pay & Benefits'!$C$8,IF(OR($AU8="Married",AND($AU8="Single",$AS8>=3)),IF($AY8<250000,8750,IF($AY8<260000,7000,IF($AY8<270000,5250,IF($AY8<280000,3500,IF($AY8<290000,1750,0))))),IF($AY8<125000,8750,IF($AY8<130000,7000,IF($AY8<135000,5250,IF($AY8<140000,3500,IF($AY8<145000,1750,0)))))))-IF(OR($AU8="Married",AND($AU8="Single",$AS8>=3)),5820,2910))>=INDEX('How This Works & Sources'!$B$211:$J$214,0,1))*INDEX('How This Works & Sources'!$B$211:$J$214,0,1+2)))*IF(($P8-'How This Works & Sources'!$C$10*$D8)*'Your Pay & Benefits'!$C$8>=IF(OR($AU8="Married",AND($AU8="Single",$AS8>=3)),IF($AY8<250000,8750,IF($AY8<260000,7000,IF($AY8<270000,5250,IF($AY8<280000,3500,IF($AY8<290000,1750,0))))),IF($AY8<125000,8750,IF($AY8<130000,7000,IF($AY8<135000,5250,IF($AY8<140000,3500,IF($AY8<145000,1750,0)))))),1,1-IF('Your Pay & Benefits'!$C$13,SUMPRODUCT(($AH8>=INDEX('How This Works & Sources'!$B$29:$J$36,0,IF('Your Pay & Benefits'!$C$12="MFJ",1,IF('Your Pay & Benefits'!$C$12="HoH",7,4))))*INDEX('How This Works & Sources'!$B$29:$J$36,0,IF('Your Pay & Benefits'!$C$12="MFJ",1,IF('Your Pay & Benefits'!$C$12="HoH",7,4))+2)),SUMPRODUCT(($AH8>=INDEX('How This Works & Sources'!$B$19:$J$26,0,IF('Your Pay & Benefits'!$C$12="MFJ",1,IF('Your Pay & Benefits'!$C$12="HoH",7,4))))*INDEX('How This Works & Sources'!$B$19:$J$26,0,IF('Your Pay & Benefits'!$C$12="MFJ",1,IF('Your Pay & Benefits'!$C$12="HoH",7,4))+2)))),IF($AN8="MI",IF($AY8>5900*$AS8,0.0425,0),"")))) | CA8: =IF($B8="","",IF($AN8="AL",IF(OR($AU8="Married",$AU8="Head of household"),SUMPRODUCT(($AZ8>=INDEX('How This Works & Sources'!$B$82:$J$86,0,4))*INDEX('How This Works & Sources'!$B$82:$J$86,0,4+2)),SUMPRODUCT(($AZ8>=INDEX('How This Works & Sources'!$B$82:$J$86,0,1))*INDEX('How This Works & Sources'!$B$82:$J$86,0,1+2)))*(1-IF('Your Pay & Benefits'!$C$13,SUMPRODUCT(($AH8>=INDEX('How This Works & Sources'!$B$29:$J$36,0,IF('Your Pay & Benefits'!$C$12="MFJ",1,IF('Your Pay & Benefits'!$C$12="HoH",7,4))))*INDEX('How This Works & Sources'!$B$29:$J$36,0,IF('Your Pay & Benefits'!$C$12="MFJ",1,IF('Your Pay & Benefits'!$C$12="HoH",7,4))+2)),SUMPRODUCT(($AH8>=INDEX('How This Works & Sources'!$B$19:$J$26,0,IF('Your Pay & Benefits'!$C$12="MFJ",1,IF('Your Pay & Benefits'!$C$12="HoH",7,4))))*INDEX('How This Works & Sources'!$B$19:$J$26,0,IF('Your Pay & Benefits'!$C$12="MFJ",1,IF('Your Pay & Benefits'!$C$12="HoH",7,4))+2)))),IF($AN8="KS",IF($AU8="Married",SUMPRODUCT(($AZ8>=INDEX('How This Works & Sources'!$B$103:$J$109,0,4))*INDEX('How This Works & Sources'!$B$103:$J$109,0,4+2)),SUMPRODUCT(($AZ8>=INDEX('How This Works & Sources'!$B$103:$J$109,0,1))*INDEX('How This Works & Sources'!$B$103:$J$109,0,1+2))),IF($AN8="MD",IF(OR($AU8="Married",$AU8="Head of household"),SUMPRODUCT(($AZ8>=INDEX('How This Works & Sources'!$B$114:$J$120,0,1))*INDEX('How This Works & Sources'!$B$114:$J$120,0,1+2)),SUMPRODUCT(($AZ8>=INDEX('How This Works & Sources'!$B$103:$J$109,0,7))*INDEX('How This Works & Sources'!$B$103:$J$109,0,7+2)))+'Your Pay & Benefits'!$C$74,IF($AN8="MT",IF($AU8="Head of household",SUMPRODUCT(($AZ8>=INDEX('How This Works & Sources'!$B$137:$J$139,0,1))*INDEX('How This Works & Sources'!$B$137:$J$139,0,1+2)),IF($AU8="Married",SUMPRODUCT(($AZ8>=INDEX('How This Works & Sources'!$B$125:$J$132,0,7))*INDEX('How This Works & Sources'!$B$125:$J$132,0,7+2)),SUMPRODUCT(($AZ8>=INDEX('How This Works & Sources'!$B$125:$J$132,0,4))*INDEX('How This Works & Sources'!$B$125:$J$132,0,4+2)))),IF($AN8="ND",IF($AU8="Head of household",SUMPRODUCT(($AZ8>=INDEX('How This Works & Sources'!$B$144:$J$150,0,1))*INDEX('How This Works & Sources'!$B$144:$J$150,0,1+2)),IF($AU8="Married",SUMPRODUCT(($AZ8>=INDEX('How This Works & Sources'!$B$137:$J$139,0,7))*INDEX('How This Works & Sources'!$B$137:$J$139,0,7+2)),SUMPRODUCT(($AZ8>=INDEX('How This Works & Sources'!$B$137:$J$139,0,4))*INDEX('How This Works & Sources'!$B$137:$J$139,0,4+2)))),IF($AN8="NY",IF($AU8="Married",IF($AZ8>=2155350,IF($AZ8>25000000,0.117,IF($AZ8>5000000,0.111,0.1045)),SUMPRODUCT(($AZ8>=INDEX('How This Works & Sources'!$B$184:$J$198,0,1))*INDEX('How This Works & Sources'!$B$184:$J$198,0,1+2))),IF($AZ8>=1077550,IF($AZ8>25000000,0.117,IF($AZ8>5000000,0.111,0.1045)),SUMPRODUCT(($AZ8>=INDEX('How This Works & Sources'!$B$167:$J$179,0,7))*INDEX('How This Works & Sources'!$B$167:$J$179,0,7+2)))),""))))))) | CB8: =IF($B8="","",IF($AN8="CA",SUMPRODUCT(($AJ8>=INDEX('How This Works & Sources'!$B$39:$J$48,0,IF($AU8="Married",4,IF($AU8="Head of household",7,1))))*INDEX('How This Works & Sources'!$B$39:$J$48,0,IF($AU8="Married",4,IF($AU8="Head of household",7,1))+2)),IF($AN8="HI",IF($AU8="Married",SUMPRODUCT(($AZ8>=INDEX('How This Works & Sources'!$B$91:$J$98,0,7))*INDEX('How This Works & Sources'!$B$91:$J$98,0,7+2)),SUMPRODUCT(($AZ8>=INDEX('How This Works & Sources'!$B$91:$J$98,0,4))*INDEX('How This Works & Sources'!$B$91:$J$98,0,4+2))),IF($AN8="MN",IF($AU8="Married",SUMPRODUCT(($AZ8>=INDEX('How This Works & Sources'!$B$114:$J$120,0,7))*INDEX('How This Works & Sources'!$B$114:$J$120,0,7+2)),SUMPRODUCT(($AZ8>=INDEX('How This Works & Sources'!$B$114:$J$120,0,4))*INDEX('How This Works & Sources'!$B$114:$J$120,0,4+2))),IF($AN8="MO",SUMPRODUCT(($AZ8>=INDEX('How This Works & Sources'!$B$125:$J$132,0,1))*INDEX('How This Works & Sources'!$B$125:$J$132,0,1+2)),IF($AN8="NE",MAX(IF($AU8="Married",SUMPRODUCT(($AZ8>=INDEX('How This Works & Sources'!$B$144:$J$150,0,7))*INDEX('How This Works & Sources'!$B$144:$J$150,0,7+2)),SUMPRODUCT(($AZ8>=INDEX('How This Works & Sources'!$B$144:$J$150,0,4))*INDEX('How This Works & Sources'!$B$144:$J$150,0,4+2))),0.015),IF($AN8="OH",IF($B8>=DATE(2026,8,1),SUMPRODUCT(($AZ8>=INDEX('How This Works & Sources'!$B$203:$J$206,0,1))*INDEX('How This Works & Sources'!$B$203:$J$206,0,1+2)),SUMPRODUCT(($AZ8>=INDEX('How This Works & Sources'!$B$184:$J$198,0,7))*INDEX('How This Works & Sources'!$B$184:$J$198,0,7+2))),IF($AN8="OK",IF($AU8="Married",SUMPRODUCT(($AZ8>=INDEX('How This Works & Sources'!$B$203:$J$206,0,7))*INDEX('How This Works & Sources'!$B$203:$J$206,0,7+2)),SUMPRODUCT(($AZ8>=INDEX('How This Works & Sources'!$B$203:$J$206,0,4))*INDEX('How This Works & Sources'!$B$203:$J$206,0,4+2))),IF($AN8="RI",SUMPRODUCT(($AZ8>=INDEX('How This Works & Sources'!$B$211:$J$214,0,7))*INDEX('How This Works & Sources'!$B$211:$J$214,0,7+2)),IF($AN8="SC",SUMPRODUCT(($AZ8>=INDEX('How This Works & Sources'!$B$219:$J$223,0,1))*INDEX('How This Works & Sources'!$B$219:$J$223,0,1+2)),IF($AN8="VT",IF($AU8="Married",SUMPRODUCT(($AZ8>=INDEX('How This Works & Sources'!$B$228:$J$232,0,1))*INDEX('How This Works & Sources'!$B$228:$J$232,0,1+2)),SUMPRODUCT(($AZ8>=INDEX('How This Works & Sources'!$B$219:$J$223,0,7))*INDEX('How This Works & Sources'!$B$219:$J$223,0,7+2))),IF($AN8="WV",IF($AU8="Married",SUMPRODUCT(($AZ8>=INDEX('How This Works & Sources'!$B$237:$J$241,0,7))*INDEX('How This Works & Sources'!$B$237:$J$241,0,7+2)),SUMPRODUCT(($AZ8>=INDEX('How This Works & Sources'!$B$228:$J$232,0,7))*INDEX('How This Works & Sources'!$B$228:$J$232,0,7+2))),IF($AN8="IN",(0.0295+'Your Pay & Benefits'!$C$76),""))))))))))))) | CC8: =IF($B8="","",IF($AN8="AR",SUMPRODUCT(($AZ8>=INDEX('How This Works & Sources'!$B$82:$J$86,0,7))*INDEX('How This Works & Sources'!$B$82:$J$86,0,7+2)),IF($AN8="DE",SUMPRODUCT(($AZ8>=INDEX('How This Works & Sources'!$B$91:$J$98,0,1))*INDEX('How This Works & Sources'!$B$91:$J$98,0,1+2)),IF($AN8="VA",SUMPRODUCT(($AZ8>=INDEX('How This Works & Sources'!$B$219:$J$223,0,4))*INDEX('How This Works & Sources'!$B$219:$J$223,0,4+2)),IF($AN8="WI",SUMPRODUCT(($AZ8>=INDEX('How This Works & Sources'!$B$228:$J$232,0,4))*INDEX('How This Works & Sources'!$B$228:$J$232,0,4+2)),IF($AN8="AZ",'Your Pay & Benefits'!$C$82,IF($AN8="CO",IF($AY8>IF($AU8="Married",10000,5000),0.044,0),IF($AN8="IA",IF($AY8>IF($AU8="Head of household",19500,IF($AU8="Married",26000,13000)),0.038,0),IF($AN8="ID",IF($AY8>IF($AU8="Married",32000,16094),0.053,0),IF($AN8="IL",IF($AY8>(2925*$AS8+1000*$AT8),0.0495,0),IF($AN8="KY",IF($AI8>3360,0.035,0),IF($AN8="LA",0.0309,IF($AN8="MA",IF(MAX(0,$AY8-MIN(($BD7+$Q8+$R8+$S8),2000)-IF($AS8=0,0,IF($AS8=1,4400,1000*$AS8+3400)))>=1107750,0.09,0.05),IF($AN8="MS",IF($AI8-IF($AU8="Head of household",3400,IF($AU8="Married",4600,2300))-'Your Pay & Benefits'!$C$85>10000,0.04,0),IF($AN8="PA",0.0307,""))))))))))))))) | CD8: =IF(YEAR(IF('Your Pay & Benefits'!$C$7="Weekly",'Your Pay & Benefits'!$C$9+7*(($BE7+1)-1),IF('Your Pay & Benefits'!$C$7="Biweekly",'Your Pay & Benefits'!$C$9+14*(($BE7+1)-1),IF('Your Pay & Benefits'!$C$7="Semimonthly",DATE(YEAR('Your Pay & Benefits'!$C$9),MONTH('Your Pay & Benefits'!$C$9)+INT((($BE7+1)-1)/2),MIN(DAY('Your Pay & Benefits'!$C$9),DAY(EOMONTH(DATE(YEAR('Your Pay & Benefits'!$C$9),MONTH('Your Pay & Benefits'!$C$9)+INT((($BE7+1)-1)/2),1),0))))+IF(MOD(($BE7+1)-1,2)=1,15,0),EDATE('Your Pay & Benefits'!$C$9,($BE7+1)-1)))))<>'Your Pay & Benefits'!$C$10,"",IF('Your Pay & Benefits'!$C$7="Weekly",'Your Pay & Benefits'!$C$9+7*(($BE7+1)-1),IF('Your Pay & Benefits'!$C$7="Biweekly",'Your Pay & Benefits'!$C$9+14*(($BE7+1)-1),IF('Your Pay & Benefits'!$C$7="Semimonthly",DATE(YEAR('Your Pay & Benefits'!$C$9),MONTH('Your Pay & Benefits'!$C$9)+INT((($BE7+1)-1)/2),MIN(DAY('Your Pay & Benefits'!$C$9),DAY(EOMONTH(DATE(YEAR('Your Pay & Benefits'!$C$9),MONTH('Your Pay & Benefits'!$C$9)+INT((($BE7+1)-1)/2),1),0))))+IF(MOD(($BE7+1)-1,2)=1,15,0),EDATE('Your Pay & Benefits'!$C$9,($BE7+1)-1))))) | CE8: =IF(MIN(IF(AND('Your Pay & Benefits'!$C$58>MAX($B$6:$B7),'Your Pay & Benefits'!$C$58>=DATE('Your Pay & Benefits'!$C$10,1,1),'Your Pay & Benefits'!$C$58<=DATE('Your Pay & Benefits'!$C$10,12,31)),'Your Pay & Benefits'!$C$58,999999),IF(AND('Your Pay & Benefits'!$C$59>MAX($B$6:$B7),'Your Pay & Benefits'!$C$59>=DATE('Your Pay & Benefits'!$C$10,1,1),'Your Pay & Benefits'!$C$59<=DATE('Your Pay & Benefits'!$C$10,12,31)),'Your Pay & Benefits'!$C$59,999999),IF(AND('Your Pay & Benefits'!$C$60>MAX($B$6:$B7),'Your Pay & Benefits'!$C$60>=DATE('Your Pay & Benefits'!$C$10,1,1),'Your Pay & Benefits'!$C$60<=DATE('Your Pay & Benefits'!$C$10,12,31)),'Your Pay & Benefits'!$C$60,999999),IF(AND('Your Pay & Benefits'!$C$61>MAX($B$6:$B7),'Your Pay & Benefits'!$C$61>=DATE('Your Pay & Benefits'!$C$10,1,1),'Your Pay & Benefits'!$C$61<=DATE('Your Pay & Benefits'!$C$10,12,31)),'Your Pay & Benefits'!$C$61,999999),IF(AND('Your Pay & Benefits'!$C$62>MAX($B$6:$B7),'Your Pay & Benefits'!$C$62>=DATE('Your Pay & Benefits'!$C$10,1,1),'Your Pay & Benefits'!$C$62<=DATE('Your Pay & Benefits'!$C$10,12,31)),'Your Pay & Benefits'!$C$62,999999),IF(AND('Your Pay & Benefits'!$C$63>MAX($B$6:$B7),'Your Pay & Benefits'!$C$63>=DATE('Your Pay & Benefits'!$C$10,1,1),'Your Pay & Benefits'!$C$63<=DATE('Your Pay & Benefits'!$C$10,12,31)),'Your Pay & Benefits'!$C$63,999999),IF(AND('Your Pay & Benefits'!$C$64>MAX($B$6:$B7),'Your Pay & Benefits'!$C$64>=DATE('Your Pay & Benefits'!$C$10,1,1),'Your Pay & Benefits'!$C$64<=DATE('Your Pay & Benefits'!$C$10,12,31)),'Your Pay & Benefits'!$C$64,999999),IF(AND('Your Pay & Benefits'!$C$65>MAX($B$6:$B7),'Your Pay & Benefits'!$C$65>=DATE('Your Pay & Benefits'!$C$10,1,1),'Your Pay & Benefits'!$C$65<=DATE('Your Pay & Benefits'!$C$10,12,31)),'Your Pay & Benefits'!$C$65,999999),IF(AND('Your Pay & Benefits'!$C$66>MAX($B$6:$B7),'Your Pay & Benefits'!$C$66>=DATE('Your Pay & Benefits'!$C$10,1,1),'Your Pay & Benefits'!$C$66<=DATE('Your Pay & Benefits'!$C$10,12,31)),'Your Pay & Benefits'!$C$66,999999),IF(AND('Your Pay & Benefits'!$C$67>MAX($B$6:$B7),'Your Pay & Benefits'!$C$67>=DATE('Your Pay & Benefits'!$C$10,1,1),'Your Pay & Benefits'!$C$67<=DATE('Your Pay & Benefits'!$C$10,12,31)),'Your Pay & Benefits'!$C$67,999999))=999999,"",MIN(IF(AND('Your Pay & Benefits'!$C$58>MAX($B$6:$B7),'Your Pay & Benefits'!$C$58>=DATE('Your Pay & Benefits'!$C$10,1,1),'Your Pay & Benefits'!$C$58<=DATE('Your Pay & Benefits'!$C$10,12,31)),'Your Pay & Benefits'!$C$58,999999),IF(AND('Your Pay & Benefits'!$C$59>MAX($B$6:$B7),'Your Pay & Benefits'!$C$59>=DATE('Your Pay & Benefits'!$C$10,1,1),'Your Pay & Benefits'!$C$59<=DATE('Your Pay & Benefits'!$C$10,12,31)),'Your Pay & Benefits'!$C$59,999999),IF(AND('Your Pay & Benefits'!$C$60>MAX($B$6:$B7),'Your Pay & Benefits'!$C$60>=DATE('Your Pay & Benefits'!$C$10,1,1),'Your Pay & Benefits'!$C$60<=DATE('Your Pay & Benefits'!$C$10,12,31)),'Your Pay & Benefits'!$C$60,999999),IF(AND('Your Pay & Benefits'!$C$61>MAX($B$6:$B7),'Your Pay & Benefits'!$C$61>=DATE('Your Pay & Benefits'!$C$10,1,1),'Your Pay & Benefits'!$C$61<=DATE('Your Pay & Benefits'!$C$10,12,31)),'Your Pay & Benefits'!$C$61,999999),IF(AND('Your Pay & Benefits'!$C$62>MAX($B$6:$B7),'Your Pay & Benefits'!$C$62>=DATE('Your Pay & Benefits'!$C$10,1,1),'Your Pay & Benefits'!$C$62<=DATE('Your Pay & Benefits'!$C$10,12,31)),'Your Pay & Benefits'!$C$62,999999),IF(AND('Your Pay & Benefits'!$C$63>MAX($B$6:$B7),'Your Pay & Benefits'!$C$63>=DATE('Your Pay & Benefits'!$C$10,1,1),'Your Pay & Benefits'!$C$63<=DATE('Your Pay & Benefits'!$C$10,12,31)),'Your Pay & Benefits'!$C$63,999999),IF(AND('Your Pay & Benefits'!$C$64>MAX($B$6:$B7),'Your Pay & Benefits'!$C$64>=DATE('Your Pay & Benefits'!$C$10,1,1),'Your Pay & Benefits'!$C$64<=DATE('Your Pay & Benefits'!$C$10,12,31)),'Your Pay & Benefits'!$C$64,999999),IF(AND('Your Pay & Benefits'!$C$65>MAX($B$6:$B7),'Your Pay & Benefits'!$C$65>=DATE('Your Pay & Benefits'!$C$10,1,1),'Your Pay & Benefits'!$C$65<=DATE('Your Pay & Benefits'!$C$10,12,31)),'Your Pay & Benefits'!$C$65,999999),IF(AND('Your Pay & Benefits'!$C$66>MAX($B$6:$B7),'Your Pay & Benefits'!$C$66>=DATE('Your Pay & Benefits'!$C$10,1,1),'Your Pay & Benefits'!$C$66<=DATE('Your Pay & Benefits'!$C$10,12,31)),'Your Pay & Benefits'!$C$66,999999),IF(AND('Your Pay & Benefits'!$C$67>MAX($B$6:$B7),'Your Pay & Benefits'!$C$67>=DATE('Your Pay & Benefits'!$C$10,1,1),'Your Pay & Benefits'!$C$67<=DATE('Your Pay & Benefits'!$C$10,12,31)),'Your Pay & Benefits'!$C$67,999999))) | CF8: =IF($B8="","",IF($D8=0,$Y8,""))
